Workbook
Name Amount: #REF!
Name Amount: #REF!
Name Amount: #REF!
Name Amount: #REF!
Name Amount: #REF!
Name Amount: #REF!
Name Amount: #REF!
Name Amount: #REF!
Name Amount: #REF!
Name Amount: #REF!
Name Amount: #REF!
Name Amount: #REF!
Name Amount: #REF!
Name Amount: #REF!
Name Amount: #REF!
Name Difference: #REF!
Name Difference: #REF!
Name Difference: #REF!
Name Difference: #REF!
Name Difference: #REF!
Name Difference: #REF!
Name Difference: #REF!
Name Difference: #REF!
Name Difference: #REF!
Name Difference: #REF!
Name Difference: #REF!
Name Difference: #REF!
Name Difference: #REF!
Name Difference: #REF!
Name Difference: #REF!
Name Federal_Funded_Dedicated_Campus: 'Excluded Campuses '!$H$16

Sheet Reminders
A1: Federal Fiscal Compliance and Reporting Division Comparability Computation Form (CCF) Reminders 2026-2027 School Year
A2: Refer to the Title I, Part A Comparability of Services Guidance Handbook and Instructions for guidance on the requirement and CCF submission via GFFC Reports and Data Collections. Link to webpage:
A4: Title I, Part A - Comparability of Services Requirement
A6: Reminders
A7: ü | B7: Ensure current school year data is being used.
A8: ü | B8: Account for all campuses of the grade-span in a testing tab (a, b, c, etc). If the school system excludes a campus from the grade span, report the campus on the Excluded Campuses tab.
A9: ü | B9: Ensure there are two campuses per grade-span grouping to conduct a comparison.
A10: ü | B10: Ensure the "Significant Difference of Enrollment" criteria has been met (campus with the highest enrollment must have at least twice the enrollment of the campus with the lowest enrollment) to subdivide a grade-span into a High Enrollment and Low Enrollment grade-span groupings. No exceptions.
A11: ü | B11: Verify the column, "Title I, Part A or Skipped Campus?" is reported accurately. Enter Y for Yes or leave the field blank if No.
A13: Excluded Campuses
A14: ü | B14: If the school system excludes a campus from a grade-span, complete the "Excluded Campuses" tab of the CCF.
A16: TEA contacts the school system to resubmit the CCF for the following issues (list is not all inclusive):
A17: ü | B17: Title I, Part A campuses do not show a compliant result for the same one test district-wide (Test 1, 2, or 3).
A18: ü | B18: "Title I, Part A or Skipped Campus?" column not reported accurately.
A19: ü | B19: Significant difference of enrollment criteria not met to subdivide grade-span into high/low enrollment grade-span groups.
A20: ü | B20: Excluded campus not listed on the "Excluded Campuses" tab of CCF.
A21: ü | B21: Only one campus is reported on grade-span testing tab of CCF.
A22: ü | B22: Submission of CCF is a PDF (excel upload required).

Sheet a
B1: Federal Fiscal Compliance and Reporting Division Comparability Computation Form (CCF) 2026-2027 School Year
D2: Reminder: submit this form in the excel format - .pdfs and scans cannot be accepted.
B3: School System Information | L3: Primary Contact Information
B5: School System Name | G5: County-District Number | L5: Name | R5: Phone | U5: Ext
L7: Title | R7: Email
J10: Campuses
J11: Total | L11: =COUNTA($C$23:$C$247) -> 0 | M11: =COUNTA($C$23:$C$247) -> 0 | N11: =COUNTA($C$23:$C$247) -> 0 | P11: =COUNTA($C$23:$C$247) -> 0 | S11: =COUNTA($C$23:$C$247) -> 0 | V11: =COUNTA($C$23:$C$247) -> 0
J12: Title I, Part A | L12: =COUNTIF($E$23:$E$247,"Y") -> 0 | M12: =COUNTIF($E$23:$E$247,"Y") -> 0 | N12: =COUNTIF($E$23:$E$247,"Y") -> 0 | P12: =COUNTIF($E$23:$E$247,"Y") -> 0 | S12: =COUNTIF($E$23:$E$247,"Y") -> 0 | V12: =COUNTIF($E$23:$E$247,"Y") -> 0
F13: Grade Span Group | J13: NonTitle I, Part A | L13: =L11-L12 -> 0 | M13: =M11-M12 -> 0 | N13: =N11-N12 -> 0 | P13: =P11-P12 -> 0 | S13: =S11-S12 -> 0 | V13: =V11-V12 -> 0
A14: COUNTA campus # | C14: Form must contain at least two campuses. Enter current school year budget data. | F14: [Elementary, Middle, or High] | J14: Title I, Part A, Comparable | L14: =COUNTIF(L23:L247,"Yes") -> 0 | M14: =COUNTIF(M23:M247,"Yes") -> 0 | N14: =COUNTIF(N23:N247,"Yes") -> 0 | P14: =COUNTIF($O23:$O247,"Yes") -> 0 | S14: =COUNTIF($R23:$R247,"Yes") -> 0 | V14: =COUNTIF($U23:$U247,"Yes") -> 0
A15: =COUNTA(C$23:C$237) -> 0 | C15: For further information, review the instructions | J15: Title I, Part A, Not Comparable | L15: =COUNTIF(L23:L247,"NC") -> 0 | M15: =COUNTIF(M23:M247,"NC") -> 0 | N15: =COUNTIF(N23:N247,"NC") -> 0 | P15: =COUNTIF($O23:$O247,"NC") -> 0 | S15: =COUNTIF($R23:$R247,"NC") -> 0 | V15: =COUNTIF($U23:$U247,"NC") -> 0
A16: COUNTIF Title1, Part A or Skipped | G16: All tests | H16: Test 1 Input | I16: Test 2 Input | J16: Test 3 Input | O16: 0.9 | P16: Grade Span (GS) Base | Q16: 1.1 | R16: 0.9 | S16: Grade Span (GS) Base | T16: 1.1 | U16: 0.9 | V16: Grade Span (GS) Base | W16: 1.1 | X16: T1 Only | Y16: Title I Only | Z16: Title I Only | AA16: Title I Only
A17: =COUNTIF(E$23:E$237,"Y") -> 0 | O17: =IF($P17="","",($P$17*0.9)) | P17: =IF($G22=0,"",$H$22/$G$22) | Q17: =IF(P17="","",($P$17*1.1)) | R17: =IF($S$17="","",($S$17*0.9)) | S17: =IF($G22=0,"",$I$22/$G$22) | T17: =IF($S$17="","",($S$17*1.1)) | U17: =IF($V17="","",($V$17*0.9)) | V17: =IF($G22=0,"",$G$22/$J$22) | W17: =IF(V17="","",($V$17*1.1)) | AB17: =COUNTIF(AB23:AB247,"Data") -> 0
L18: "A" Section Test Results | O18: "B" Section Test Results
A19: =A12-A14 -> #VALUE! | C19: required | D19: required | E19: required | G19: required | X19: =SUM($X$23:$X$246) -> 0 | Y19: =SUM($Y$23:$Y$246) -> 0 | Z19: =SUM($Z$23:$Z$246) -> 0 | AA19: =SUM($AA$23:$AA$246) -> 0 | AB19: Blank field Calc
B20: # | C20: Campus # | D20: Campus Name | E20: Title I, Part A or Skipped Campus? (enter Y for Yes leave blank for No) | G20: Campus Enrollment | H20: Campus State/Local Expenditures | I20: Campus Base Salaries for Non-Federal Instructional Staff | J20: Campus Non Federal Instructional Staff FTE's | L20: TEST 1 | M20: TEST 2 | N20: TEST 3 | O20: TEST 1 | R20: TEST 2 | U20: TEST 3 | X20: Non Title I GS Enrollment | Y20: Non Title I GS State/Local Expenditures | Z20: Non Title I GS Base Salaries for Non-Federal Instructional Staff | AA20: Non Title I GS Non Federal Instructional Staff FTE's | AB20: =IF(L11>AB17,"Yes","No") -> No
A21: Difference between "Campus count" and "Title 1, Part A or Skipped count" | L21: Exp / Enroll | M21: Base Sal / Enroll | N21: Enroll / FTE's | O21: Comp or NC | P21: Campus State & Local Expenditures per Pupil | Q21: Campus to GS Base | R21: Comp or NC | S21: Campus Base Salary per Pupil | T21: Campus to GS Base | U21: Comp or NC | V21: Campus Pupil per FTEs | W21: Campus to GS Base
A22: =A15-A17 -> 0 | E22: Grade Span Totals | G22: =SUM($G23:$G247) -> 0 | H22: =SUM($H23:$H247) -> 0 | I22: =SUM($I23:$I247) -> 0 | J22: =SUM(J23:J247) -> 0 | L22: =IF( $AB$20="No","",SUM($Y23:$Y246)/SUM($X23:$X246)*0.9) | M22: =IF( $AB$20="No","",SUM($Z23:$Z246)/SUM($X23:$X246)*0.9) | N22: =IF( $AB$20="No","",SUM($X23:$X246)/SUM($AA23:$AA246)*1.1) | P22: =IF( $J$5="","",AVERAGE(P23:P246)) | S22: =IF($J$5="","",AVERAGE(S23:S246)) | V22: =IF($J$5="","",AVERAGE(V23:V246)) | X22: =SUM($X$23:$X$246) -> 0 | Y22: =SUM($Y$23:$Y$246) -> 0 | Z22: =SUM($Z$23:$Z$246) -> 0 | AA22: =SUM($AA$23:$AA$246) -> 0 | AB22: Blank field Calc
B23: 1 | L23: =IF($Y$22=0,"",IF($AB23="Empty","",IF($H23="","",IF($G23="","",IF($H23/$G23>=$L$22,"yes","NC"))))) | M23: =IF($Z$22=0,"",IF($AB23="Empty","",IF($I23="","",IF($I23="","",IF($I23/$G23>=$M$22,"yes","NC"))))) | N23: =IF($AA$22=0,"",IF($AB23="Empty","",IF($J23="","",IF($J23="","",IF($G23/$J23<=$N$22,"yes","NC"))))) | O23: =IF($AB$20="Yes","",IF($AB23="Empty","",IF($P$17="","",IF(OR($P23<$O$17,$P23>$Q$17),"NC","yes")))) | P23: =IF($AB$20="Yes","",IF($AB23="Empty","",$H23/$G23)) | Q23: =IF($AB$20="Yes","",IF($AB23="Empty","",IF(O23="yes",($P23/$P$17),IF(OR($P23<$O$17,$P23>$Q$17),($P23/$P$17))))) | R23: =IF($AB$20="Yes","",IF($AB23="Empty","",IF($S$17="","",IF(OR($S23<$R$17,$S23>$T$17),"NC","yes")))) | S23: =IF($AB$20="Yes","",IF($AB23="Empty","",$I23/$G23)) | T23: =IF($AB$20="Yes","",IF($AB23="Empty","",IF(R23="yes",($S23/$S$17),IF(OR($S23>$R$17,$S23<$T$17),($S23/$S$17))))) | U23: =IF($AB$20="Yes","",IF($AB23="Empty","",IF($V$17="","",IF(OR($V23<$U$17,V23>$W$17),"NC","yes")))) | V23: =IF($AB$20="Yes","",IF($AB23="Empty","",$G23/$J23)) | W23: =IF($AB$20="Yes","",IF($AB23="Empty","",IF(U23="yes",(V23/V$17),IF(OR(V23<$U$17,V23>W$17),(V23/V$17))))) | X23: =IF($AC23="empty","",IF($AB23="Empty",$G23,"")) | Y23: =IF($AC23="empty","",IF($AB23="Empty",$H23,"")) | Z23: =IF($AC23="empty","",IF($AB23="Empty",$I23,"")) | AA23: =IF($AC23="empty","",IF($AB23="Empty",$J23,"")) | AB23: =IF(E23<>"y","Empty","Data") -> Empty | AC23: =IF(D23="","empty","data") -> empty | AG23: Elem. Grade Span Group
B24: 2 | L24: =IF($Y$22=0,"",IF($AB24="Empty","",IF($H24="","",IF($G24="","",IF($H24/$G24>=$L$22,"yes","NC"))))) | M24: =IF($Z$22=0,"",IF($AB24="Empty","",IF($I24="","",IF($I24="","",IF($I24/$G24>=$M$22,"yes","NC"))))) | N24: =IF($AA$22=0,"",IF($AB24="Empty","",IF($J24="","",IF($J24="","",IF($G24/$J24<=$N$22,"yes","NC"))))) | O24: =IF($AB$20="Yes","",IF($AB24="Empty","",IF($P$17="","",IF(OR($P24<$O$17,$P24>$Q$17),"NC","yes")))) | P24: =IF($AB$20="Yes","",IF($AB24="Empty","",$H24/$G24)) | Q24: =IF($AB$20="Yes","",IF($AB24="Empty","",IF(O24="yes",($P24/$P$17),IF(OR($P24<$O$17,$P24>$Q$17),($P24/$P$17))))) | R24: =IF($AB$20="Yes","",IF($AB24="Empty","",IF($S$17="","",IF(OR($S24<$R$17,$S24>$T$17),"NC","yes")))) | S24: =IF($AB$20="Yes","",IF($AB24="Empty","",$I24/$G24)) | T24: =IF($AB$20="Yes","",IF($AB24="Empty","",IF(R24="yes",($S24/$S$17),IF(OR($S24>$R$17,$S24<$T$17),($S24/$S$17))))) | U24: =IF($AB$20="Yes","",IF($AB24="Empty","",IF($V$17="","",IF(OR($V24<$U$17,V24>$W$17),"NC","yes")))) | V24: =IF($AB$20="Yes","",IF($AB24="Empty","",$G24/$J24)) | W24: =IF($AB$20="Yes","",IF($AB24="Empty","",IF(U24="yes",(V24/V$17),IF(OR(V24<$U$17,V24>W$17),(V24/V$17))))) | X24: =IF($AC24="empty","",IF($AB24="Empty",$G24,"")) | Y24: =IF($AC24="empty","",IF($AB24="Empty",$H24,"")) | Z24: =IF($AC24="empty","",IF($AB24="Empty",$I24,"")) | AA24: =IF($AC24="empty","",IF($AB24="Empty",$J24,"")) | AB24: =IF(E24<>"y","Empty","Data") -> Empty | AC24: =IF(D24="","empty","data") -> empty | AG24: Middle Grade Span Group
B25: 3 | L25: =IF($Y$22=0,"",IF($AB25="Empty","",IF($H25="","",IF($G25="","",IF($H25/$G25>=$L$22,"yes","NC"))))) | M25: =IF($Z$22=0,"",IF($AB25="Empty","",IF($I25="","",IF($I25="","",IF($I25/$G25>=$M$22,"yes","NC"))))) | N25: =IF($AA$22=0,"",IF($AB25="Empty","",IF($J25="","",IF($J25="","",IF($G25/$J25<=$N$22,"yes","NC"))))) | O25: =IF($AB$20="Yes","",IF($AB25="Empty","",IF($P$17="","",IF(OR($P25<$O$17,$P25>$Q$17),"NC","yes")))) | P25: =IF($AB$20="Yes","",IF($AB25="Empty","",$H25/$G25)) | Q25: =IF($AB$20="Yes","",IF($AB25="Empty","",IF(O25="yes",($P25/$P$17),IF(OR($P25<$O$17,$P25>$Q$17),($P25/$P$17))))) | R25: =IF($AB$20="Yes","",IF($AB25="Empty","",IF($S$17="","",IF(OR($S25<$R$17,$S25>$T$17),"NC","yes")))) | S25: =IF($AB$20="Yes","",IF($AB25="Empty","",$I25/$G25)) | T25: =IF($AB$20="Yes","",IF($AB25="Empty","",IF(R25="yes",($S25/$S$17),IF(OR($S25>$R$17,$S25<$T$17),($S25/$S$17))))) | U25: =IF($AB$20="Yes","",IF($AB25="Empty","",IF($V$17="","",IF(OR($V25<$U$17,V25>$W$17),"NC","yes")))) | V25: =IF($AB$20="Yes","",IF($AB25="Empty","",$G25/$J25)) | W25: =IF($AB$20="Yes","",IF($AB25="Empty","",IF(U25="yes",(V25/V$17),IF(OR(V25<$U$17,V25>W$17),(V25/V$17))))) | X25: =IF($AC25="empty","",IF($AB25="Empty",$G25,"")) | Y25: =IF($AC25="empty","",IF($AB25="Empty",$H25,"")) | Z25: =IF($AC25="empty","",IF($AB25="Empty",$I25,"")) | AA25: =IF($AC25="empty","",IF($AB25="Empty",$J25,"")) | AB25: =IF(E25<>"y","Empty","Data") -> Empty | AC25: =IF(D25="","empty","data") -> empty | AG25: High Grade Span Group
B26: 4 | L26: =IF($Y$22=0,"",IF($AB26="Empty","",IF($H26="","",IF($G26="","",IF($H26/$G26>=$L$22,"yes","NC"))))) | M26: =IF($Z$22=0,"",IF($AB26="Empty","",IF($I26="","",IF($I26="","",IF($I26/$G26>=$M$22,"yes","NC"))))) | N26: =IF($AA$22=0,"",IF($AB26="Empty","",IF($J26="","",IF($J26="","",IF($G26/$J26<=$N$22,"yes","NC"))))) | O26: =IF($AB$20="Yes","",IF($AB26="Empty","",IF($P$17="","",IF(OR($P26<$O$17,$P26>$Q$17),"NC","yes")))) | P26: =IF($AB$20="Yes","",IF($AB26="Empty","",$H26/$G26)) | Q26: =IF($AB$20="Yes","",IF($AB26="Empty","",IF(O26="yes",($P26/$P$17),IF(OR($P26<$O$17,$P26>$Q$17),($P26/$P$17))))) | R26: =IF($AB$20="Yes","",IF($AB26="Empty","",IF($S$17="","",IF(OR($S26<$R$17,$S26>$T$17),"NC","yes")))) | S26: =IF($AB$20="Yes","",IF($AB26="Empty","",$I26/$G26)) | T26: =IF($AB$20="Yes","",IF($AB26="Empty","",IF(R26="yes",($S26/$S$17),IF(OR($S26>$R$17,$S26<$T$17),($S26/$S$17))))) | U26: =IF($AB$20="Yes","",IF($AB26="Empty","",IF($V$17="","",IF(OR($V26<$U$17,V26>$W$17),"NC","yes")))) | V26: =IF($AB$20="Yes","",IF($AB26="Empty","",$G26/$J26)) | W26: =IF($AB$20="Yes","",IF($AB26="Empty","",IF(U26="yes",(V26/V$17),IF(OR(V26<$U$17,V26>W$17),(V26/V$17))))) | X26: =IF($AC26="empty","",IF($AB26="Empty",$G26,"")) | Y26: =IF($AC26="empty","",IF($AB26="Empty",$H26,"")) | Z26: =IF($AC26="empty","",IF($AB26="Empty",$I26,"")) | AA26: =IF($AC26="empty","",IF($AB26="Empty",$J26,"")) | AB26: =IF(E26<>"y","Empty","Data") -> Empty | AC26: =IF(D26="","empty","data") -> empty | AG26: Elem. Grade Span Group/Low
B27: 5 | L27: =IF($Y$22=0,"",IF($AB27="Empty","",IF($H27="","",IF($G27="","",IF($H27/$G27>=$L$22,"yes","NC"))))) | M27: =IF($Z$22=0,"",IF($AB27="Empty","",IF($I27="","",IF($I27="","",IF($I27/$G27>=$M$22,"yes","NC"))))) | N27: =IF($AA$22=0,"",IF($AB27="Empty","",IF($J27="","",IF($J27="","",IF($G27/$J27<=$N$22,"yes","NC"))))) | O27: =IF($AB$20="Yes","",IF($AB27="Empty","",IF($P$17="","",IF(OR($P27<$O$17,$P27>$Q$17),"NC","yes")))) | P27: =IF($AB$20="Yes","",IF($AB27="Empty","",$H27/$G27)) | Q27: =IF($AB$20="Yes","",IF($AB27="Empty","",IF(O27="yes",($P27/$P$17),IF(OR($P27<$O$17,$P27>$Q$17),($P27/$P$17))))) | R27: =IF($AB$20="Yes","",IF($AB27="Empty","",IF($S$17="","",IF(OR($S27<$R$17,$S27>$T$17),"NC","yes")))) | S27: =IF($AB$20="Yes","",IF($AB27="Empty","",$I27/$G27)) | T27: =IF($AB$20="Yes","",IF($AB27="Empty","",IF(R27="yes",($S27/$S$17),IF(OR($S27>$R$17,$S27<$T$17),($S27/$S$17))))) | U27: =IF($AB$20="Yes","",IF($AB27="Empty","",IF($V$17="","",IF(OR($V27<$U$17,V27>$W$17),"NC","yes")))) | V27: =IF($AB$20="Yes","",IF($AB27="Empty","",$G27/$J27)) | W27: =IF($AB$20="Yes","",IF($AB27="Empty","",IF(U27="yes",(V27/V$17),IF(OR(V27<$U$17,V27>W$17),(V27/V$17))))) | X27: =IF($AC27="empty","",IF($AB27="Empty",$G27,"")) | Y27: =IF($AC27="empty","",IF($AB27="Empty",$H27,"")) | Z27: =IF($AC27="empty","",IF($AB27="Empty",$I27,"")) | AA27: =IF($AC27="empty","",IF($AB27="Empty",$J27,"")) | AB27: =IF(E27<>"y","Empty","Data") -> Empty | AC27: =IF(D27="","empty","data") -> empty | AG27: Elem. Grade Span Group/High
B28: 6 | L28: =IF($Y$22=0,"",IF($AB28="Empty","",IF($H28="","",IF($G28="","",IF($H28/$G28>=$L$22,"yes","NC"))))) | M28: =IF($Z$22=0,"",IF($AB28="Empty","",IF($I28="","",IF($I28="","",IF($I28/$G28>=$M$22,"yes","NC"))))) | N28: =IF($AA$22=0,"",IF($AB28="Empty","",IF($J28="","",IF($J28="","",IF($G28/$J28<=$N$22,"yes","NC"))))) | O28: =IF($AB$20="Yes","",IF($AB28="Empty","",IF($P$17="","",IF(OR($P28<$O$17,$P28>$Q$17),"NC","yes")))) | P28: =IF($AB$20="Yes","",IF($AB28="Empty","",$H28/$G28)) | Q28: =IF($AB$20="Yes","",IF($AB28="Empty","",IF(O28="yes",($P28/$P$17),IF(OR($P28<$O$17,$P28>$Q$17),($P28/$P$17))))) | R28: =IF($AB$20="Yes","",IF($AB28="Empty","",IF($S$17="","",IF(OR($S28<$R$17,$S28>$T$17),"NC","yes")))) | S28: =IF($AB$20="Yes","",IF($AB28="Empty","",$I28/$G28)) | T28: =IF($AB$20="Yes","",IF($AB28="Empty","",IF(R28="yes",($S28/$S$17),IF(OR($S28>$R$17,$S28<$T$17),($S28/$S$17))))) | U28: =IF($AB$20="Yes","",IF($AB28="Empty","",IF($V$17="","",IF(OR($V28<$U$17,V28>$W$17),"NC","yes")))) | V28: =IF($AB$20="Yes","",IF($AB28="Empty","",$G28/$J28)) | W28: =IF($AB$20="Yes","",IF($AB28="Empty","",IF(U28="yes",(V28/V$17),IF(OR(V28<$U$17,V28>W$17),(V28/V$17))))) | X28: =IF($AC28="empty","",IF($AB28="Empty",$G28,"")) | Y28: =IF($AC28="empty","",IF($AB28="Empty",$H28,"")) | Z28: =IF($AC28="empty","",IF($AB28="Empty",$I28,"")) | AA28: =IF($AC28="empty","",IF($AB28="Empty",$J28,"")) | AB28: =IF(E28<>"y","Empty","Data") -> Empty | AC28: =IF(D28="","empty","data") -> empty | AG28: Middle Grade Span Group/Low
B29: 7 | L29: =IF($Y$22=0,"",IF($AB29="Empty","",IF($H29="","",IF($G29="","",IF($H29/$G29>=$L$22,"yes","NC"))))) | M29: =IF($Z$22=0,"",IF($AB29="Empty","",IF($I29="","",IF($I29="","",IF($I29/$G29>=$M$22,"yes","NC"))))) | N29: =IF($AA$22=0,"",IF($AB29="Empty","",IF($J29="","",IF($J29="","",IF($G29/$J29<=$N$22,"yes","NC"))))) | O29: =IF($AB$20="Yes","",IF($AB29="Empty","",IF($P$17="","",IF(OR($P29<$O$17,$P29>$Q$17),"NC","yes")))) | P29: =IF($AB$20="Yes","",IF($AB29="Empty","",$H29/$G29)) | Q29: =IF($AB$20="Yes","",IF($AB29="Empty","",IF(O29="yes",($P29/$P$17),IF(OR($P29<$O$17,$P29>$Q$17),($P29/$P$17))))) | R29: =IF($AB$20="Yes","",IF($AB29="Empty","",IF($S$17="","",IF(OR($S29<$R$17,$S29>$T$17),"NC","yes")))) | S29: =IF($AB$20="Yes","",IF($AB29="Empty","",$I29/$G29)) | T29: =IF($AB$20="Yes","",IF($AB29="Empty","",IF(R29="yes",($S29/$S$17),IF(OR($S29>$R$17,$S29<$T$17),($S29/$S$17))))) | U29: =IF($AB$20="Yes","",IF($AB29="Empty","",IF($V$17="","",IF(OR($V29<$U$17,V29>$W$17),"NC","yes")))) | V29: =IF($AB$20="Yes","",IF($AB29="Empty","",$G29/$J29)) | W29: =IF($AB$20="Yes","",IF($AB29="Empty","",IF(U29="yes",(V29/V$17),IF(OR(V29<$U$17,V29>W$17),(V29/V$17))))) | X29: =IF($AC29="empty","",IF($AB29="Empty",$G29,"")) | Y29: =IF($AC29="empty","",IF($AB29="Empty",$H29,"")) | Z29: =IF($AC29="empty","",IF($AB29="Empty",$I29,"")) | AA29: =IF($AC29="empty","",IF($AB29="Empty",$J29,"")) | AB29: =IF(E29<>"y","Empty","Data") -> Empty | AC29: =IF(D29="","empty","data") -> empty | AG29: Middle Grade Span Group/High
B30: 8 | L30: =IF($Y$22=0,"",IF($AB30="Empty","",IF($H30="","",IF($G30="","",IF($H30/$G30>=$L$22,"yes","NC"))))) | M30: =IF($Z$22=0,"",IF($AB30="Empty","",IF($I30="","",IF($I30="","",IF($I30/$G30>=$M$22,"yes","NC"))))) | N30: =IF($AA$22=0,"",IF($AB30="Empty","",IF($J30="","",IF($J30="","",IF($G30/$J30<=$N$22,"yes","NC"))))) | O30: =IF($AB$20="Yes","",IF($AB30="Empty","",IF($P$17="","",IF(OR($P30<$O$17,$P30>$Q$17),"NC","yes")))) | P30: =IF($AB$20="Yes","",IF($AB30="Empty","",$H30/$G30)) | Q30: =IF($AB$20="Yes","",IF($AB30="Empty","",IF(O30="yes",($P30/$P$17),IF(OR($P30<$O$17,$P30>$Q$17),($P30/$P$17))))) | R30: =IF($AB$20="Yes","",IF($AB30="Empty","",IF($S$17="","",IF(OR($S30<$R$17,$S30>$T$17),"NC","yes")))) | S30: =IF($AB$20="Yes","",IF($AB30="Empty","",$I30/$G30)) | T30: =IF($AB$20="Yes","",IF($AB30="Empty","",IF(R30="yes",($S30/$S$17),IF(OR($S30>$R$17,$S30<$T$17),($S30/$S$17))))) | U30: =IF($AB$20="Yes","",IF($AB30="Empty","",IF($V$17="","",IF(OR($V30<$U$17,V30>$W$17),"NC","yes")))) | V30: =IF($AB$20="Yes","",IF($AB30="Empty","",$G30/$J30)) | W30: =IF($AB$20="Yes","",IF($AB30="Empty","",IF(U30="yes",(V30/V$17),IF(OR(V30<$U$17,V30>W$17),(V30/V$17))))) | X30: =IF($AC30="empty","",IF($AB30="Empty",$G30,"")) | Y30: =IF($AC30="empty","",IF($AB30="Empty",$H30,"")) | Z30: =IF($AC30="empty","",IF($AB30="Empty",$I30,"")) | AA30: =IF($AC30="empty","",IF($AB30="Empty",$J30,"")) | AB30: =IF(E30<>"y","Empty","Data") -> Empty | AC30: =IF(D30="","empty","data") -> empty | AG30: High Grade Span Group/Low
B31: 9 | L31: =IF($Y$22=0,"",IF($AB31="Empty","",IF($H31="","",IF($G31="","",IF($H31/$G31>=$L$22,"yes","NC"))))) | M31: =IF($Z$22=0,"",IF($AB31="Empty","",IF($I31="","",IF($I31="","",IF($I31/$G31>=$M$22,"yes","NC"))))) | N31: =IF($AA$22=0,"",IF($AB31="Empty","",IF($J31="","",IF($J31="","",IF($G31/$J31<=$N$22,"yes","NC"))))) | O31: =IF($AB$20="Yes","",IF($AB31="Empty","",IF($P$17="","",IF(OR($P31<$O$17,$P31>$Q$17),"NC","yes")))) | P31: =IF($AB$20="Yes","",IF($AB31="Empty","",$H31/$G31)) | Q31: =IF($AB$20="Yes","",IF($AB31="Empty","",IF(O31="yes",($P31/$P$17),IF(OR($P31<$O$17,$P31>$Q$17),($P31/$P$17))))) | R31: =IF($AB$20="Yes","",IF($AB31="Empty","",IF($S$17="","",IF(OR($S31<$R$17,$S31>$T$17),"NC","yes")))) | S31: =IF($AB$20="Yes","",IF($AB31="Empty","",$I31/$G31)) | T31: =IF($AB$20="Yes","",IF($AB31="Empty","",IF(R31="yes",($S31/$S$17),IF(OR($S31>$R$17,$S31<$T$17),($S31/$S$17))))) | U31: =IF($AB$20="Yes","",IF($AB31="Empty","",IF($V$17="","",IF(OR($V31<$U$17,V31>$W$17),"NC","yes")))) | V31: =IF($AB$20="Yes","",IF($AB31="Empty","",$G31/$J31)) | W31: =IF($AB$20="Yes","",IF($AB31="Empty","",IF(U31="yes",(V31/V$17),IF(OR(V31<$U$17,V31>W$17),(V31/V$17))))) | X31: =IF($AC31="empty","",IF($AB31="Empty",$G31,"")) | Y31: =IF($AC31="empty","",IF($AB31="Empty",$H31,"")) | Z31: =IF($AC31="empty","",IF($AB31="Empty",$I31,"")) | AA31: =IF($AC31="empty","",IF($AB31="Empty",$J31,"")) | AB31: =IF(E31<>"y","Empty","Data") -> Empty | AC31: =IF(D31="","empty","data") -> empty | AG31: High Grade Span Group/High
B32: 10 | L32: =IF($Y$22=0,"",IF($AB32="Empty","",IF($H32="","",IF($G32="","",IF($H32/$G32>=$L$22,"yes","NC"))))) | M32: =IF($Z$22=0,"",IF($AB32="Empty","",IF($I32="","",IF($I32="","",IF($I32/$G32>=$M$22,"yes","NC"))))) | N32: =IF($AA$22=0,"",IF($AB32="Empty","",IF($J32="","",IF($J32="","",IF($G32/$J32<=$N$22,"yes","NC"))))) | O32: =IF($AB$20="Yes","",IF($AB32="Empty","",IF($P$17="","",IF(OR($P32<$O$17,$P32>$Q$17),"NC","yes")))) | P32: =IF($AB$20="Yes","",IF($AB32="Empty","",$H32/$G32)) | Q32: =IF($AB$20="Yes","",IF($AB32="Empty","",IF(O32="yes",($P32/$P$17),IF(OR($P32<$O$17,$P32>$Q$17),($P32/$P$17))))) | R32: =IF($AB$20="Yes","",IF($AB32="Empty","",IF($S$17="","",IF(OR($S32<$R$17,$S32>$T$17),"NC","yes")))) | S32: =IF($AB$20="Yes","",IF($AB32="Empty","",$I32/$G32)) | T32: =IF($AB$20="Yes","",IF($AB32="Empty","",IF(R32="yes",($S32/$S$17),IF(OR($S32>$R$17,$S32<$T$17),($S32/$S$17))))) | U32: =IF($AB$20="Yes","",IF($AB32="Empty","",IF($V$17="","",IF(OR($V32<$U$17,V32>$W$17),"NC","yes")))) | V32: =IF($AB$20="Yes","",IF($AB32="Empty","",$G32/$J32)) | W32: =IF($AB$20="Yes","",IF($AB32="Empty","",IF(U32="yes",(V32/V$17),IF(OR(V32<$U$17,V32>W$17),(V32/V$17))))) | X32: =IF($AC32="empty","",IF($AB32="Empty",$G32,"")) | Y32: =IF($AC32="empty","",IF($AB32="Empty",$H32,"")) | Z32: =IF($AC32="empty","",IF($AB32="Empty",$I32,"")) | AA32: =IF($AC32="empty","",IF($AB32="Empty",$J32,"")) | AB32: =IF(E32<>"y","Empty","Data") -> Empty | AC32: =IF(D32="","empty","data") -> empty
B33: 11 | L33: =IF($Y$22=0,"",IF($AB33="Empty","",IF($H33="","",IF($G33="","",IF($H33/$G33>=$L$22,"yes","NC"))))) | M33: =IF($Z$22=0,"",IF($AB33="Empty","",IF($I33="","",IF($I33="","",IF($I33/$G33>=$M$22,"yes","NC"))))) | N33: =IF($AA$22=0,"",IF($AB33="Empty","",IF($J33="","",IF($J33="","",IF($G33/$J33<=$N$22,"yes","NC"))))) | O33: =IF($AB$20="Yes","",IF($AB33="Empty","",IF($P$17="","",IF(OR($P33<$O$17,$P33>$Q$17),"NC","yes")))) | P33: =IF($AB$20="Yes","",IF($AB33="Empty","",$H33/$G33)) | Q33: =IF($AB$20="Yes","",IF($AB33="Empty","",IF(O33="yes",($P33/$P$17),IF(OR($P33<$O$17,$P33>$Q$17),($P33/$P$17))))) | R33: =IF($AB$20="Yes","",IF($AB33="Empty","",IF($S$17="","",IF(OR($S33<$R$17,$S33>$T$17),"NC","yes")))) | S33: =IF($AB$20="Yes","",IF($AB33="Empty","",$I33/$G33)) | T33: =IF($AB$20="Yes","",IF($AB33="Empty","",IF(R33="yes",($S33/$S$17),IF(OR($S33>$R$17,$S33<$T$17),($S33/$S$17))))) | U33: =IF($AB$20="Yes","",IF($AB33="Empty","",IF($V$17="","",IF(OR($V33<$U$17,V33>$W$17),"NC","yes")))) | V33: =IF($AB$20="Yes","",IF($AB33="Empty","",$G33/$J33)) | W33: =IF($AB$20="Yes","",IF($AB33="Empty","",IF(U33="yes",(V33/V$17),IF(OR(V33<$U$17,V33>W$17),(V33/V$17))))) | X33: =IF($AC33="empty","",IF($AB33="Empty",$G33,"")) | Y33: =IF($AC33="empty","",IF($AB33="Empty",$H33,"")) | Z33: =IF($AC33="empty","",IF($AB33="Empty",$I33,"")) | AA33: =IF($AC33="empty","",IF($AB33="Empty",$J33,"")) | AB33: =IF(E33<>"y","Empty","Data") -> Empty | AC33: =IF(D33="","empty","data") -> empty
B34: 12 | L34: =IF($Y$22=0,"",IF($AB34="Empty","",IF($H34="","",IF($G34="","",IF($H34/$G34>=$L$22,"yes","NC"))))) | M34: =IF($Z$22=0,"",IF($AB34="Empty","",IF($I34="","",IF($I34="","",IF($I34/$G34>=$M$22,"yes","NC"))))) | N34: =IF($AA$22=0,"",IF($AB34="Empty","",IF($J34="","",IF($J34="","",IF($G34/$J34<=$N$22,"yes","NC"))))) | O34: =IF($AB$20="Yes","",IF($AB34="Empty","",IF($P$17="","",IF(OR($P34<$O$17,$P34>$Q$17),"NC","yes")))) | P34: =IF($AB$20="Yes","",IF($AB34="Empty","",$H34/$G34)) | Q34: =IF($AB$20="Yes","",IF($AB34="Empty","",IF(O34="yes",($P34/$P$17),IF(OR($P34<$O$17,$P34>$Q$17),($P34/$P$17))))) | R34: =IF($AB$20="Yes","",IF($AB34="Empty","",IF($S$17="","",IF(OR($S34<$R$17,$S34>$T$17),"NC","yes")))) | S34: =IF($AB$20="Yes","",IF($AB34="Empty","",$I34/$G34)) | T34: =IF($AB$20="Yes","",IF($AB34="Empty","",IF(R34="yes",($S34/$S$17),IF(OR($S34>$R$17,$S34<$T$17),($S34/$S$17))))) | U34: =IF($AB$20="Yes","",IF($AB34="Empty","",IF($V$17="","",IF(OR($V34<$U$17,V34>$W$17),"NC","yes")))) | V34: =IF($AB$20="Yes","",IF($AB34="Empty","",$G34/$J34)) | W34: =IF($AB$20="Yes","",IF($AB34="Empty","",IF(U34="yes",(V34/V$17),IF(OR(V34<$U$17,V34>W$17),(V34/V$17))))) | X34: =IF($AC34="empty","",IF($AB34="Empty",$G34,"")) | Y34: =IF($AC34="empty","",IF($AB34="Empty",$H34,"")) | Z34: =IF($AC34="empty","",IF($AB34="Empty",$I34,"")) | AA34: =IF($AC34="empty","",IF($AB34="Empty",$J34,"")) | AB34: =IF(E34<>"y","Empty","Data") -> Empty | AC34: =IF(D34="","empty","data") -> empty
B35: 13 | L35: =IF($Y$22=0,"",IF($AB35="Empty","",IF($H35="","",IF($G35="","",IF($H35/$G35>=$L$22,"yes","NC"))))) | M35: =IF($Z$22=0,"",IF($AB35="Empty","",IF($I35="","",IF($I35="","",IF($I35/$G35>=$M$22,"yes","NC"))))) | N35: =IF($AA$22=0,"",IF($AB35="Empty","",IF($J35="","",IF($J35="","",IF($G35/$J35<=$N$22,"yes","NC"))))) | O35: =IF($AB$20="Yes","",IF($AB35="Empty","",IF($P$17="","",IF(OR($P35<$O$17,$P35>$Q$17),"NC","yes")))) | P35: =IF($AB$20="Yes","",IF($AB35="Empty","",$H35/$G35)) | Q35: =IF($AB$20="Yes","",IF($AB35="Empty","",IF(O35="yes",($P35/$P$17),IF(OR($P35<$O$17,$P35>$Q$17),($P35/$P$17))))) | R35: =IF($AB$20="Yes","",IF($AB35="Empty","",IF($S$17="","",IF(OR($S35<$R$17,$S35>$T$17),"NC","yes")))) | S35: =IF($AB$20="Yes","",IF($AB35="Empty","",$I35/$G35)) | T35: =IF($AB$20="Yes","",IF($AB35="Empty","",IF(R35="yes",($S35/$S$17),IF(OR($S35>$R$17,$S35<$T$17),($S35/$S$17))))) | U35: =IF($AB$20="Yes","",IF($AB35="Empty","",IF($V$17="","",IF(OR($V35<$U$17,V35>$W$17),"NC","yes")))) | V35: =IF($AB$20="Yes","",IF($AB35="Empty","",$G35/$J35)) | W35: =IF($AB$20="Yes","",IF($AB35="Empty","",IF(U35="yes",(V35/V$17),IF(OR(V35<$U$17,V35>W$17),(V35/V$17))))) | X35: =IF($AC35="empty","",IF($AB35="Empty",$G35,"")) | Y35: =IF($AC35="empty","",IF($AB35="Empty",$H35,"")) | Z35: =IF($AC35="empty","",IF($AB35="Empty",$I35,"")) | AA35: =IF($AC35="empty","",IF($AB35="Empty",$J35,"")) | AB35: =IF(E35<>"y","Empty","Data") -> Empty | AC35: =IF(D35="","empty","data") -> empty
B36: 14 | L36: =IF($Y$22=0,"",IF($AB36="Empty","",IF($H36="","",IF($G36="","",IF($H36/$G36>=$L$22,"yes","NC"))))) | M36: =IF($Z$22=0,"",IF($AB36="Empty","",IF($I36="","",IF($I36="","",IF($I36/$G36>=$M$22,"yes","NC"))))) | N36: =IF($AA$22=0,"",IF($AB36="Empty","",IF($J36="","",IF($J36="","",IF($G36/$J36<=$N$22,"yes","NC"))))) | O36: =IF($AB$20="Yes","",IF($AB36="Empty","",IF($P$17="","",IF(OR($P36<$O$17,$P36>$Q$17),"NC","yes")))) | P36: =IF($AB$20="Yes","",IF($AB36="Empty","",$H36/$G36)) | Q36: =IF($AB$20="Yes","",IF($AB36="Empty","",IF(O36="yes",($P36/$P$17),IF(OR($P36<$O$17,$P36>$Q$17),($P36/$P$17))))) | R36: =IF($AB$20="Yes","",IF($AB36="Empty","",IF($S$17="","",IF(OR($S36<$R$17,$S36>$T$17),"NC","yes")))) | S36: =IF($AB$20="Yes","",IF($AB36="Empty","",$I36/$G36)) | T36: =IF($AB$20="Yes","",IF($AB36="Empty","",IF(R36="yes",($S36/$S$17),IF(OR($S36>$R$17,$S36<$T$17),($S36/$S$17))))) | U36: =IF($AB$20="Yes","",IF($AB36="Empty","",IF($V$17="","",IF(OR($V36<$U$17,V36>$W$17),"NC","yes")))) | V36: =IF($AB$20="Yes","",IF($AB36="Empty","",$G36/$J36)) | W36: =IF($AB$20="Yes","",IF($AB36="Empty","",IF(U36="yes",(V36/V$17),IF(OR(V36<$U$17,V36>W$17),(V36/V$17))))) | X36: =IF($AC36="empty","",IF($AB36="Empty",$G36,"")) | Y36: =IF($AC36="empty","",IF($AB36="Empty",$H36,"")) | Z36: =IF($AC36="empty","",IF($AB36="Empty",$I36,"")) | AA36: =IF($AC36="empty","",IF($AB36="Empty",$J36,"")) | AB36: =IF(E36<>"y","Empty","Data") -> Empty | AC36: =IF(D36="","empty","data") -> empty
B37: 15 | L37: =IF($Y$22=0,"",IF($AB37="Empty","",IF($H37="","",IF($G37="","",IF($H37/$G37>=$L$22,"yes","NC"))))) | M37: =IF($Z$22=0,"",IF($AB37="Empty","",IF($I37="","",IF($I37="","",IF($I37/$G37>=$M$22,"yes","NC"))))) | N37: =IF($AA$22=0,"",IF($AB37="Empty","",IF($J37="","",IF($J37="","",IF($G37/$J37<=$N$22,"yes","NC"))))) | O37: =IF($AB$20="Yes","",IF($AB37="Empty","",IF($P$17="","",IF(OR($P37<$O$17,$P37>$Q$17),"NC","yes")))) | P37: =IF($AB$20="Yes","",IF($AB37="Empty","",$H37/$G37)) | Q37: =IF($AB$20="Yes","",IF($AB37="Empty","",IF(O37="yes",($P37/$P$17),IF(OR($P37<$O$17,$P37>$Q$17),($P37/$P$17))))) | R37: =IF($AB$20="Yes","",IF($AB37="Empty","",IF($S$17="","",IF(OR($S37<$R$17,$S37>$T$17),"NC","yes")))) | S37: =IF($AB$20="Yes","",IF($AB37="Empty","",$I37/$G37)) | T37: =IF($AB$20="Yes","",IF($AB37="Empty","",IF(R37="yes",($S37/$S$17),IF(OR($S37>$R$17,$S37<$T$17),($S37/$S$17))))) | U37: =IF($AB$20="Yes","",IF($AB37="Empty","",IF($V$17="","",IF(OR($V37<$U$17,V37>$W$17),"NC","yes")))) | V37: =IF($AB$20="Yes","",IF($AB37="Empty","",$G37/$J37)) | W37: =IF($AB$20="Yes","",IF($AB37="Empty","",IF(U37="yes",(V37/V$17),IF(OR(V37<$U$17,V37>W$17),(V37/V$17))))) | X37: =IF($AC37="empty","",IF($AB37="Empty",$G37,"")) | Y37: =IF($AC37="empty","",IF($AB37="Empty",$H37,"")) | Z37: =IF($AC37="empty","",IF($AB37="Empty",$I37,"")) | AA37: =IF($AC37="empty","",IF($AB37="Empty",$J37,"")) | AB37: =IF(E37<>"y","Empty","Data") -> Empty | AC37: =IF(D37="","empty","data") -> empty
B38: 16 | L38: =IF($Y$22=0,"",IF($AB38="Empty","",IF($H38="","",IF($G38="","",IF($H38/$G38>=$L$22,"yes","NC"))))) | M38: =IF($Z$22=0,"",IF($AB38="Empty","",IF($I38="","",IF($I38="","",IF($I38/$G38>=$M$22,"yes","NC"))))) | N38: =IF($AA$22=0,"",IF($AB38="Empty","",IF($J38="","",IF($J38="","",IF($G38/$J38<=$N$22,"yes","NC"))))) | O38: =IF($AB$20="Yes","",IF($AB38="Empty","",IF($P$17="","",IF(OR($P38<$O$17,$P38>$Q$17),"NC","yes")))) | P38: =IF($AB$20="Yes","",IF($AB38="Empty","",$H38/$G38)) | Q38: =IF($AB$20="Yes","",IF($AB38="Empty","",IF(O38="yes",($P38/$P$17),IF(OR($P38<$O$17,$P38>$Q$17),($P38/$P$17))))) | R38: =IF($AB$20="Yes","",IF($AB38="Empty","",IF($S$17="","",IF(OR($S38<$R$17,$S38>$T$17),"NC","yes")))) | S38: =IF($AB$20="Yes","",IF($AB38="Empty","",$I38/$G38)) | T38: =IF($AB$20="Yes","",IF($AB38="Empty","",IF(R38="yes",($S38/$S$17),IF(OR($S38>$R$17,$S38<$T$17),($S38/$S$17))))) | U38: =IF($AB$20="Yes","",IF($AB38="Empty","",IF($V$17="","",IF(OR($V38<$U$17,V38>$W$17),"NC","yes")))) | V38: =IF($AB$20="Yes","",IF($AB38="Empty","",$G38/$J38)) | W38: =IF($AB$20="Yes","",IF($AB38="Empty","",IF(U38="yes",(V38/V$17),IF(OR(V38<$U$17,V38>W$17),(V38/V$17))))) | X38: =IF($AC38="empty","",IF($AB38="Empty",$G38,"")) | Y38: =IF($AC38="empty","",IF($AB38="Empty",$H38,"")) | Z38: =IF($AC38="empty","",IF($AB38="Empty",$I38,"")) | AA38: =IF($AC38="empty","",IF($AB38="Empty",$J38,"")) | AB38: =IF(E38<>"y","Empty","Data") -> Empty | AC38: =IF(D38="","empty","data") -> empty
B39: 17 | L39: =IF($Y$22=0,"",IF($AB39="Empty","",IF($H39="","",IF($G39="","",IF($H39/$G39>=$L$22,"yes","NC"))))) | M39: =IF($Z$22=0,"",IF($AB39="Empty","",IF($I39="","",IF($I39="","",IF($I39/$G39>=$M$22,"yes","NC"))))) | N39: =IF($AA$22=0,"",IF($AB39="Empty","",IF($J39="","",IF($J39="","",IF($G39/$J39<=$N$22,"yes","NC"))))) | O39: =IF($AB$20="Yes","",IF($AB39="Empty","",IF($P$17="","",IF(OR($P39<$O$17,$P39>$Q$17),"NC","yes")))) | P39: =IF($AB$20="Yes","",IF($AB39="Empty","",$H39/$G39)) | Q39: =IF($AB$20="Yes","",IF($AB39="Empty","",IF(O39="yes",($P39/$P$17),IF(OR($P39<$O$17,$P39>$Q$17),($P39/$P$17))))) | R39: =IF($AB$20="Yes","",IF($AB39="Empty","",IF($S$17="","",IF(OR($S39<$R$17,$S39>$T$17),"NC","yes")))) | S39: =IF($AB$20="Yes","",IF($AB39="Empty","",$I39/$G39)) | T39: =IF($AB$20="Yes","",IF($AB39="Empty","",IF(R39="yes",($S39/$S$17),IF(OR($S39>$R$17,$S39<$T$17),($S39/$S$17))))) | U39: =IF($AB$20="Yes","",IF($AB39="Empty","",IF($V$17="","",IF(OR($V39<$U$17,V39>$W$17),"NC","yes")))) | V39: =IF($AB$20="Yes","",IF($AB39="Empty","",$G39/$J39)) | W39: =IF($AB$20="Yes","",IF($AB39="Empty","",IF(U39="yes",(V39/V$17),IF(OR(V39<$U$17,V39>W$17),(V39/V$17))))) | X39: =IF($AC39="empty","",IF($AB39="Empty",$G39,"")) | Y39: =IF($AC39="empty","",IF($AB39="Empty",$H39,"")) | Z39: =IF($AC39="empty","",IF($AB39="Empty",$I39,"")) | AA39: =IF($AC39="empty","",IF($AB39="Empty",$J39,"")) | AB39: =IF(E39<>"y","Empty","Data") -> Empty | AC39: =IF(D39="","empty","data") -> empty
B40: 18 | L40: =IF($Y$22=0,"",IF($AB40="Empty","",IF($H40="","",IF($G40="","",IF($H40/$G40>=$L$22,"yes","NC"))))) | M40: =IF($Z$22=0,"",IF($AB40="Empty","",IF($I40="","",IF($I40="","",IF($I40/$G40>=$M$22,"yes","NC"))))) | N40: =IF($AA$22=0,"",IF($AB40="Empty","",IF($J40="","",IF($J40="","",IF($G40/$J40<=$N$22,"yes","NC"))))) | O40: =IF($AB$20="Yes","",IF($AB40="Empty","",IF($P$17="","",IF(OR($P40<$O$17,$P40>$Q$17),"NC","yes")))) | P40: =IF($AB$20="Yes","",IF($AB40="Empty","",$H40/$G40)) | Q40: =IF($AB$20="Yes","",IF($AB40="Empty","",IF(O40="yes",($P40/$P$17),IF(OR($P40<$O$17,$P40>$Q$17),($P40/$P$17))))) | R40: =IF($AB$20="Yes","",IF($AB40="Empty","",IF($S$17="","",IF(OR($S40<$R$17,$S40>$T$17),"NC","yes")))) | S40: =IF($AB$20="Yes","",IF($AB40="Empty","",$I40/$G40)) | T40: =IF($AB$20="Yes","",IF($AB40="Empty","",IF(R40="yes",($S40/$S$17),IF(OR($S40>$R$17,$S40<$T$17),($S40/$S$17))))) | U40: =IF($AB$20="Yes","",IF($AB40="Empty","",IF($V$17="","",IF(OR($V40<$U$17,V40>$W$17),"NC","yes")))) | V40: =IF($AB$20="Yes","",IF($AB40="Empty","",$G40/$J40)) | W40: =IF($AB$20="Yes","",IF($AB40="Empty","",IF(U40="yes",(V40/V$17),IF(OR(V40<$U$17,V40>W$17),(V40/V$17))))) | X40: =IF($AC40="empty","",IF($AB40="Empty",$G40,"")) | Y40: =IF($AC40="empty","",IF($AB40="Empty",$H40,"")) | Z40: =IF($AC40="empty","",IF($AB40="Empty",$I40,"")) | AA40: =IF($AC40="empty","",IF($AB40="Empty",$J40,"")) | AB40: =IF(E40<>"y","Empty","Data") -> Empty | AC40: =IF(D40="","empty","data") -> empty
B41: 19 | L41: =IF($Y$22=0,"",IF($AB41="Empty","",IF($H41="","",IF($G41="","",IF($H41/$G41>=$L$22,"yes","NC"))))) | M41: =IF($Z$22=0,"",IF($AB41="Empty","",IF($I41="","",IF($I41="","",IF($I41/$G41>=$M$22,"yes","NC"))))) | N41: =IF($AA$22=0,"",IF($AB41="Empty","",IF($J41="","",IF($J41="","",IF($G41/$J41<=$N$22,"yes","NC"))))) | O41: =IF($AB$20="Yes","",IF($AB41="Empty","",IF($P$17="","",IF(OR($P41<$O$17,$P41>$Q$17),"NC","yes")))) | P41: =IF($AB$20="Yes","",IF($AB41="Empty","",$H41/$G41)) | Q41: =IF($AB$20="Yes","",IF($AB41="Empty","",IF(O41="yes",($P41/$P$17),IF(OR($P41<$O$17,$P41>$Q$17),($P41/$P$17))))) | R41: =IF($AB$20="Yes","",IF($AB41="Empty","",IF($S$17="","",IF(OR($S41<$R$17,$S41>$T$17),"NC","yes")))) | S41: =IF($AB$20="Yes","",IF($AB41="Empty","",$I41/$G41)) | T41: =IF($AB$20="Yes","",IF($AB41="Empty","",IF(R41="yes",($S41/$S$17),IF(OR($S41>$R$17,$S41<$T$17),($S41/$S$17))))) | U41: =IF($AB$20="Yes","",IF($AB41="Empty","",IF($V$17="","",IF(OR($V41<$U$17,V41>$W$17),"NC","yes")))) | V41: =IF($AB$20="Yes","",IF($AB41="Empty","",$G41/$J41)) | W41: =IF($AB$20="Yes","",IF($AB41="Empty","",IF(U41="yes",(V41/V$17),IF(OR(V41<$U$17,V41>W$17),(V41/V$17))))) | X41: =IF($AC41="empty","",IF($AB41="Empty",$G41,"")) | Y41: =IF($AC41="empty","",IF($AB41="Empty",$H41,"")) | Z41: =IF($AC41="empty","",IF($AB41="Empty",$I41,"")) | AA41: =IF($AC41="empty","",IF($AB41="Empty",$J41,"")) | AB41: =IF(E41<>"y","Empty","Data") -> Empty | AC41: =IF(D41="","empty","data") -> empty
B42: 20 | L42: =IF($Y$22=0,"",IF($AB42="Empty","",IF($H42="","",IF($G42="","",IF($H42/$G42>=$L$22,"yes","NC"))))) | M42: =IF($Z$22=0,"",IF($AB42="Empty","",IF($I42="","",IF($I42="","",IF($I42/$G42>=$M$22,"yes","NC"))))) | N42: =IF($AA$22=0,"",IF($AB42="Empty","",IF($J42="","",IF($J42="","",IF($G42/$J42<=$N$22,"yes","NC"))))) | O42: =IF($AB$20="Yes","",IF($AB42="Empty","",IF($P$17="","",IF(OR($P42<$O$17,$P42>$Q$17),"NC","yes")))) | P42: =IF($AB$20="Yes","",IF($AB42="Empty","",$H42/$G42)) | Q42: =IF($AB$20="Yes","",IF($AB42="Empty","",IF(O42="yes",($P42/$P$17),IF(OR($P42<$O$17,$P42>$Q$17),($P42/$P$17))))) | R42: =IF($AB$20="Yes","",IF($AB42="Empty","",IF($S$17="","",IF(OR($S42<$R$17,$S42>$T$17),"NC","yes")))) | S42: =IF($AB$20="Yes","",IF($AB42="Empty","",$I42/$G42)) | T42: =IF($AB$20="Yes","",IF($AB42="Empty","",IF(R42="yes",($S42/$S$17),IF(OR($S42>$R$17,$S42<$T$17),($S42/$S$17))))) | U42: =IF($AB$20="Yes","",IF($AB42="Empty","",IF($V$17="","",IF(OR($V42<$U$17,V42>$W$17),"NC","yes")))) | V42: =IF($AB$20="Yes","",IF($AB42="Empty","",$G42/$J42)) | W42: =IF($AB$20="Yes","",IF($AB42="Empty","",IF(U42="yes",(V42/V$17),IF(OR(V42<$U$17,V42>W$17),(V42/V$17))))) | X42: =IF($AC42="empty","",IF($AB42="Empty",$G42,"")) | Y42: =IF($AC42="empty","",IF($AB42="Empty",$H42,"")) | Z42: =IF($AC42="empty","",IF($AB42="Empty",$I42,"")) | AA42: =IF($AC42="empty","",IF($AB42="Empty",$J42,"")) | AB42: =IF(E42<>"y","Empty","Data") -> Empty | AC42: =IF(D42="","empty","data") -> empty
B43: 21 | L43: =IF($Y$22=0,"",IF($AB43="Empty","",IF($H43="","",IF($G43="","",IF($H43/$G43>=$L$22,"yes","NC"))))) | M43: =IF($Z$22=0,"",IF($AB43="Empty","",IF($I43="","",IF($I43="","",IF($I43/$G43>=$M$22,"yes","NC"))))) | N43: =IF($AA$22=0,"",IF($AB43="Empty","",IF($J43="","",IF($J43="","",IF($G43/$J43<=$N$22,"yes","NC"))))) | O43: =IF($AB$20="Yes","",IF($AB43="Empty","",IF($P$17="","",IF(OR($P43<$O$17,$P43>$Q$17),"NC","yes")))) | P43: =IF($AB$20="Yes","",IF($AB43="Empty","",$H43/$G43)) | Q43: =IF($AB$20="Yes","",IF($AB43="Empty","",IF(O43="yes",($P43/$P$17),IF(OR($P43<$O$17,$P43>$Q$17),($P43/$P$17))))) | R43: =IF($AB$20="Yes","",IF($AB43="Empty","",IF($S$17="","",IF(OR($S43<$R$17,$S43>$T$17),"NC","yes")))) | S43: =IF($AB$20="Yes","",IF($AB43="Empty","",$I43/$G43)) | T43: =IF($AB$20="Yes","",IF($AB43="Empty","",IF(R43="yes",($S43/$S$17),IF(OR($S43>$R$17,$S43<$T$17),($S43/$S$17))))) | U43: =IF($AB$20="Yes","",IF($AB43="Empty","",IF($V$17="","",IF(OR($V43<$U$17,V43>$W$17),"NC","yes")))) | V43: =IF($AB$20="Yes","",IF($AB43="Empty","",$G43/$J43)) | W43: =IF($AB$20="Yes","",IF($AB43="Empty","",IF(U43="yes",(V43/V$17),IF(OR(V43<$U$17,V43>W$17),(V43/V$17))))) | X43: =IF($AC43="empty","",IF($AB43="Empty",$G43,"")) | Y43: =IF($AC43="empty","",IF($AB43="Empty",$H43,"")) | Z43: =IF($AC43="empty","",IF($AB43="Empty",$I43,"")) | AA43: =IF($AC43="empty","",IF($AB43="Empty",$J43,"")) | AB43: =IF(E43<>"y","Empty","Data") -> Empty | AC43: =IF(D43="","empty","data") -> empty
... B233: 211 | L233: =IF($Y$22=0,"",IF($AB233="Empty","",IF($H233="","",IF($G233="","",IF($H233/$G233>=$L$22,"yes","NC"))))) | M233: =IF($Z$22=0,"",IF($AB233="Empty","",IF($I233="","",IF($I233="","",IF($I233/$G233>=$M$22,"yes","NC"))))) | N233: =IF($AA$22=0,"",IF($AB233="Empty","",IF($J233="","",IF($J233="","",IF($G233/$J233<=$N$22,"yes","NC"))))) | O233: =IF($AB$20="Yes","",IF($AB233="Empty","",IF($P$17="","",IF(OR($P233<$O$17,$P233>$Q$17),"NC","yes")))) | P233: =IF($AB$20="Yes","",IF($AB233="Empty","",$H233/$G233)) | Q233: =IF($AB$20="Yes","",IF($AB233="Empty","",IF(O233="yes",($P233/$P$17),IF(OR($P233<$O$17,$P233>$Q$17),($P233/$P$17))))) | R233: =IF($AB$20="Yes","",IF($AB233="Empty","",IF($S$17="","",IF(OR($S233<$R$17,$S233>$T$17),"NC","yes")))) | S233: =IF($AB$20="Yes","",IF($AB233="Empty","",$I233/$G233)) | T233: =IF($AB$20="Yes","",IF($AB233="Empty","",IF(R233="yes",($S233/$S$17),IF(OR($S233>$R$17,$S233<$T$17),($S233/$S$17))))) | U233: =IF($AB$20="Yes","",IF($AB233="Empty","",IF($V$17="","",IF(OR($V233<$U$17,V233>$W$17),"NC","yes")))) | V233: =IF($AB$20="Yes","",IF($AB233="Empty","",$G233/$J233)) | W233: =IF($AB$20="Yes","",IF($AB233="Empty","",IF(U233="yes",(V233/V$17),IF(OR(V233<$U$17,V233>W$17),(V233/V$17))))) | X233: =IF($AC233="empty","",IF($AB233="Empty",$G233,"")) | Y233: =IF($AC233="empty","",IF($AB233="Empty",$H233,"")) | Z233: =IF($AC233="empty","",IF($AB233="Empty",$I233,"")) | AA233: =IF($AC233="empty","",IF($AB233="Empty",$J233,"")) | AB233: =IF(E233<>"y","Empty","Data") -> Empty | AC233: =IF(D233="","empty","data") -> empty
B234: 212 | L234: =IF($Y$22=0,"",IF($AB234="Empty","",IF($H234="","",IF($G234="","",IF($H234/$G234>=$L$22,"yes","NC"))))) | M234: =IF($Z$22=0,"",IF($AB234="Empty","",IF($I234="","",IF($I234="","",IF($I234/$G234>=$M$22,"yes","NC"))))) | N234: =IF($AA$22=0,"",IF($AB234="Empty","",IF($J234="","",IF($J234="","",IF($G234/$J234<=$N$22,"yes","NC"))))) | O234: =IF($AB$20="Yes","",IF($AB234="Empty","",IF($P$17="","",IF(OR($P234<$O$17,$P234>$Q$17),"NC","yes")))) | P234: =IF($AB$20="Yes","",IF($AB234="Empty","",$H234/$G234)) | Q234: =IF($AB$20="Yes","",IF($AB234="Empty","",IF(O234="yes",($P234/$P$17),IF(OR($P234<$O$17,$P234>$Q$17),($P234/$P$17))))) | R234: =IF($AB$20="Yes","",IF($AB234="Empty","",IF($S$17="","",IF(OR($S234<$R$17,$S234>$T$17),"NC","yes")))) | S234: =IF($AB$20="Yes","",IF($AB234="Empty","",$I234/$G234)) | T234: =IF($AB$20="Yes","",IF($AB234="Empty","",IF(R234="yes",($S234/$S$17),IF(OR($S234>$R$17,$S234<$T$17),($S234/$S$17))))) | U234: =IF($AB$20="Yes","",IF($AB234="Empty","",IF($V$17="","",IF(OR($V234<$U$17,V234>$W$17),"NC","yes")))) | V234: =IF($AB$20="Yes","",IF($AB234="Empty","",$G234/$J234)) | W234: =IF($AB$20="Yes","",IF($AB234="Empty","",IF(U234="yes",(V234/V$17),IF(OR(V234<$U$17,V234>W$17),(V234/V$17))))) | Y234: =IF($AC234="empty","",IF($AB234="Empty",$H234,"")) | Z234: =IF($AC234="empty","",IF($AB234="Empty",$I234,"")) | AA234: =IF($AC234="empty","",IF($AB234="Empty",$J234,"")) | AB234: =IF(E234<>"y","Empty","Data") -> Empty | AC234: =IF(D234="","empty","data") -> empty
B235: 213 | L235: =IF($Y$22=0,"",IF($AB235="Empty","",IF($H235="","",IF($G235="","",IF($H235/$G235>=$L$22,"yes","NC"))))) | M235: =IF($Z$22=0,"",IF($AB235="Empty","",IF($I235="","",IF($I235="","",IF($I235/$G235>=$M$22,"yes","NC"))))) | N235: =IF($AA$22=0,"",IF($AB235="Empty","",IF($J235="","",IF($J235="","",IF($G235/$J235<=$N$22,"yes","NC"))))) | O235: =IF($AB$20="Yes","",IF($AB235="Empty","",IF($P$17="","",IF(OR($P235<$O$17,$P235>$Q$17),"NC","yes")))) | P235: =IF($AB$20="Yes","",IF($AB235="Empty","",$H235/$G235)) | Q235: =IF($AB$20="Yes","",IF($AB235="Empty","",IF(O235="yes",($P235/$P$17),IF(OR($P235<$O$17,$P235>$Q$17),($P235/$P$17))))) | R235: =IF($AB$20="Yes","",IF($AB235="Empty","",IF($S$17="","",IF(OR($S235<$R$17,$S235>$T$17),"NC","yes")))) | S235: =IF($AB$20="Yes","",IF($AB235="Empty","",$I235/$G235)) | T235: =IF($AB$20="Yes","",IF($AB235="Empty","",IF(R235="yes",($S235/$S$17),IF(OR($S235>$R$17,$S235<$T$17),($S235/$S$17))))) | U235: =IF($AB$20="Yes","",IF($AB235="Empty","",IF($V$17="","",IF(OR($V235<$U$17,V235>$W$17),"NC","yes")))) | V235: =IF($AB$20="Yes","",IF($AB235="Empty","",$G235/$J235)) | W235: =IF($AB$20="Yes","",IF($AB235="Empty","",IF(U235="yes",(V235/V$17),IF(OR(V235<$U$17,V235>W$17),(V235/V$17))))) | X235: =IF($AC235="empty","",IF($AB235="Empty",$G235,"")) | Y235: =IF($AC235="empty","",IF($AB235="Empty",$H235,"")) | Z235: =IF($AC235="empty","",IF($AB235="Empty",$I235,"")) | AA235: =IF($AC235="empty","",IF($AB235="Empty",$J235,"")) | AB235: =IF(E235<>"y","Empty","Data") -> Empty | AC235: =IF(D235="","empty","data") -> empty
B236: 214 | L236: =IF($Y$22=0,"",IF($AB236="Empty","",IF($H236="","",IF($G236="","",IF($H236/$G236>=$L$22,"yes","NC"))))) | M236: =IF($Z$22=0,"",IF($AB236="Empty","",IF($I236="","",IF($I236="","",IF($I236/$G236>=$M$22,"yes","NC"))))) | N236: =IF($AA$22=0,"",IF($AB236="Empty","",IF($J236="","",IF($J236="","",IF($G236/$J236<=$N$22,"yes","NC"))))) | O236: =IF($AB$20="Yes","",IF($AB236="Empty","",IF($P$17="","",IF(OR($P236<$O$17,$P236>$Q$17),"NC","yes")))) | P236: =IF($AB$20="Yes","",IF($AB236="Empty","",$H236/$G236)) | Q236: =IF($AB$20="Yes","",IF($AB236="Empty","",IF(O236="yes",($P236/$P$17),IF(OR($P236<$O$17,$P236>$Q$17),($P236/$P$17))))) | R236: =IF($AB$20="Yes","",IF($AB236="Empty","",IF($S$17="","",IF(OR($S236<$R$17,$S236>$T$17),"NC","yes")))) | S236: =IF($AB$20="Yes","",IF($AB236="Empty","",$I236/$G236)) | T236: =IF($AB$20="Yes","",IF($AB236="Empty","",IF(R236="yes",($S236/$S$17),IF(OR($S236>$R$17,$S236<$T$17),($S236/$S$17))))) | U236: =IF($AB$20="Yes","",IF($AB236="Empty","",IF($V$17="","",IF(OR($V236<$U$17,V236>$W$17),"NC","yes")))) | V236: =IF($AB$20="Yes","",IF($AB236="Empty","",$G236/$J236)) | W236: =IF($AB$20="Yes","",IF($AB236="Empty","",IF(U236="yes",(V236/V$17),IF(OR(V236<$U$17,V236>W$17),(V236/V$17))))) | X236: =IF($AC236="empty","",IF($AB236="Empty",$G236,"")) | Y236: =IF($AC236="empty","",IF($AB236="Empty",$H236,"")) | Z236: =IF($AC236="empty","",IF($AB236="Empty",$I236,"")) | AA236: =IF($AC236="empty","",IF($AB236="Empty",$J236,"")) | AB236: =IF(E236<>"y","Empty","Data") -> Empty | AC236: =IF(D236="","empty","data") -> empty
B237: 215 | L237: =IF($Y$22=0,"",IF($AB237="Empty","",IF($H237="","",IF($G237="","",IF($H237/$G237>=$L$22,"yes","NC"))))) | M237: =IF($Z$22=0,"",IF($AB237="Empty","",IF($I237="","",IF($I237="","",IF($I237/$G237>=$M$22,"yes","NC"))))) | N237: =IF($AA$22=0,"",IF($AB237="Empty","",IF($J237="","",IF($J237="","",IF($G237/$J237<=$N$22,"yes","NC"))))) | O237: =IF($AB$20="Yes","",IF($AB237="Empty","",IF($P$17="","",IF(OR($P237<$O$17,$P237>$Q$17),"NC","yes")))) | P237: =IF($AB$20="Yes","",IF($AB237="Empty","",$H237/$G237)) | Q237: =IF($AB$20="Yes","",IF($AB237="Empty","",IF(O237="yes",($P237/$P$17),IF(OR($P237<$O$17,$P237>$Q$17),($P237/$P$17))))) | R237: =IF($AB$20="Yes","",IF($AB237="Empty","",IF($S$17="","",IF(OR($S237<$R$17,$S237>$T$17),"NC","yes")))) | S237: =IF($AB$20="Yes","",IF($AB237="Empty","",$I237/$G237)) | T237: =IF($AB$20="Yes","",IF($AB237="Empty","",IF(R237="yes",($S237/$S$17),IF(OR($S237>$R$17,$S237<$T$17),($S237/$S$17))))) | U237: =IF($AB$20="Yes","",IF($AB237="Empty","",IF($V$17="","",IF(OR($V237<$U$17,V237>$W$17),"NC","yes")))) | V237: =IF($AB$20="Yes","",IF($AB237="Empty","",$G237/$J237)) | W237: =IF($AB$20="Yes","",IF($AB237="Empty","",IF(U237="yes",(V237/V$17),IF(OR(V237<$U$17,V237>W$17),(V237/V$17))))) | X237: =IF($AC237="empty","",IF($AB237="Empty",$G237,"")) | Y237: =IF($AC237="empty","",IF($AB237="Empty",$H237,"")) | Z237: =IF($AC237="empty","",IF($AB237="Empty",$I237,"")) | AA237: =IF($AC237="empty","",IF($AB237="Empty",$J237,"")) | AB237: =IF(E237<>"y","Empty","Data") -> Empty | AC237: =IF(D237="","empty","data") -> empty
B238: 117 | L238: =IF($Y$22=0,"",IF($AB238="Empty","",IF($H238="","",IF($G238="","",IF($H238/$G238>=$L$22,"yes","NC"))))) | M238: =IF($Z$22=0,"",IF($AB238="Empty","",IF($I238="","",IF($I238="","",IF($I238/$G238>=$M$22,"yes","NC"))))) | N238: =IF($AA$22=0,"",IF($AB238="Empty","",IF($J238="","",IF($J238="","",IF($G238/$J238<=$N$22,"yes","NC"))))) | O238: =IF($AB$20="Yes","",IF($AB238="Empty","",IF($P$17="","",IF(OR($P238<$O$17,$P238>$Q$17),"NC","yes")))) | P238: =IF($AB$20="Yes","",IF($AB238="Empty","",$H238/$G238)) | Q238: =IF($AB$20="Yes","",IF($AB238="Empty","",IF(O238="yes",($P238/$P$17),IF(OR($P238<$O$17,$P238>$Q$17),($P238/$P$17))))) | R238: =IF($AB$20="Yes","",IF($AB238="Empty","",IF($S$17="","",IF(OR($S238<$R$17,$S238>$T$17),"NC","yes")))) | S238: =IF($AB$20="Yes","",IF($AB238="Empty","",$I238/$G238)) | T238: =IF($AB$20="Yes","",IF($AB238="Empty","",IF(R238="yes",($S238/$S$17),IF(OR($S238>$R$17,$S238<$T$17),($S238/$S$17))))) | U238: =IF($AB$20="Yes","",IF($AB238="Empty","",IF($V$17="","",IF(OR($V238<$U$17,V238>$W$17),"NC","yes")))) | V238: =IF($AB$20="Yes","",IF($AB238="Empty","",$G238/$J238)) | W238: =IF($AB$20="Yes","",IF($AB238="Empty","",IF(U238="yes",(V238/V$17),IF(OR(V238<$U$17,V238>W$17),(V238/V$17))))) | X238: =IF($AC238="empty","",IF($AB238="Empty",$G238,"")) | Y238: =IF($AC238="empty","",IF($AB238="Empty",$H238,"")) | Z238: =IF($AC238="empty","",IF($AB238="Empty",$I238,"")) | AA238: =IF($AC238="empty","",IF($AB238="Empty",$J238,"")) | AB238: =IF(E238<>"y","Empty","Data") -> Empty | AC238: =IF(D238="","empty","data") -> empty
B239: 118 | L239: =IF($Y$22=0,"",IF($AB239="Empty","",IF($H239="","",IF($G239="","",IF($H239/$G239>=$L$22,"yes","NC"))))) | M239: =IF($Z$22=0,"",IF($AB239="Empty","",IF($I239="","",IF($I239="","",IF($I239/$G239>=$M$22,"yes","NC"))))) | N239: =IF($AA$22=0,"",IF($AB239="Empty","",IF($J239="","",IF($J239="","",IF($G239/$J239<=$N$22,"yes","NC"))))) | O239: =IF($AB$20="Yes","",IF($AB239="Empty","",IF($P$17="","",IF(OR($P239<$O$17,$P239>$Q$17),"NC","yes")))) | P239: =IF($AB$20="Yes","",IF($AB239="Empty","",$H239/$G239)) | Q239: =IF($AB$20="Yes","",IF($AB239="Empty","",IF(O239="yes",($P239/$P$17),IF(OR($P239<$O$17,$P239>$Q$17),($P239/$P$17))))) | R239: =IF($AB$20="Yes","",IF($AB239="Empty","",IF($S$17="","",IF(OR($S239<$R$17,$S239>$T$17),"NC","yes")))) | S239: =IF($AB$20="Yes","",IF($AB239="Empty","",$I239/$G239)) | T239: =IF($AB$20="Yes","",IF($AB239="Empty","",IF(R239="yes",($S239/$S$17),IF(OR($S239>$R$17,$S239<$T$17),($S239/$S$17))))) | U239: =IF($AB$20="Yes","",IF($AB239="Empty","",IF($V$17="","",IF(OR($V239<$U$17,V239>$W$17),"NC","yes")))) | V239: =IF($AB$20="Yes","",IF($AB239="Empty","",$G239/$J239)) | W239: =IF($AB$20="Yes","",IF($AB239="Empty","",IF(U239="yes",(V239/V$17),IF(OR(V239<$U$17,V239>W$17),(V239/V$17))))) | X239: =IF($AC239="empty","",IF($AB239="Empty",$G239,"")) | Y239: =IF($AC239="empty","",IF($AB239="Empty",$H239,"")) | Z239: =IF($AC239="empty","",IF($AB239="Empty",$I239,"")) | AA239: =IF($AC239="empty","",IF($AB239="Empty",$J239,"")) | AB239: =IF(E239<>"y","Empty","Data") -> Empty | AC239: =IF(D239="","empty","data") -> empty
B240: 119 | L240: =IF($Y$22=0,"",IF($AB240="Empty","",IF($H240="","",IF($G240="","",IF($H240/$G240>=$L$22,"yes","NC"))))) | M240: =IF($Z$22=0,"",IF($AB240="Empty","",IF($I240="","",IF($I240="","",IF($I240/$G240>=$M$22,"yes","NC"))))) | N240: =IF($AA$22=0,"",IF($AB240="Empty","",IF($J240="","",IF($J240="","",IF($G240/$J240<=$N$22,"yes","NC"))))) | O240: =IF($AB$20="Yes","",IF($AB240="Empty","",IF($P$17="","",IF(OR($P240<$O$17,$P240>$Q$17),"NC","yes")))) | P240: =IF($AB$20="Yes","",IF($AB240="Empty","",$H240/$G240)) | Q240: =IF($AB$20="Yes","",IF($AB240="Empty","",IF(O240="yes",($P240/$P$17),IF(OR($P240<$O$17,$P240>$Q$17),($P240/$P$17))))) | R240: =IF($AB$20="Yes","",IF($AB240="Empty","",IF($S$17="","",IF(OR($S240<$R$17,$S240>$T$17),"NC","yes")))) | S240: =IF($AB$20="Yes","",IF($AB240="Empty","",$I240/$G240)) | T240: =IF($AB$20="Yes","",IF($AB240="Empty","",IF(R240="yes",($S240/$S$17),IF(OR($S240>$R$17,$S240<$T$17),($S240/$S$17))))) | U240: =IF($AB$20="Yes","",IF($AB240="Empty","",IF($V$17="","",IF(OR($V240<$U$17,V240>$W$17),"NC","yes")))) | V240: =IF($AB$20="Yes","",IF($AB240="Empty","",$G240/$J240)) | W240: =IF($AB$20="Yes","",IF($AB240="Empty","",IF(U240="yes",(V240/V$17),IF(OR(V240<$U$17,V240>W$17),(V240/V$17))))) | X240: =IF($AC240="empty","",IF($AB240="Empty",$G240,"")) | Y240: =IF($AC240="empty","",IF($AB240="Empty",$H240,"")) | Z240: =IF($AC240="empty","",IF($AB240="Empty",$I240,"")) | AA240: =IF($AC240="empty","",IF($AB240="Empty",$J240,"")) | AB240: =IF(E240<>"y","Empty","Data") -> Empty | AC240: =IF(D240="","empty","data") -> empty
B241: 120 | L241: =IF($Y$22=0,"",IF($AB241="Empty","",IF($H241="","",IF($G241="","",IF($H241/$G241>=$L$22,"yes","NC"))))) | M241: =IF($Z$22=0,"",IF($AB241="Empty","",IF($I241="","",IF($I241="","",IF($I241/$G241>=$M$22,"yes","NC"))))) | N241: =IF($AA$22=0,"",IF($AB241="Empty","",IF($J241="","",IF($J241="","",IF($G241/$J241<=$N$22,"yes","NC"))))) | O241: =IF($AB$20="Yes","",IF($AB241="Empty","",IF($P$17="","",IF(OR($P241<$O$17,$P241>$Q$17),"NC","yes")))) | P241: =IF($AB$20="Yes","",IF($AB241="Empty","",$H241/$G241)) | Q241: =IF($AB$20="Yes","",IF($AB241="Empty","",IF(O241="yes",($P241/$P$17),IF(OR($P241<$O$17,$P241>$Q$17),($P241/$P$17))))) | R241: =IF($AB$20="Yes","",IF($AB241="Empty","",IF($S$17="","",IF(OR($S241<$R$17,$S241>$T$17),"NC","yes")))) | S241: =IF($AB$20="Yes","",IF($AB241="Empty","",$I241/$G241)) | T241: =IF($AB$20="Yes","",IF($AB241="Empty","",IF(R241="yes",($S241/$S$17),IF(OR($S241>$R$17,$S241<$T$17),($S241/$S$17))))) | U241: =IF($AB$20="Yes","",IF($AB241="Empty","",IF($V$17="","",IF(OR($V241<$U$17,V241>$W$17),"NC","yes")))) | V241: =IF($AB$20="Yes","",IF($AB241="Empty","",$G241/$J241)) | W241: =IF($AB$20="Yes","",IF($AB241="Empty","",IF(U241="yes",(V241/V$17),IF(OR(V241<$U$17,V241>W$17),(V241/V$17))))) | X241: =IF($AC241="empty","",IF($AB241="Empty",$G241,"")) | Y241: =IF($AC241="empty","",IF($AB241="Empty",$H241,"")) | Z241: =IF($AC241="empty","",IF($AB241="Empty",$I241,"")) | AA241: =IF($AC241="empty","",IF($AB241="Empty",$J241,"")) | AB241: =IF(E241<>"y","Empty","Data") -> Empty | AC241: =IF(D241="","empty","data") -> empty
B242: 121 | L242: =IF($Y$22=0,"",IF($AB242="Empty","",IF($H242="","",IF($G242="","",IF($H242/$G242>=$L$22,"yes","NC"))))) | M242: =IF($Z$22=0,"",IF($AB242="Empty","",IF($I242="","",IF($I242="","",IF($I242/$G242>=$M$22,"yes","NC"))))) | N242: =IF($AA$22=0,"",IF($AB242="Empty","",IF($J242="","",IF($J242="","",IF($G242/$J242<=$N$22,"yes","NC"))))) | O242: =IF($AB$20="Yes","",IF($AB242="Empty","",IF($P$17="","",IF(OR($P242<$O$17,$P242>$Q$17),"NC","yes")))) | P242: =IF($AB$20="Yes","",IF($AB242="Empty","",$H242/$G242)) | Q242: =IF($AB$20="Yes","",IF($AB242="Empty","",IF(O242="yes",($P242/$P$17),IF(OR($P242<$O$17,$P242>$Q$17),($P242/$P$17))))) | R242: =IF($AB$20="Yes","",IF($AB242="Empty","",IF($S$17="","",IF(OR($S242<$R$17,$S242>$T$17),"NC","yes")))) | S242: =IF($AB$20="Yes","",IF($AB242="Empty","",$I242/$G242)) | T242: =IF($AB$20="Yes","",IF($AB242="Empty","",IF(R242="yes",($S242/$S$17),IF(OR($S242>$R$17,$S242<$T$17),($S242/$S$17))))) | U242: =IF($AB$20="Yes","",IF($AB242="Empty","",IF($V$17="","",IF(OR($V242<$U$17,V242>$W$17),"NC","yes")))) | V242: =IF($AB$20="Yes","",IF($AB242="Empty","",$G242/$J242)) | W242: =IF($AB$20="Yes","",IF($AB242="Empty","",IF(U242="yes",(V242/V$17),IF(OR(V242<$U$17,V242>W$17),(V242/V$17))))) | X242: =IF($AC242="empty","",IF($AB242="Empty",$G242,"")) | Y242: =IF($AC242="empty","",IF($AB242="Empty",$H242,"")) | Z242: =IF($AC242="empty","",IF($AB242="Empty",$I242,"")) | AA242: =IF($AC242="empty","",IF($AB242="Empty",$J242,"")) | AB242: =IF(E242<>"y","Empty","Data") -> Empty | AC242: =IF(D242="","empty","data") -> empty
B243: 122 | L243: =IF($Y$22=0,"",IF($AB243="Empty","",IF($H243="","",IF($G243="","",IF($H243/$G243>=$L$22,"yes","NC"))))) | M243: =IF($Z$22=0,"",IF($AB243="Empty","",IF($I243="","",IF($I243="","",IF($I243/$G243>=$M$22,"yes","NC"))))) | N243: =IF($AA$22=0,"",IF($AB243="Empty","",IF($J243="","",IF($J243="","",IF($G243/$J243<=$N$22,"yes","NC"))))) | O243: =IF($AB$20="Yes","",IF($AB243="Empty","",IF($P$17="","",IF(OR($P243<$O$17,$P243>$Q$17),"NC","yes")))) | P243: =IF($AB$20="Yes","",IF($AB243="Empty","",$H243/$G243)) | Q243: =IF($AB$20="Yes","",IF($AB243="Empty","",IF(O243="yes",($P243/$P$17),IF(OR($P243<$O$17,$P243>$Q$17),($P243/$P$17))))) | R243: =IF($AB$20="Yes","",IF($AB243="Empty","",IF($S$17="","",IF(OR($S243<$R$17,$S243>$T$17),"NC","yes")))) | S243: =IF($AB$20="Yes","",IF($AB243="Empty","",$I243/$G243)) | T243: =IF($AB$20="Yes","",IF($AB243="Empty","",IF(R243="yes",($S243/$S$17),IF(OR($S243>$R$17,$S243<$T$17),($S243/$S$17))))) | U243: =IF($AB$20="Yes","",IF($AB243="Empty","",IF($V$17="","",IF(OR($V243<$U$17,V243>$W$17),"NC","yes")))) | V243: =IF($AB$20="Yes","",IF($AB243="Empty","",$G243/$J243)) | W243: =IF($AB$20="Yes","",IF($AB243="Empty","",IF(U243="yes",(V243/V$17),IF(OR(V243<$U$17,V243>W$17),(V243/V$17))))) | X243: =IF($AC243="empty","",IF($AB243="Empty",$G243,"")) | Y243: =IF($AC243="empty","",IF($AB243="Empty",$H243,"")) | Z243: =IF($AC243="empty","",IF($AB243="Empty",$I243,"")) | AA243: =IF($AC243="empty","",IF($AB243="Empty",$J243,"")) | AB243: =IF(E243<>"y","Empty","Data") -> Empty | AC243: =IF(D243="","empty","data") -> empty
B244: 123 | L244: =IF($Y$22=0,"",IF($AB244="Empty","",IF($H244="","",IF($G244="","",IF($H244/$G244>=$L$22,"yes","NC"))))) | M244: =IF($Z$22=0,"",IF($AB244="Empty","",IF($I244="","",IF($I244="","",IF($I244/$G244>=$M$22,"yes","NC"))))) | N244: =IF($AA$22=0,"",IF($AB244="Empty","",IF($J244="","",IF($J244="","",IF($G244/$J244<=$N$22,"yes","NC"))))) | O244: =IF($AB$20="Yes","",IF($AB244="Empty","",IF($P$17="","",IF(OR($P244<$O$17,$P244>$Q$17),"NC","yes")))) | P244: =IF($AB$20="Yes","",IF($AB244="Empty","",$H244/$G244)) | Q244: =IF($AB$20="Yes","",IF($AB244="Empty","",IF(O244="yes",($P244/$P$17),IF(OR($P244<$O$17,$P244>$Q$17),($P244/$P$17))))) | R244: =IF($AB$20="Yes","",IF($AB244="Empty","",IF($S$17="","",IF(OR($S244<$R$17,$S244>$T$17),"NC","yes")))) | S244: =IF($AB$20="Yes","",IF($AB244="Empty","",$I244/$G244)) | T244: =IF($AB$20="Yes","",IF($AB244="Empty","",IF(R244="yes",($S244/$S$17),IF(OR($S244>$R$17,$S244<$T$17),($S244/$S$17))))) | U244: =IF($AB$20="Yes","",IF($AB244="Empty","",IF($V$17="","",IF(OR($V244<$U$17,V244>$W$17),"NC","yes")))) | V244: =IF($AB$20="Yes","",IF($AB244="Empty","",$G244/$J244)) | W244: =IF($AB$20="Yes","",IF($AB244="Empty","",IF(U244="yes",(V244/V$17),IF(OR(V244<$U$17,V244>W$17),(V244/V$17))))) | X244: =IF($AC244="empty","",IF($AB244="Empty",$G244,"")) | Y244: =IF($AC244="empty","",IF($AB244="Empty",$H244,"")) | Z244: =IF($AC244="empty","",IF($AB244="Empty",$I244,"")) | AA244: =IF($AC244="empty","",IF($AB244="Empty",$J244,"")) | AB244: =IF(E244<>"y","Empty","Data") -> Empty | AC244: =IF(D244="","empty","data") -> empty
B245: 124 | L245: =IF($Y$22=0,"",IF($AB245="Empty","",IF($H245="","",IF($G245="","",IF($H245/$G245>=$L$22,"yes","NC"))))) | M245: =IF($Z$22=0,"",IF($AB245="Empty","",IF($I245="","",IF($I245="","",IF($I245/$G245>=$M$22,"yes","NC"))))) | N245: =IF($AA$22=0,"",IF($AB245="Empty","",IF($J245="","",IF($J245="","",IF($G245/$J245<=$N$22,"yes","NC"))))) | O245: =IF($AB$20="Yes","",IF($AB245="Empty","",IF($P$17="","",IF(OR($P245<$O$17,$P245>$Q$17),"NC","yes")))) | P245: =IF($AB$20="Yes","",IF($AB245="Empty","",$H245/$G245)) | Q245: =IF($AB$20="Yes","",IF($AB245="Empty","",IF(O245="yes",($P245/$P$17),IF(OR($P245<$O$17,$P245>$Q$17),($P245/$P$17))))) | R245: =IF($AB$20="Yes","",IF($AB245="Empty","",IF($S$17="","",IF(OR($S245<$R$17,$S245>$T$17),"NC","yes")))) | S245: =IF($AB$20="Yes","",IF($AB245="Empty","",$I245/$G245)) | T245: =IF($AB$20="Yes","",IF($AB245="Empty","",IF(R245="yes",($S245/$S$17),IF(OR($S245>$R$17,$S245<$T$17),($S245/$S$17))))) | U245: =IF($AB$20="Yes","",IF($AB245="Empty","",IF($V$17="","",IF(OR($V245<$U$17,V245>$W$17),"NC","yes")))) | V245: =IF($AB$20="Yes","",IF($AB245="Empty","",$G245/$J245)) | W245: =IF($AB$20="Yes","",IF($AB245="Empty","",IF(U245="yes",(V245/V$17),IF(OR(V245<$U$17,V245>W$17),(V245/V$17))))) | X245: =IF($AC245="empty","",IF($AB245="Empty",$G245,"")) | Y245: =IF($AC245="empty","",IF($AB245="Empty",$H245,"")) | Z245: =IF($AC245="empty","",IF($AB245="Empty",$I245,"")) | AA245: =IF($AC245="empty","",IF($AB245="Empty",$J245,"")) | AB245: =IF(E245<>"y","Empty","Data") -> Empty | AC245: =IF(D245="","empty","data") -> empty
B246: 125 | L246: =IF($Y$22=0,"",IF($AB246="Empty","",IF($H246="","",IF($G246="","",IF($H246/$G246>=$L$22,"yes","NC"))))) | M246: =IF($Z$22=0,"",IF($AB246="Empty","",IF($I246="","",IF($I246="","",IF($I246/$G246>=$M$22,"yes","NC"))))) | N246: =IF($AA$22=0,"",IF($AB246="Empty","",IF($J246="","",IF($J246="","",IF($G246/$J246<=$N$22,"yes","NC"))))) | O246: =IF($AB$20="Yes","",IF($AB246="Empty","",IF($P$17="","",IF(OR($P246<$O$17,$P246>$Q$17),"NC","yes")))) | P246: =IF($AB$20="Yes","",IF($AB246="Empty","",$H246/$G246)) | Q246: =IF($AB$20="Yes","",IF($AB246="Empty","",IF(O246="yes",($P246/$P$17),IF(OR($P246<$O$17,$P246>$Q$17),($P246/$P$17))))) | R246: =IF($AB$20="Yes","",IF($AB246="Empty","",IF($S$17="","",IF(OR($S246<$R$17,$S246>$T$17),"NC","yes")))) | S246: =IF($AB$20="Yes","",IF($AB246="Empty","",$I246/$G246)) | T246: =IF($AB$20="Yes","",IF($AB246="Empty","",IF(R246="yes",($S246/$S$17),IF(OR($S246>$R$17,$S246<$T$17),($S246/$S$17))))) | U246: =IF($AB$20="Yes","",IF($AB246="Empty","",IF($V$17="","",IF(OR($V246<$U$17,V246>$W$17),"NC","yes")))) | V246: =IF($AB$20="Yes","",IF($AB246="Empty","",$G246/$J246)) | W246: =IF($AB$20="Yes","",IF($AB246="Empty","",IF(U246="yes",(V246/V$17),IF(OR(V246<$U$17,V246>W$17),(V246/V$17))))) | X246: =IF($AC246="empty","",IF($AB246="Empty",$G246,"")) | Y246: =IF($AC246="empty","",IF($AB246="Empty",$H246,"")) | Z246: =IF($AC246="empty","",IF($AB246="Empty",$I246,"")) | AA246: =IF($AC246="empty","",IF($AB246="Empty",$J246,"")) | AB246: =IF(E246<>"y","Empty","Data") -> Empty | AC246: =IF(D246="","empty","data") -> empty
L247: =IF($X$22=0,"",IF(E247="","",IF($H247="","",IF($G247="","",IF($H247/$G247>=$L$22,"yes","NC"))))) | M247: =IF($X$22=0,"",IF($E247="","",IF($H247="","",IF($I247="","",IF($I247/$G247>=$M$22,"yes","NC"))))) | N247: =IF($X$22=0,"",IF($E247="","",IF($H247="","",IF($J247="","",IF($G247/$J247<=$N$22,"yes","NC"))))) | O247: =IF($E247="","",IF($P$17="","",IF(OR($P247<$O$17,$P247>$Q$17),"NC","yes"))) | P247: =IF($E247="","",H247/$G247) | Q247: =IF($E247=0,"",IF(O247="yes",($P247/$P$17),IF(OR($P247<$O$17,$P247>$Q$17),($P247/$P$17)))) | R247: =IF($E247="","",IF($S$17="","",IF(OR($S247<$R$17,$S247>$T$17),"NC","yes"))) | S247: =IF($E247="","",$I247/$G247) | T247: =IF($E247=0,"",IF(R247="yes",($S247/$S$17),IF(OR($S247>$R$17,$S247<$T$17),($S247/$S$17)))) | U247: =IF($E247="","",IF($V$17="","",IF(OR($V247<$U$17,V247>$W$17),"NC","yes"))) | V247: =IF($E247="","",$G247/$J247) | W247: =IF($E247="","",IF(U247="yes",(V247/V$17),IF(OR(V247<$U119,V247>W$17),(V247/V$17)))) | X247: =IF(D247="","",IF($E247="",$G247,"")) | Y247: =IF($D247="","",IF($E247="",$H247,"")) | Z247: =IF($D247="","",IF($E247="",$I247,"")) | AA247: =IF($D247="","",IF($E247="",J247,""))

Sheet b
B1: =a!B1 -> Federal Fiscal Compliance and Reporting Division Comparability Computation Form (CCF) 2026-2027 School Year
B3: School System Information | L3: Primary Contact Information
B5: School System Name | D5: =a!D5 -> 0 | G5: County-District Number | J5: =a!J5 -> 0 | L5: Name | M5: =a!M5 -> 0 | R5: Phone | S5: =a!S5 -> 0 | U5: Ext | V5: =a!V5 -> 0
L7: Title | M7: =a!M7 -> 0 | R7: Email | S7: =a!S7 -> 0
J10: Campuses
J11: Total | L11: =COUNTA($C$23:$C$247) -> 0 | M11: =COUNTA($C$23:$C$247) -> 0 | N11: =COUNTA($C$23:$C$247) -> 0 | P11: =COUNTA($C$23:$C$247) -> 0 | S11: =COUNTA($C$23:$C$247) -> 0 | V11: =COUNTA($C$23:$C$247) -> 0
J12: Title I, Part A | L12: =COUNTIF($E$23:$E$247,"Y") -> 0 | M12: =COUNTIF($E$23:$E$247,"Y") -> 0 | N12: =COUNTIF($E$23:$E$247,"Y") -> 0 | P12: =COUNTIF($E$23:$E$247,"Y") -> 0 | S12: =COUNTIF($E$23:$E$247,"Y") -> 0 | V12: =COUNTIF($E$23:$E$247,"Y") -> 0
F13: Grade Span Group | J13: NonTitle I, Part A | L13: =L11-L12 -> 0 | M13: =M11-M12 -> 0 | N13: =N11-N12 -> 0 | P13: =P11-P12 -> 0 | S13: =S11-S12 -> 0 | V13: =V11-V12 -> 0
A14: COUNTA campus # | C14: Form must contain at least two campuses. Enter current school year budget data. | F14: [Elementary, Middle, or High] | J14: Title I, Part A, Comparable | L14: =COUNTIF(L23:L247,"Yes") -> 0 | M14: =COUNTIF(M23:M247,"Yes") -> 0 | N14: =COUNTIF(N23:N247,"Yes") -> 0 | P14: =COUNTIF($O23:$O247,"Yes") -> 0 | S14: =COUNTIF($R23:$R247,"Yes") -> 0 | V14: =COUNTIF($U23:$U247,"Yes") -> 0
A15: =COUNTA(C$23:C$237) -> 0 | C15: For further information, review the instructions | J15: Title I, Part A, Not Comparable | L15: =COUNTIF(L23:L247,"NC") -> 0 | M15: =COUNTIF(M23:M247,"NC") -> 0 | N15: =COUNTIF(N23:N247,"NC") -> 0 | P15: =COUNTIF($O23:$O247,"NC") -> 0 | S15: =COUNTIF($R23:$R247,"NC") -> 0 | V15: =COUNTIF($U23:$U247,"NC") -> 0
A16: COUNTIF Title1, Part A or Skipped | G16: All tests | H16: Test 1 Input | I16: Test 2 Input | J16: Test 3 Input | O16: 0.9 | P16: Grade Span (GS) Base | Q16: 1.1 | R16: 0.9 | S16: Grade Span (GS) Base | T16: 1.1 | U16: 0.9 | V16: Grade Span (GS) Base | W16: 1.1 | X16: T1 Only | Y16: Title I Only | Z16: Title I Only | AA16: Title I Only
A17: =COUNTIF(E$23:E$237,"Y") -> 0 | O17: =IF($P17="","",($P$17*0.9)) | P17: =IF($G22=0,"",$H$22/$G$22) | Q17: =IF(P17="","",($P$17*1.1)) | R17: =IF($S$17="","",($S$17*0.9)) | S17: =IF($G22=0,"",$I$22/$G$22) | T17: =IF($S$17="","",($S$17*1.1)) | U17: =IF($V17="","",($V$17*0.9)) | V17: =IF($G22=0,"",$G$22/$J$22) | W17: =IF(V17="","",($V$17*1.1)) | AB17: =COUNTIF(AB23:AB247,"Data") -> 0
L18: "A" Section Test Results | O18: "B" Section Test Results
A19: =A12-A14 -> #VALUE! | C19: required | D19: required | E19: required | G19: required | X19: =SUM($X$23:$X$246) -> 0 | Y19: =SUM($Y$23:$Y$246) -> 0 | Z19: =SUM($Z$23:$Z$246) -> 0 | AA19: =SUM($AA$23:$AA$246) -> 0 | AB19: Blank field Calc
B20: # | C20: Campus # | D20: Campus Name | E20: Title I, Part A or Skipped Campus? (enter Y for Yes leave blank for No) | G20: Campus Enrollment | H20: Campus State/Local Expenditures | I20: Campus Base Salaries for Non-Federal Instructional Staff | J20: Campus Non Federal Instructional Staff FTE's | L20: TEST 1 | M20: TEST 2 | N20: TEST 3 | O20: TEST 1 | R20: TEST 2 | U20: TEST 3 | X20: Non Title I GS Enrollment | Y20: Non Title I GS State/Local Expenditures | Z20: Non Title I GS Base Salaries for Non-Federal Instructional Staff | AA20: Non Title I GS Non Federal Instructional Staff FTE's | AB20: =IF(L11>AB17,"Yes","No") -> No
A21: Difference between "Campus count" and "Title 1, Part A or Skipped count" | L21: Exp / Enroll | M21: Base Sal / Enroll | N21: Enroll / FTE's | O21: Comp or NC | P21: Campus State & Local Expenditures per Pupil | Q21: Campus to GS Base | R21: Comp or NC | S21: Campus Base Salary per Pupil | T21: Campus to GS Base | U21: Comp or NC | V21: Campus Pupil per FTEs | W21: Campus to GS Base
A22: =A15-A17 -> 0 | E22: Grade Span Totals | G22: =SUM($G23:$G247) -> 0 | H22: =SUM($H23:$H247) -> 0 | I22: =SUM($I23:$I247) -> 0 | J22: =SUM(J23:J247) -> 0 | L22: =IF( $AB$20="No","",SUM($Y23:$Y246)/SUM($X23:$X246)*0.9) | M22: =IF( $AB$20="No","",SUM($Z23:$Z246)/SUM($X23:$X246)*0.9) | N22: =IF( $AB$20="No","",SUM($X23:$X246)/SUM($AA23:$AA246)*1.1) | P22: =IF( $J$5="","",AVERAGE(P23:P246)) -> #DIV/0! | S22: =IF($J$5="","",AVERAGE(S23:S246)) -> #DIV/0! | V22: =IF($J$5="","",AVERAGE(V23:V246)) -> #DIV/0! | X22: =SUM($X$23:$X$246) -> 0 | Y22: =SUM($Y$23:$Y$246) -> 0 | Z22: =SUM($Z$23:$Z$246) -> 0 | AA22: =SUM($AA$23:$AA$246) -> 0 | AB22: Blank field Calc
B23: 1 | L23: =IF($Y$22=0,"",IF($AB23="Empty","",IF($H23="","",IF($G23="","",IF($H23/$G23>=$L$22,"yes","NC"))))) | M23: =IF($Z$22=0,"",IF($AB23="Empty","",IF($I23="","",IF($I23="","",IF($I23/$G23>=$M$22,"yes","NC"))))) | N23: =IF($AA$22=0,"",IF($AB23="Empty","",IF($J23="","",IF($J23="","",IF($G23/$J23<=$N$22,"yes","NC"))))) | O23: =IF($AB$20="Yes","",IF($AB23="Empty","",IF($P$17="","",IF(OR($P23<$O$17,$P23>$Q$17),"NC","yes")))) | P23: =IF($AB$20="Yes","",IF($AB23="Empty","",$H23/$G23)) | Q23: =IF($AB$20="Yes","",IF($AB23="Empty","",IF(O23="yes",($P23/$P$17),IF(OR($P23<$O$17,$P23>$Q$17),($P23/$P$17))))) | R23: =IF($AB$20="Yes","",IF($AB23="Empty","",IF($S$17="","",IF(OR($S23<$R$17,$S23>$T$17),"NC","yes")))) | S23: =IF($AB$20="Yes","",IF($AB23="Empty","",$I23/$G23)) | T23: =IF($AB$20="Yes","",IF($AB23="Empty","",IF(R23="yes",($S23/$S$17),IF(OR($S23>$R$17,$S23<$T$17),($S23/$S$17))))) | U23: =IF($AB$20="Yes","",IF($AB23="Empty","",IF($V$17="","",IF(OR($V23<$U$17,V23>$W$17),"NC","yes")))) | V23: =IF($AB$20="Yes","",IF($AB23="Empty","",$G23/$J23)) | W23: =IF($AB$20="Yes","",IF($AB23="Empty","",IF(U23="yes",(V23/V$17),IF(OR(V23<$U$17,V23>W$17),(V23/V$17))))) | X23: =IF($AC23="empty","",IF($AB23="Empty",$G23,"")) | Y23: =IF($AC23="empty","",IF($AB23="Empty",$H23,"")) | Z23: =IF($AC23="empty","",IF($AB23="Empty",$I23,"")) | AA23: =IF($AC23="empty","",IF($AB23="Empty",$J23,"")) | AB23: =IF(E23<>"y","Empty","Data") -> Empty | AC23: =IF(D23="","empty","data") -> empty | AG23: Elem. Grade Span Group
B24: 2 | L24: =IF($Y$22=0,"",IF($AB24="Empty","",IF($H24="","",IF($G24="","",IF($H24/$G24>=$L$22,"yes","NC"))))) | M24: =IF($Z$22=0,"",IF($AB24="Empty","",IF($I24="","",IF($I24="","",IF($I24/$G24>=$M$22,"yes","NC"))))) | N24: =IF($AA$22=0,"",IF($AB24="Empty","",IF($J24="","",IF($J24="","",IF($G24/$J24<=$N$22,"yes","NC"))))) | O24: =IF($AB$20="Yes","",IF($AB24="Empty","",IF($P$17="","",IF(OR($P24<$O$17,$P24>$Q$17),"NC","yes")))) | P24: =IF($AB$20="Yes","",IF($AB24="Empty","",$H24/$G24)) | Q24: =IF($AB$20="Yes","",IF($AB24="Empty","",IF(O24="yes",($P24/$P$17),IF(OR($P24<$O$17,$P24>$Q$17),($P24/$P$17))))) | R24: =IF($AB$20="Yes","",IF($AB24="Empty","",IF($S$17="","",IF(OR($S24<$R$17,$S24>$T$17),"NC","yes")))) | S24: =IF($AB$20="Yes","",IF($AB24="Empty","",$I24/$G24)) | T24: =IF($AB$20="Yes","",IF($AB24="Empty","",IF(R24="yes",($S24/$S$17),IF(OR($S24>$R$17,$S24<$T$17),($S24/$S$17))))) | U24: =IF($AB$20="Yes","",IF($AB24="Empty","",IF($V$17="","",IF(OR($V24<$U$17,V24>$W$17),"NC","yes")))) | V24: =IF($AB$20="Yes","",IF($AB24="Empty","",$G24/$J24)) | W24: =IF($AB$20="Yes","",IF($AB24="Empty","",IF(U24="yes",(V24/V$17),IF(OR(V24<$U$17,V24>W$17),(V24/V$17))))) | X24: =IF($AC24="empty","",IF($AB24="Empty",$G24,"")) | Y24: =IF($AC24="empty","",IF($AB24="Empty",$H24,"")) | Z24: =IF($AC24="empty","",IF($AB24="Empty",$I24,"")) | AA24: =IF($AC24="empty","",IF($AB24="Empty",$J24,"")) | AB24: =IF(E24<>"y","Empty","Data") -> Empty | AC24: =IF(D24="","empty","data") -> empty | AG24: Middle Grade Span Group
B25: 3 | L25: =IF($Y$22=0,"",IF($AB25="Empty","",IF($H25="","",IF($G25="","",IF($H25/$G25>=$L$22,"yes","NC"))))) | M25: =IF($Z$22=0,"",IF($AB25="Empty","",IF($I25="","",IF($I25="","",IF($I25/$G25>=$M$22,"yes","NC"))))) | N25: =IF($AA$22=0,"",IF($AB25="Empty","",IF($J25="","",IF($J25="","",IF($G25/$J25<=$N$22,"yes","NC"))))) | O25: =IF($AB$20="Yes","",IF($AB25="Empty","",IF($P$17="","",IF(OR($P25<$O$17,$P25>$Q$17),"NC","yes")))) | P25: =IF($AB$20="Yes","",IF($AB25="Empty","",$H25/$G25)) | Q25: =IF($AB$20="Yes","",IF($AB25="Empty","",IF(O25="yes",($P25/$P$17),IF(OR($P25<$O$17,$P25>$Q$17),($P25/$P$17))))) | R25: =IF($AB$20="Yes","",IF($AB25="Empty","",IF($S$17="","",IF(OR($S25<$R$17,$S25>$T$17),"NC","yes")))) | S25: =IF($AB$20="Yes","",IF($AB25="Empty","",$I25/$G25)) | T25: =IF($AB$20="Yes","",IF($AB25="Empty","",IF(R25="yes",($S25/$S$17),IF(OR($S25>$R$17,$S25<$T$17),($S25/$S$17))))) | U25: =IF($AB$20="Yes","",IF($AB25="Empty","",IF($V$17="","",IF(OR($V25<$U$17,V25>$W$17),"NC","yes")))) | V25: =IF($AB$20="Yes","",IF($AB25="Empty","",$G25/$J25)) | W25: =IF($AB$20="Yes","",IF($AB25="Empty","",IF(U25="yes",(V25/V$17),IF(OR(V25<$U$17,V25>W$17),(V25/V$17))))) | X25: =IF($AC25="empty","",IF($AB25="Empty",$G25,"")) | Y25: =IF($AC25="empty","",IF($AB25="Empty",$H25,"")) | Z25: =IF($AC25="empty","",IF($AB25="Empty",$I25,"")) | AA25: =IF($AC25="empty","",IF($AB25="Empty",$J25,"")) | AB25: =IF(E25<>"y","Empty","Data") -> Empty | AC25: =IF(D25="","empty","data") -> empty | AG25: High Grade Span Group
B26: 4 | L26: =IF($Y$22=0,"",IF($AB26="Empty","",IF($H26="","",IF($G26="","",IF($H26/$G26>=$L$22,"yes","NC"))))) | M26: =IF($Z$22=0,"",IF($AB26="Empty","",IF($I26="","",IF($I26="","",IF($I26/$G26>=$M$22,"yes","NC"))))) | N26: =IF($AA$22=0,"",IF($AB26="Empty","",IF($J26="","",IF($J26="","",IF($G26/$J26<=$N$22,"yes","NC"))))) | O26: =IF($AB$20="Yes","",IF($AB26="Empty","",IF($P$17="","",IF(OR($P26<$O$17,$P26>$Q$17),"NC","yes")))) | P26: =IF($AB$20="Yes","",IF($AB26="Empty","",$H26/$G26)) | Q26: =IF($AB$20="Yes","",IF($AB26="Empty","",IF(O26="yes",($P26/$P$17),IF(OR($P26<$O$17,$P26>$Q$17),($P26/$P$17))))) | R26: =IF($AB$20="Yes","",IF($AB26="Empty","",IF($S$17="","",IF(OR($S26<$R$17,$S26>$T$17),"NC","yes")))) | S26: =IF($AB$20="Yes","",IF($AB26="Empty","",$I26/$G26)) | T26: =IF($AB$20="Yes","",IF($AB26="Empty","",IF(R26="yes",($S26/$S$17),IF(OR($S26>$R$17,$S26<$T$17),($S26/$S$17))))) | U26: =IF($AB$20="Yes","",IF($AB26="Empty","",IF($V$17="","",IF(OR($V26<$U$17,V26>$W$17),"NC","yes")))) | V26: =IF($AB$20="Yes","",IF($AB26="Empty","",$G26/$J26)) | W26: =IF($AB$20="Yes","",IF($AB26="Empty","",IF(U26="yes",(V26/V$17),IF(OR(V26<$U$17,V26>W$17),(V26/V$17))))) | X26: =IF($AC26="empty","",IF($AB26="Empty",$G26,"")) | Y26: =IF($AC26="empty","",IF($AB26="Empty",$H26,"")) | Z26: =IF($AC26="empty","",IF($AB26="Empty",$I26,"")) | AA26: =IF($AC26="empty","",IF($AB26="Empty",$J26,"")) | AB26: =IF(E26<>"y","Empty","Data") -> Empty | AC26: =IF(D26="","empty","data") -> empty | AG26: Elem. Grade Span Group/Low
B27: 5 | L27: =IF($Y$22=0,"",IF($AB27="Empty","",IF($H27="","",IF($G27="","",IF($H27/$G27>=$L$22,"yes","NC"))))) | M27: =IF($Z$22=0,"",IF($AB27="Empty","",IF($I27="","",IF($I27="","",IF($I27/$G27>=$M$22,"yes","NC"))))) | N27: =IF($AA$22=0,"",IF($AB27="Empty","",IF($J27="","",IF($J27="","",IF($G27/$J27<=$N$22,"yes","NC"))))) | O27: =IF($AB$20="Yes","",IF($AB27="Empty","",IF($P$17="","",IF(OR($P27<$O$17,$P27>$Q$17),"NC","yes")))) | P27: =IF($AB$20="Yes","",IF($AB27="Empty","",$H27/$G27)) | Q27: =IF($AB$20="Yes","",IF($AB27="Empty","",IF(O27="yes",($P27/$P$17),IF(OR($P27<$O$17,$P27>$Q$17),($P27/$P$17))))) | R27: =IF($AB$20="Yes","",IF($AB27="Empty","",IF($S$17="","",IF(OR($S27<$R$17,$S27>$T$17),"NC","yes")))) | S27: =IF($AB$20="Yes","",IF($AB27="Empty","",$I27/$G27)) | T27: =IF($AB$20="Yes","",IF($AB27="Empty","",IF(R27="yes",($S27/$S$17),IF(OR($S27>$R$17,$S27<$T$17),($S27/$S$17))))) | U27: =IF($AB$20="Yes","",IF($AB27="Empty","",IF($V$17="","",IF(OR($V27<$U$17,V27>$W$17),"NC","yes")))) | V27: =IF($AB$20="Yes","",IF($AB27="Empty","",$G27/$J27)) | W27: =IF($AB$20="Yes","",IF($AB27="Empty","",IF(U27="yes",(V27/V$17),IF(OR(V27<$U$17,V27>W$17),(V27/V$17))))) | X27: =IF($AC27="empty","",IF($AB27="Empty",$G27,"")) | Y27: =IF($AC27="empty","",IF($AB27="Empty",$H27,"")) | Z27: =IF($AC27="empty","",IF($AB27="Empty",$I27,"")) | AA27: =IF($AC27="empty","",IF($AB27="Empty",$J27,"")) | AB27: =IF(E27<>"y","Empty","Data") -> Empty | AC27: =IF(D27="","empty","data") -> empty | AG27: Elem. Grade Span Group/High
B28: 6 | L28: =IF($Y$22=0,"",IF($AB28="Empty","",IF($H28="","",IF($G28="","",IF($H28/$G28>=$L$22,"yes","NC"))))) | M28: =IF($Z$22=0,"",IF($AB28="Empty","",IF($I28="","",IF($I28="","",IF($I28/$G28>=$M$22,"yes","NC"))))) | N28: =IF($AA$22=0,"",IF($AB28="Empty","",IF($J28="","",IF($J28="","",IF($G28/$J28<=$N$22,"yes","NC"))))) | O28: =IF($AB$20="Yes","",IF($AB28="Empty","",IF($P$17="","",IF(OR($P28<$O$17,$P28>$Q$17),"NC","yes")))) | P28: =IF($AB$20="Yes","",IF($AB28="Empty","",$H28/$G28)) | Q28: =IF($AB$20="Yes","",IF($AB28="Empty","",IF(O28="yes",($P28/$P$17),IF(OR($P28<$O$17,$P28>$Q$17),($P28/$P$17))))) | R28: =IF($AB$20="Yes","",IF($AB28="Empty","",IF($S$17="","",IF(OR($S28<$R$17,$S28>$T$17),"NC","yes")))) | S28: =IF($AB$20="Yes","",IF($AB28="Empty","",$I28/$G28)) | T28: =IF($AB$20="Yes","",IF($AB28="Empty","",IF(R28="yes",($S28/$S$17),IF(OR($S28>$R$17,$S28<$T$17),($S28/$S$17))))) | U28: =IF($AB$20="Yes","",IF($AB28="Empty","",IF($V$17="","",IF(OR($V28<$U$17,V28>$W$17),"NC","yes")))) | V28: =IF($AB$20="Yes","",IF($AB28="Empty","",$G28/$J28)) | W28: =IF($AB$20="Yes","",IF($AB28="Empty","",IF(U28="yes",(V28/V$17),IF(OR(V28<$U$17,V28>W$17),(V28/V$17))))) | X28: =IF($AC28="empty","",IF($AB28="Empty",$G28,"")) | Y28: =IF($AC28="empty","",IF($AB28="Empty",$H28,"")) | Z28: =IF($AC28="empty","",IF($AB28="Empty",$I28,"")) | AA28: =IF($AC28="empty","",IF($AB28="Empty",$J28,"")) | AB28: =IF(E28<>"y","Empty","Data") -> Empty | AC28: =IF(D28="","empty","data") -> empty | AG28: Middle Grade Span Group/Low
B29: 7 | L29: =IF($Y$22=0,"",IF($AB29="Empty","",IF($H29="","",IF($G29="","",IF($H29/$G29>=$L$22,"yes","NC"))))) | M29: =IF($Z$22=0,"",IF($AB29="Empty","",IF($I29="","",IF($I29="","",IF($I29/$G29>=$M$22,"yes","NC"))))) | N29: =IF($AA$22=0,"",IF($AB29="Empty","",IF($J29="","",IF($J29="","",IF($G29/$J29<=$N$22,"yes","NC"))))) | O29: =IF($AB$20="Yes","",IF($AB29="Empty","",IF($P$17="","",IF(OR($P29<$O$17,$P29>$Q$17),"NC","yes")))) | P29: =IF($AB$20="Yes","",IF($AB29="Empty","",$H29/$G29)) | Q29: =IF($AB$20="Yes","",IF($AB29="Empty","",IF(O29="yes",($P29/$P$17),IF(OR($P29<$O$17,$P29>$Q$17),($P29/$P$17))))) | R29: =IF($AB$20="Yes","",IF($AB29="Empty","",IF($S$17="","",IF(OR($S29<$R$17,$S29>$T$17),"NC","yes")))) | S29: =IF($AB$20="Yes","",IF($AB29="Empty","",$I29/$G29)) | T29: =IF($AB$20="Yes","",IF($AB29="Empty","",IF(R29="yes",($S29/$S$17),IF(OR($S29>$R$17,$S29<$T$17),($S29/$S$17))))) | U29: =IF($AB$20="Yes","",IF($AB29="Empty","",IF($V$17="","",IF(OR($V29<$U$17,V29>$W$17),"NC","yes")))) | V29: =IF($AB$20="Yes","",IF($AB29="Empty","",$G29/$J29)) | W29: =IF($AB$20="Yes","",IF($AB29="Empty","",IF(U29="yes",(V29/V$17),IF(OR(V29<$U$17,V29>W$17),(V29/V$17))))) | X29: =IF($AC29="empty","",IF($AB29="Empty",$G29,"")) | Y29: =IF($AC29="empty","",IF($AB29="Empty",$H29,"")) | Z29: =IF($AC29="empty","",IF($AB29="Empty",$I29,"")) | AA29: =IF($AC29="empty","",IF($AB29="Empty",$J29,"")) | AB29: =IF(E29<>"y","Empty","Data") -> Empty | AC29: =IF(D29="","empty","data") -> empty | AG29: Middle Grade Span Group/High
B30: 8 | L30: =IF($Y$22=0,"",IF($AB30="Empty","",IF($H30="","",IF($G30="","",IF($H30/$G30>=$L$22,"yes","NC"))))) | M30: =IF($Z$22=0,"",IF($AB30="Empty","",IF($I30="","",IF($I30="","",IF($I30/$G30>=$M$22,"yes","NC"))))) | N30: =IF($AA$22=0,"",IF($AB30="Empty","",IF($J30="","",IF($J30="","",IF($G30/$J30<=$N$22,"yes","NC"))))) | O30: =IF($AB$20="Yes","",IF($AB30="Empty","",IF($P$17="","",IF(OR($P30<$O$17,$P30>$Q$17),"NC","yes")))) | P30: =IF($AB$20="Yes","",IF($AB30="Empty","",$H30/$G30)) | Q30: =IF($AB$20="Yes","",IF($AB30="Empty","",IF(O30="yes",($P30/$P$17),IF(OR($P30<$O$17,$P30>$Q$17),($P30/$P$17))))) | R30: =IF($AB$20="Yes","",IF($AB30="Empty","",IF($S$17="","",IF(OR($S30<$R$17,$S30>$T$17),"NC","yes")))) | S30: =IF($AB$20="Yes","",IF($AB30="Empty","",$I30/$G30)) | T30: =IF($AB$20="Yes","",IF($AB30="Empty","",IF(R30="yes",($S30/$S$17),IF(OR($S30>$R$17,$S30<$T$17),($S30/$S$17))))) | U30: =IF($AB$20="Yes","",IF($AB30="Empty","",IF($V$17="","",IF(OR($V30<$U$17,V30>$W$17),"NC","yes")))) | V30: =IF($AB$20="Yes","",IF($AB30="Empty","",$G30/$J30)) | W30: =IF($AB$20="Yes","",IF($AB30="Empty","",IF(U30="yes",(V30/V$17),IF(OR(V30<$U$17,V30>W$17),(V30/V$17))))) | X30: =IF($AC30="empty","",IF($AB30="Empty",$G30,"")) | Y30: =IF($AC30="empty","",IF($AB30="Empty",$H30,"")) | Z30: =IF($AC30="empty","",IF($AB30="Empty",$I30,"")) | AA30: =IF($AC30="empty","",IF($AB30="Empty",$J30,"")) | AB30: =IF(E30<>"y","Empty","Data") -> Empty | AC30: =IF(D30="","empty","data") -> empty | AG30: High Grade Span Group/Low
B31: 9 | L31: =IF($Y$22=0,"",IF($AB31="Empty","",IF($H31="","",IF($G31="","",IF($H31/$G31>=$L$22,"yes","NC"))))) | M31: =IF($Z$22=0,"",IF($AB31="Empty","",IF($I31="","",IF($I31="","",IF($I31/$G31>=$M$22,"yes","NC"))))) | N31: =IF($AA$22=0,"",IF($AB31="Empty","",IF($J31="","",IF($J31="","",IF($G31/$J31<=$N$22,"yes","NC"))))) | O31: =IF($AB$20="Yes","",IF($AB31="Empty","",IF($P$17="","",IF(OR($P31<$O$17,$P31>$Q$17),"NC","yes")))) | P31: =IF($AB$20="Yes","",IF($AB31="Empty","",$H31/$G31)) | Q31: =IF($AB$20="Yes","",IF($AB31="Empty","",IF(O31="yes",($P31/$P$17),IF(OR($P31<$O$17,$P31>$Q$17),($P31/$P$17))))) | R31: =IF($AB$20="Yes","",IF($AB31="Empty","",IF($S$17="","",IF(OR($S31<$R$17,$S31>$T$17),"NC","yes")))) | S31: =IF($AB$20="Yes","",IF($AB31="Empty","",$I31/$G31)) | T31: =IF($AB$20="Yes","",IF($AB31="Empty","",IF(R31="yes",($S31/$S$17),IF(OR($S31>$R$17,$S31<$T$17),($S31/$S$17))))) | U31: =IF($AB$20="Yes","",IF($AB31="Empty","",IF($V$17="","",IF(OR($V31<$U$17,V31>$W$17),"NC","yes")))) | V31: =IF($AB$20="Yes","",IF($AB31="Empty","",$G31/$J31)) | W31: =IF($AB$20="Yes","",IF($AB31="Empty","",IF(U31="yes",(V31/V$17),IF(OR(V31<$U$17,V31>W$17),(V31/V$17))))) | X31: =IF($AC31="empty","",IF($AB31="Empty",$G31,"")) | Y31: =IF($AC31="empty","",IF($AB31="Empty",$H31,"")) | Z31: =IF($AC31="empty","",IF($AB31="Empty",$I31,"")) | AA31: =IF($AC31="empty","",IF($AB31="Empty",$J31,"")) | AB31: =IF(E31<>"y","Empty","Data") -> Empty | AC31: =IF(D31="","empty","data") -> empty | AG31: High Grade Span Group/High
B32: 10 | L32: =IF($Y$22=0,"",IF($AB32="Empty","",IF($H32="","",IF($G32="","",IF($H32/$G32>=$L$22,"yes","NC"))))) | M32: =IF($Z$22=0,"",IF($AB32="Empty","",IF($I32="","",IF($I32="","",IF($I32/$G32>=$M$22,"yes","NC"))))) | N32: =IF($AA$22=0,"",IF($AB32="Empty","",IF($J32="","",IF($J32="","",IF($G32/$J32<=$N$22,"yes","NC"))))) | O32: =IF($AB$20="Yes","",IF($AB32="Empty","",IF($P$17="","",IF(OR($P32<$O$17,$P32>$Q$17),"NC","yes")))) | P32: =IF($AB$20="Yes","",IF($AB32="Empty","",$H32/$G32)) | Q32: =IF($AB$20="Yes","",IF($AB32="Empty","",IF(O32="yes",($P32/$P$17),IF(OR($P32<$O$17,$P32>$Q$17),($P32/$P$17))))) | R32: =IF($AB$20="Yes","",IF($AB32="Empty","",IF($S$17="","",IF(OR($S32<$R$17,$S32>$T$17),"NC","yes")))) | S32: =IF($AB$20="Yes","",IF($AB32="Empty","",$I32/$G32)) | T32: =IF($AB$20="Yes","",IF($AB32="Empty","",IF(R32="yes",($S32/$S$17),IF(OR($S32>$R$17,$S32<$T$17),($S32/$S$17))))) | U32: =IF($AB$20="Yes","",IF($AB32="Empty","",IF($V$17="","",IF(OR($V32<$U$17,V32>$W$17),"NC","yes")))) | V32: =IF($AB$20="Yes","",IF($AB32="Empty","",$G32/$J32)) | W32: =IF($AB$20="Yes","",IF($AB32="Empty","",IF(U32="yes",(V32/V$17),IF(OR(V32<$U$17,V32>W$17),(V32/V$17))))) | X32: =IF($AC32="empty","",IF($AB32="Empty",$G32,"")) | Y32: =IF($AC32="empty","",IF($AB32="Empty",$H32,"")) | Z32: =IF($AC32="empty","",IF($AB32="Empty",$I32,"")) | AA32: =IF($AC32="empty","",IF($AB32="Empty",$J32,"")) | AB32: =IF(E32<>"y","Empty","Data") -> Empty | AC32: =IF(D32="","empty","data") -> empty
B33: 11 | L33: =IF($Y$22=0,"",IF($AB33="Empty","",IF($H33="","",IF($G33="","",IF($H33/$G33>=$L$22,"yes","NC"))))) | M33: =IF($Z$22=0,"",IF($AB33="Empty","",IF($I33="","",IF($I33="","",IF($I33/$G33>=$M$22,"yes","NC"))))) | N33: =IF($AA$22=0,"",IF($AB33="Empty","",IF($J33="","",IF($J33="","",IF($G33/$J33<=$N$22,"yes","NC"))))) | O33: =IF($AB$20="Yes","",IF($AB33="Empty","",IF($P$17="","",IF(OR($P33<$O$17,$P33>$Q$17),"NC","yes")))) | P33: =IF($AB$20="Yes","",IF($AB33="Empty","",$H33/$G33)) | Q33: =IF($AB$20="Yes","",IF($AB33="Empty","",IF(O33="yes",($P33/$P$17),IF(OR($P33<$O$17,$P33>$Q$17),($P33/$P$17))))) | R33: =IF($AB$20="Yes","",IF($AB33="Empty","",IF($S$17="","",IF(OR($S33<$R$17,$S33>$T$17),"NC","yes")))) | S33: =IF($AB$20="Yes","",IF($AB33="Empty","",$I33/$G33)) | T33: =IF($AB$20="Yes","",IF($AB33="Empty","",IF(R33="yes",($S33/$S$17),IF(OR($S33>$R$17,$S33<$T$17),($S33/$S$17))))) | U33: =IF($AB$20="Yes","",IF($AB33="Empty","",IF($V$17="","",IF(OR($V33<$U$17,V33>$W$17),"NC","yes")))) | V33: =IF($AB$20="Yes","",IF($AB33="Empty","",$G33/$J33)) | W33: =IF($AB$20="Yes","",IF($AB33="Empty","",IF(U33="yes",(V33/V$17),IF(OR(V33<$U$17,V33>W$17),(V33/V$17))))) | X33: =IF($AC33="empty","",IF($AB33="Empty",$G33,"")) | Y33: =IF($AC33="empty","",IF($AB33="Empty",$H33,"")) | Z33: =IF($AC33="empty","",IF($AB33="Empty",$I33,"")) | AA33: =IF($AC33="empty","",IF($AB33="Empty",$J33,"")) | AB33: =IF(E33<>"y","Empty","Data") -> Empty | AC33: =IF(D33="","empty","data") -> empty
B34: 12 | L34: =IF($Y$22=0,"",IF($AB34="Empty","",IF($H34="","",IF($G34="","",IF($H34/$G34>=$L$22,"yes","NC"))))) | M34: =IF($Z$22=0,"",IF($AB34="Empty","",IF($I34="","",IF($I34="","",IF($I34/$G34>=$M$22,"yes","NC"))))) | N34: =IF($AA$22=0,"",IF($AB34="Empty","",IF($J34="","",IF($J34="","",IF($G34/$J34<=$N$22,"yes","NC"))))) | O34: =IF($AB$20="Yes","",IF($AB34="Empty","",IF($P$17="","",IF(OR($P34<$O$17,$P34>$Q$17),"NC","yes")))) | P34: =IF($AB$20="Yes","",IF($AB34="Empty","",$H34/$G34)) | Q34: =IF($AB$20="Yes","",IF($AB34="Empty","",IF(O34="yes",($P34/$P$17),IF(OR($P34<$O$17,$P34>$Q$17),($P34/$P$17))))) | R34: =IF($AB$20="Yes","",IF($AB34="Empty","",IF($S$17="","",IF(OR($S34<$R$17,$S34>$T$17),"NC","yes")))) | S34: =IF($AB$20="Yes","",IF($AB34="Empty","",$I34/$G34)) | T34: =IF($AB$20="Yes","",IF($AB34="Empty","",IF(R34="yes",($S34/$S$17),IF(OR($S34>$R$17,$S34<$T$17),($S34/$S$17))))) | U34: =IF($AB$20="Yes","",IF($AB34="Empty","",IF($V$17="","",IF(OR($V34<$U$17,V34>$W$17),"NC","yes")))) | V34: =IF($AB$20="Yes","",IF($AB34="Empty","",$G34/$J34)) | W34: =IF($AB$20="Yes","",IF($AB34="Empty","",IF(U34="yes",(V34/V$17),IF(OR(V34<$U$17,V34>W$17),(V34/V$17))))) | X34: =IF($AC34="empty","",IF($AB34="Empty",$G34,"")) | Y34: =IF($AC34="empty","",IF($AB34="Empty",$H34,"")) | Z34: =IF($AC34="empty","",IF($AB34="Empty",$I34,"")) | AA34: =IF($AC34="empty","",IF($AB34="Empty",$J34,"")) | AB34: =IF(E34<>"y","Empty","Data") -> Empty | AC34: =IF(D34="","empty","data") -> empty
B35: 13 | L35: =IF($Y$22=0,"",IF($AB35="Empty","",IF($H35="","",IF($G35="","",IF($H35/$G35>=$L$22,"yes","NC"))))) | M35: =IF($Z$22=0,"",IF($AB35="Empty","",IF($I35="","",IF($I35="","",IF($I35/$G35>=$M$22,"yes","NC"))))) | N35: =IF($AA$22=0,"",IF($AB35="Empty","",IF($J35="","",IF($J35="","",IF($G35/$J35<=$N$22,"yes","NC"))))) | O35: =IF($AB$20="Yes","",IF($AB35="Empty","",IF($P$17="","",IF(OR($P35<$O$17,$P35>$Q$17),"NC","yes")))) | P35: =IF($AB$20="Yes","",IF($AB35="Empty","",$H35/$G35)) | Q35: =IF($AB$20="Yes","",IF($AB35="Empty","",IF(O35="yes",($P35/$P$17),IF(OR($P35<$O$17,$P35>$Q$17),($P35/$P$17))))) | R35: =IF($AB$20="Yes","",IF($AB35="Empty","",IF($S$17="","",IF(OR($S35<$R$17,$S35>$T$17),"NC","yes")))) | S35: =IF($AB$20="Yes","",IF($AB35="Empty","",$I35/$G35)) | T35: =IF($AB$20="Yes","",IF($AB35="Empty","",IF(R35="yes",($S35/$S$17),IF(OR($S35>$R$17,$S35<$T$17),($S35/$S$17))))) | U35: =IF($AB$20="Yes","",IF($AB35="Empty","",IF($V$17="","",IF(OR($V35<$U$17,V35>$W$17),"NC","yes")))) | V35: =IF($AB$20="Yes","",IF($AB35="Empty","",$G35/$J35)) | W35: =IF($AB$20="Yes","",IF($AB35="Empty","",IF(U35="yes",(V35/V$17),IF(OR(V35<$U$17,V35>W$17),(V35/V$17))))) | X35: =IF($AC35="empty","",IF($AB35="Empty",$G35,"")) | Y35: =IF($AC35="empty","",IF($AB35="Empty",$H35,"")) | Z35: =IF($AC35="empty","",IF($AB35="Empty",$I35,"")) | AA35: =IF($AC35="empty","",IF($AB35="Empty",$J35,"")) | AB35: =IF(E35<>"y","Empty","Data") -> Empty | AC35: =IF(D35="","empty","data") -> empty
B36: 14 | L36: =IF($Y$22=0,"",IF($AB36="Empty","",IF($H36="","",IF($G36="","",IF($H36/$G36>=$L$22,"yes","NC"))))) | M36: =IF($Z$22=0,"",IF($AB36="Empty","",IF($I36="","",IF($I36="","",IF($I36/$G36>=$M$22,"yes","NC"))))) | N36: =IF($AA$22=0,"",IF($AB36="Empty","",IF($J36="","",IF($J36="","",IF($G36/$J36<=$N$22,"yes","NC"))))) | O36: =IF($AB$20="Yes","",IF($AB36="Empty","",IF($P$17="","",IF(OR($P36<$O$17,$P36>$Q$17),"NC","yes")))) | P36: =IF($AB$20="Yes","",IF($AB36="Empty","",$H36/$G36)) | Q36: =IF($AB$20="Yes","",IF($AB36="Empty","",IF(O36="yes",($P36/$P$17),IF(OR($P36<$O$17,$P36>$Q$17),($P36/$P$17))))) | R36: =IF($AB$20="Yes","",IF($AB36="Empty","",IF($S$17="","",IF(OR($S36<$R$17,$S36>$T$17),"NC","yes")))) | S36: =IF($AB$20="Yes","",IF($AB36="Empty","",$I36/$G36)) | T36: =IF($AB$20="Yes","",IF($AB36="Empty","",IF(R36="yes",($S36/$S$17),IF(OR($S36>$R$17,$S36<$T$17),($S36/$S$17))))) | U36: =IF($AB$20="Yes","",IF($AB36="Empty","",IF($V$17="","",IF(OR($V36<$U$17,V36>$W$17),"NC","yes")))) | V36: =IF($AB$20="Yes","",IF($AB36="Empty","",$G36/$J36)) | W36: =IF($AB$20="Yes","",IF($AB36="Empty","",IF(U36="yes",(V36/V$17),IF(OR(V36<$U$17,V36>W$17),(V36/V$17))))) | X36: =IF($AC36="empty","",IF($AB36="Empty",$G36,"")) | Y36: =IF($AC36="empty","",IF($AB36="Empty",$H36,"")) | Z36: =IF($AC36="empty","",IF($AB36="Empty",$I36,"")) | AA36: =IF($AC36="empty","",IF($AB36="Empty",$J36,"")) | AB36: =IF(E36<>"y","Empty","Data") -> Empty | AC36: =IF(D36="","empty","data") -> empty
B37: 15 | L37: =IF($Y$22=0,"",IF($AB37="Empty","",IF($H37="","",IF($G37="","",IF($H37/$G37>=$L$22,"yes","NC"))))) | M37: =IF($Z$22=0,"",IF($AB37="Empty","",IF($I37="","",IF($I37="","",IF($I37/$G37>=$M$22,"yes","NC"))))) | N37: =IF($AA$22=0,"",IF($AB37="Empty","",IF($J37="","",IF($J37="","",IF($G37/$J37<=$N$22,"yes","NC"))))) | O37: =IF($AB$20="Yes","",IF($AB37="Empty","",IF($P$17="","",IF(OR($P37<$O$17,$P37>$Q$17),"NC","yes")))) | P37: =IF($AB$20="Yes","",IF($AB37="Empty","",$H37/$G37)) | Q37: =IF($AB$20="Yes","",IF($AB37="Empty","",IF(O37="yes",($P37/$P$17),IF(OR($P37<$O$17,$P37>$Q$17),($P37/$P$17))))) | R37: =IF($AB$20="Yes","",IF($AB37="Empty","",IF($S$17="","",IF(OR($S37<$R$17,$S37>$T$17),"NC","yes")))) | S37: =IF($AB$20="Yes","",IF($AB37="Empty","",$I37/$G37)) | T37: =IF($AB$20="Yes","",IF($AB37="Empty","",IF(R37="yes",($S37/$S$17),IF(OR($S37>$R$17,$S37<$T$17),($S37/$S$17))))) | U37: =IF($AB$20="Yes","",IF($AB37="Empty","",IF($V$17="","",IF(OR($V37<$U$17,V37>$W$17),"NC","yes")))) | V37: =IF($AB$20="Yes","",IF($AB37="Empty","",$G37/$J37)) | W37: =IF($AB$20="Yes","",IF($AB37="Empty","",IF(U37="yes",(V37/V$17),IF(OR(V37<$U$17,V37>W$17),(V37/V$17))))) | X37: =IF($AC37="empty","",IF($AB37="Empty",$G37,"")) | Y37: =IF($AC37="empty","",IF($AB37="Empty",$H37,"")) | Z37: =IF($AC37="empty","",IF($AB37="Empty",$I37,"")) | AA37: =IF($AC37="empty","",IF($AB37="Empty",$J37,"")) | AB37: =IF(E37<>"y","Empty","Data") -> Empty | AC37: =IF(D37="","empty","data") -> empty
B38: 16 | L38: =IF($Y$22=0,"",IF($AB38="Empty","",IF($H38="","",IF($G38="","",IF($H38/$G38>=$L$22,"yes","NC"))))) | M38: =IF($Z$22=0,"",IF($AB38="Empty","",IF($I38="","",IF($I38="","",IF($I38/$G38>=$M$22,"yes","NC"))))) | N38: =IF($AA$22=0,"",IF($AB38="Empty","",IF($J38="","",IF($J38="","",IF($G38/$J38<=$N$22,"yes","NC"))))) | O38: =IF($AB$20="Yes","",IF($AB38="Empty","",IF($P$17="","",IF(OR($P38<$O$17,$P38>$Q$17),"NC","yes")))) | P38: =IF($AB$20="Yes","",IF($AB38="Empty","",$H38/$G38)) | Q38: =IF($AB$20="Yes","",IF($AB38="Empty","",IF(O38="yes",($P38/$P$17),IF(OR($P38<$O$17,$P38>$Q$17),($P38/$P$17))))) | R38: =IF($AB$20="Yes","",IF($AB38="Empty","",IF($S$17="","",IF(OR($S38<$R$17,$S38>$T$17),"NC","yes")))) | S38: =IF($AB$20="Yes","",IF($AB38="Empty","",$I38/$G38)) | T38: =IF($AB$20="Yes","",IF($AB38="Empty","",IF(R38="yes",($S38/$S$17),IF(OR($S38>$R$17,$S38<$T$17),($S38/$S$17))))) | U38: =IF($AB$20="Yes","",IF($AB38="Empty","",IF($V$17="","",IF(OR($V38<$U$17,V38>$W$17),"NC","yes")))) | V38: =IF($AB$20="Yes","",IF($AB38="Empty","",$G38/$J38)) | W38: =IF($AB$20="Yes","",IF($AB38="Empty","",IF(U38="yes",(V38/V$17),IF(OR(V38<$U$17,V38>W$17),(V38/V$17))))) | X38: =IF($AC38="empty","",IF($AB38="Empty",$G38,"")) | Y38: =IF($AC38="empty","",IF($AB38="Empty",$H38,"")) | Z38: =IF($AC38="empty","",IF($AB38="Empty",$I38,"")) | AA38: =IF($AC38="empty","",IF($AB38="Empty",$J38,"")) | AB38: =IF(E38<>"y","Empty","Data") -> Empty | AC38: =IF(D38="","empty","data") -> empty
B39: 17 | L39: =IF($Y$22=0,"",IF($AB39="Empty","",IF($H39="","",IF($G39="","",IF($H39/$G39>=$L$22,"yes","NC"))))) | M39: =IF($Z$22=0,"",IF($AB39="Empty","",IF($I39="","",IF($I39="","",IF($I39/$G39>=$M$22,"yes","NC"))))) | N39: =IF($AA$22=0,"",IF($AB39="Empty","",IF($J39="","",IF($J39="","",IF($G39/$J39<=$N$22,"yes","NC"))))) | O39: =IF($AB$20="Yes","",IF($AB39="Empty","",IF($P$17="","",IF(OR($P39<$O$17,$P39>$Q$17),"NC","yes")))) | P39: =IF($AB$20="Yes","",IF($AB39="Empty","",$H39/$G39)) | Q39: =IF($AB$20="Yes","",IF($AB39="Empty","",IF(O39="yes",($P39/$P$17),IF(OR($P39<$O$17,$P39>$Q$17),($P39/$P$17))))) | R39: =IF($AB$20="Yes","",IF($AB39="Empty","",IF($S$17="","",IF(OR($S39<$R$17,$S39>$T$17),"NC","yes")))) | S39: =IF($AB$20="Yes","",IF($AB39="Empty","",$I39/$G39)) | T39: =IF($AB$20="Yes","",IF($AB39="Empty","",IF(R39="yes",($S39/$S$17),IF(OR($S39>$R$17,$S39<$T$17),($S39/$S$17))))) | U39: =IF($AB$20="Yes","",IF($AB39="Empty","",IF($V$17="","",IF(OR($V39<$U$17,V39>$W$17),"NC","yes")))) | V39: =IF($AB$20="Yes","",IF($AB39="Empty","",$G39/$J39)) | W39: =IF($AB$20="Yes","",IF($AB39="Empty","",IF(U39="yes",(V39/V$17),IF(OR(V39<$U$17,V39>W$17),(V39/V$17))))) | X39: =IF($AC39="empty","",IF($AB39="Empty",$G39,"")) | Y39: =IF($AC39="empty","",IF($AB39="Empty",$H39,"")) | Z39: =IF($AC39="empty","",IF($AB39="Empty",$I39,"")) | AA39: =IF($AC39="empty","",IF($AB39="Empty",$J39,"")) | AB39: =IF(E39<>"y","Empty","Data") -> Empty | AC39: =IF(D39="","empty","data") -> empty
B40: 18 | L40: =IF($Y$22=0,"",IF($AB40="Empty","",IF($H40="","",IF($G40="","",IF($H40/$G40>=$L$22,"yes","NC"))))) | M40: =IF($Z$22=0,"",IF($AB40="Empty","",IF($I40="","",IF($I40="","",IF($I40/$G40>=$M$22,"yes","NC"))))) | N40: =IF($AA$22=0,"",IF($AB40="Empty","",IF($J40="","",IF($J40="","",IF($G40/$J40<=$N$22,"yes","NC"))))) | O40: =IF($AB$20="Yes","",IF($AB40="Empty","",IF($P$17="","",IF(OR($P40<$O$17,$P40>$Q$17),"NC","yes")))) | P40: =IF($AB$20="Yes","",IF($AB40="Empty","",$H40/$G40)) | Q40: =IF($AB$20="Yes","",IF($AB40="Empty","",IF(O40="yes",($P40/$P$17),IF(OR($P40<$O$17,$P40>$Q$17),($P40/$P$17))))) | R40: =IF($AB$20="Yes","",IF($AB40="Empty","",IF($S$17="","",IF(OR($S40<$R$17,$S40>$T$17),"NC","yes")))) | S40: =IF($AB$20="Yes","",IF($AB40="Empty","",$I40/$G40)) | T40: =IF($AB$20="Yes","",IF($AB40="Empty","",IF(R40="yes",($S40/$S$17),IF(OR($S40>$R$17,$S40<$T$17),($S40/$S$17))))) | U40: =IF($AB$20="Yes","",IF($AB40="Empty","",IF($V$17="","",IF(OR($V40<$U$17,V40>$W$17),"NC","yes")))) | V40: =IF($AB$20="Yes","",IF($AB40="Empty","",$G40/$J40)) | W40: =IF($AB$20="Yes","",IF($AB40="Empty","",IF(U40="yes",(V40/V$17),IF(OR(V40<$U$17,V40>W$17),(V40/V$17))))) | X40: =IF($AC40="empty","",IF($AB40="Empty",$G40,"")) | Y40: =IF($AC40="empty","",IF($AB40="Empty",$H40,"")) | Z40: =IF($AC40="empty","",IF($AB40="Empty",$I40,"")) | AA40: =IF($AC40="empty","",IF($AB40="Empty",$J40,"")) | AB40: =IF(E40<>"y","Empty","Data") -> Empty | AC40: =IF(D40="","empty","data") -> empty
B41: 19 | L41: =IF($Y$22=0,"",IF($AB41="Empty","",IF($H41="","",IF($G41="","",IF($H41/$G41>=$L$22,"yes","NC"))))) | M41: =IF($Z$22=0,"",IF($AB41="Empty","",IF($I41="","",IF($I41="","",IF($I41/$G41>=$M$22,"yes","NC"))))) | N41: =IF($AA$22=0,"",IF($AB41="Empty","",IF($J41="","",IF($J41="","",IF($G41/$J41<=$N$22,"yes","NC"))))) | O41: =IF($AB$20="Yes","",IF($AB41="Empty","",IF($P$17="","",IF(OR($P41<$O$17,$P41>$Q$17),"NC","yes")))) | P41: =IF($AB$20="Yes","",IF($AB41="Empty","",$H41/$G41)) | Q41: =IF($AB$20="Yes","",IF($AB41="Empty","",IF(O41="yes",($P41/$P$17),IF(OR($P41<$O$17,$P41>$Q$17),($P41/$P$17))))) | R41: =IF($AB$20="Yes","",IF($AB41="Empty","",IF($S$17="","",IF(OR($S41<$R$17,$S41>$T$17),"NC","yes")))) | S41: =IF($AB$20="Yes","",IF($AB41="Empty","",$I41/$G41)) | T41: =IF($AB$20="Yes","",IF($AB41="Empty","",IF(R41="yes",($S41/$S$17),IF(OR($S41>$R$17,$S41<$T$17),($S41/$S$17))))) | U41: =IF($AB$20="Yes","",IF($AB41="Empty","",IF($V$17="","",IF(OR($V41<$U$17,V41>$W$17),"NC","yes")))) | V41: =IF($AB$20="Yes","",IF($AB41="Empty","",$G41/$J41)) | W41: =IF($AB$20="Yes","",IF($AB41="Empty","",IF(U41="yes",(V41/V$17),IF(OR(V41<$U$17,V41>W$17),(V41/V$17))))) | X41: =IF($AC41="empty","",IF($AB41="Empty",$G41,"")) | Y41: =IF($AC41="empty","",IF($AB41="Empty",$H41,"")) | Z41: =IF($AC41="empty","",IF($AB41="Empty",$I41,"")) | AA41: =IF($AC41="empty","",IF($AB41="Empty",$J41,"")) | AB41: =IF(E41<>"y","Empty","Data") -> Empty | AC41: =IF(D41="","empty","data") -> empty
B42: 20 | L42: =IF($Y$22=0,"",IF($AB42="Empty","",IF($H42="","",IF($G42="","",IF($H42/$G42>=$L$22,"yes","NC"))))) | M42: =IF($Z$22=0,"",IF($AB42="Empty","",IF($I42="","",IF($I42="","",IF($I42/$G42>=$M$22,"yes","NC"))))) | N42: =IF($AA$22=0,"",IF($AB42="Empty","",IF($J42="","",IF($J42="","",IF($G42/$J42<=$N$22,"yes","NC"))))) | O42: =IF($AB$20="Yes","",IF($AB42="Empty","",IF($P$17="","",IF(OR($P42<$O$17,$P42>$Q$17),"NC","yes")))) | P42: =IF($AB$20="Yes","",IF($AB42="Empty","",$H42/$G42)) | Q42: =IF($AB$20="Yes","",IF($AB42="Empty","",IF(O42="yes",($P42/$P$17),IF(OR($P42<$O$17,$P42>$Q$17),($P42/$P$17))))) | R42: =IF($AB$20="Yes","",IF($AB42="Empty","",IF($S$17="","",IF(OR($S42<$R$17,$S42>$T$17),"NC","yes")))) | S42: =IF($AB$20="Yes","",IF($AB42="Empty","",$I42/$G42)) | T42: =IF($AB$20="Yes","",IF($AB42="Empty","",IF(R42="yes",($S42/$S$17),IF(OR($S42>$R$17,$S42<$T$17),($S42/$S$17))))) | U42: =IF($AB$20="Yes","",IF($AB42="Empty","",IF($V$17="","",IF(OR($V42<$U$17,V42>$W$17),"NC","yes")))) | V42: =IF($AB$20="Yes","",IF($AB42="Empty","",$G42/$J42)) | W42: =IF($AB$20="Yes","",IF($AB42="Empty","",IF(U42="yes",(V42/V$17),IF(OR(V42<$U$17,V42>W$17),(V42/V$17))))) | X42: =IF($AC42="empty","",IF($AB42="Empty",$G42,"")) | Y42: =IF($AC42="empty","",IF($AB42="Empty",$H42,"")) | Z42: =IF($AC42="empty","",IF($AB42="Empty",$I42,"")) | AA42: =IF($AC42="empty","",IF($AB42="Empty",$J42,"")) | AB42: =IF(E42<>"y","Empty","Data") -> Empty | AC42: =IF(D42="","empty","data") -> empty
B43: 21 | L43: =IF($Y$22=0,"",IF($AB43="Empty","",IF($H43="","",IF($G43="","",IF($H43/$G43>=$L$22,"yes","NC"))))) | M43: =IF($Z$22=0,"",IF($AB43="Empty","",IF($I43="","",IF($I43="","",IF($I43/$G43>=$M$22,"yes","NC"))))) | N43: =IF($AA$22=0,"",IF($AB43="Empty","",IF($J43="","",IF($J43="","",IF($G43/$J43<=$N$22,"yes","NC"))))) | O43: =IF($AB$20="Yes","",IF($AB43="Empty","",IF($P$17="","",IF(OR($P43<$O$17,$P43>$Q$17),"NC","yes")))) | P43: =IF($AB$20="Yes","",IF($AB43="Empty","",$H43/$G43)) | Q43: =IF($AB$20="Yes","",IF($AB43="Empty","",IF(O43="yes",($P43/$P$17),IF(OR($P43<$O$17,$P43>$Q$17),($P43/$P$17))))) | R43: =IF($AB$20="Yes","",IF($AB43="Empty","",IF($S$17="","",IF(OR($S43<$R$17,$S43>$T$17),"NC","yes")))) | S43: =IF($AB$20="Yes","",IF($AB43="Empty","",$I43/$G43)) | T43: =IF($AB$20="Yes","",IF($AB43="Empty","",IF(R43="yes",($S43/$S$17),IF(OR($S43>$R$17,$S43<$T$17),($S43/$S$17))))) | U43: =IF($AB$20="Yes","",IF($AB43="Empty","",IF($V$17="","",IF(OR($V43<$U$17,V43>$W$17),"NC","yes")))) | V43: =IF($AB$20="Yes","",IF($AB43="Empty","",$G43/$J43)) | W43: =IF($AB$20="Yes","",IF($AB43="Empty","",IF(U43="yes",(V43/V$17),IF(OR(V43<$U$17,V43>W$17),(V43/V$17))))) | X43: =IF($AC43="empty","",IF($AB43="Empty",$G43,"")) | Y43: =IF($AC43="empty","",IF($AB43="Empty",$H43,"")) | Z43: =IF($AC43="empty","",IF($AB43="Empty",$I43,"")) | AA43: =IF($AC43="empty","",IF($AB43="Empty",$J43,"")) | AB43: =IF(E43<>"y","Empty","Data") -> Empty | AC43: =IF(D43="","empty","data") -> empty
... B233: 211 | L233: =IF($Y$22=0,"",IF($AB233="Empty","",IF($H233="","",IF($G233="","",IF($H233/$G233>=$L$22,"yes","NC"))))) | M233: =IF($Z$22=0,"",IF($AB233="Empty","",IF($I233="","",IF($I233="","",IF($I233/$G233>=$M$22,"yes","NC"))))) | N233: =IF($AA$22=0,"",IF($AB233="Empty","",IF($J233="","",IF($J233="","",IF($G233/$J233<=$N$22,"yes","NC"))))) | O233: =IF($AB$20="Yes","",IF($AB233="Empty","",IF($P$17="","",IF(OR($P233<$O$17,$P233>$Q$17),"NC","yes")))) | P233: =IF($AB$20="Yes","",IF($AB233="Empty","",$H233/$G233)) | Q233: =IF($AB$20="Yes","",IF($AB233="Empty","",IF(O233="yes",($P233/$P$17),IF(OR($P233<$O$17,$P233>$Q$17),($P233/$P$17))))) | R233: =IF($AB$20="Yes","",IF($AB233="Empty","",IF($S$17="","",IF(OR($S233<$R$17,$S233>$T$17),"NC","yes")))) | S233: =IF($AB$20="Yes","",IF($AB233="Empty","",$I233/$G233)) | T233: =IF($AB$20="Yes","",IF($AB233="Empty","",IF(R233="yes",($S233/$S$17),IF(OR($S233>$R$17,$S233<$T$17),($S233/$S$17))))) | U233: =IF($AB$20="Yes","",IF($AB233="Empty","",IF($V$17="","",IF(OR($V233<$U$17,V233>$W$17),"NC","yes")))) | V233: =IF($AB$20="Yes","",IF($AB233="Empty","",$G233/$J233)) | W233: =IF($AB$20="Yes","",IF($AB233="Empty","",IF(U233="yes",(V233/V$17),IF(OR(V233<$U$17,V233>W$17),(V233/V$17))))) | X233: =IF($AC233="empty","",IF($AB233="Empty",$G233,"")) | Y233: =IF($AC233="empty","",IF($AB233="Empty",$H233,"")) | Z233: =IF($AC233="empty","",IF($AB233="Empty",$I233,"")) | AA233: =IF($AC233="empty","",IF($AB233="Empty",$J233,"")) | AB233: =IF(E233<>"y","Empty","Data") -> Empty | AC233: =IF(D233="","empty","data") -> empty
B234: 212 | L234: =IF($Y$22=0,"",IF($AB234="Empty","",IF($H234="","",IF($G234="","",IF($H234/$G234>=$L$22,"yes","NC"))))) | M234: =IF($Z$22=0,"",IF($AB234="Empty","",IF($I234="","",IF($I234="","",IF($I234/$G234>=$M$22,"yes","NC"))))) | N234: =IF($AA$22=0,"",IF($AB234="Empty","",IF($J234="","",IF($J234="","",IF($G234/$J234<=$N$22,"yes","NC"))))) | O234: =IF($AB$20="Yes","",IF($AB234="Empty","",IF($P$17="","",IF(OR($P234<$O$17,$P234>$Q$17),"NC","yes")))) | P234: =IF($AB$20="Yes","",IF($AB234="Empty","",$H234/$G234)) | Q234: =IF($AB$20="Yes","",IF($AB234="Empty","",IF(O234="yes",($P234/$P$17),IF(OR($P234<$O$17,$P234>$Q$17),($P234/$P$17))))) | R234: =IF($AB$20="Yes","",IF($AB234="Empty","",IF($S$17="","",IF(OR($S234<$R$17,$S234>$T$17),"NC","yes")))) | S234: =IF($AB$20="Yes","",IF($AB234="Empty","",$I234/$G234)) | T234: =IF($AB$20="Yes","",IF($AB234="Empty","",IF(R234="yes",($S234/$S$17),IF(OR($S234>$R$17,$S234<$T$17),($S234/$S$17))))) | U234: =IF($AB$20="Yes","",IF($AB234="Empty","",IF($V$17="","",IF(OR($V234<$U$17,V234>$W$17),"NC","yes")))) | V234: =IF($AB$20="Yes","",IF($AB234="Empty","",$G234/$J234)) | W234: =IF($AB$20="Yes","",IF($AB234="Empty","",IF(U234="yes",(V234/V$17),IF(OR(V234<$U$17,V234>W$17),(V234/V$17))))) | Y234: =IF($AC234="empty","",IF($AB234="Empty",$H234,"")) | Z234: =IF($AC234="empty","",IF($AB234="Empty",$I234,"")) | AA234: =IF($AC234="empty","",IF($AB234="Empty",$J234,"")) | AB234: =IF(E234<>"y","Empty","Data") -> Empty | AC234: =IF(D234="","empty","data") -> empty
B235: 213 | L235: =IF($Y$22=0,"",IF($AB235="Empty","",IF($H235="","",IF($G235="","",IF($H235/$G235>=$L$22,"yes","NC"))))) | M235: =IF($Z$22=0,"",IF($AB235="Empty","",IF($I235="","",IF($I235="","",IF($I235/$G235>=$M$22,"yes","NC"))))) | N235: =IF($AA$22=0,"",IF($AB235="Empty","",IF($J235="","",IF($J235="","",IF($G235/$J235<=$N$22,"yes","NC"))))) | O235: =IF($AB$20="Yes","",IF($AB235="Empty","",IF($P$17="","",IF(OR($P235<$O$17,$P235>$Q$17),"NC","yes")))) | P235: =IF($AB$20="Yes","",IF($AB235="Empty","",$H235/$G235)) | Q235: =IF($AB$20="Yes","",IF($AB235="Empty","",IF(O235="yes",($P235/$P$17),IF(OR($P235<$O$17,$P235>$Q$17),($P235/$P$17))))) | R235: =IF($AB$20="Yes","",IF($AB235="Empty","",IF($S$17="","",IF(OR($S235<$R$17,$S235>$T$17),"NC","yes")))) | S235: =IF($AB$20="Yes","",IF($AB235="Empty","",$I235/$G235)) | T235: =IF($AB$20="Yes","",IF($AB235="Empty","",IF(R235="yes",($S235/$S$17),IF(OR($S235>$R$17,$S235<$T$17),($S235/$S$17))))) | U235: =IF($AB$20="Yes","",IF($AB235="Empty","",IF($V$17="","",IF(OR($V235<$U$17,V235>$W$17),"NC","yes")))) | V235: =IF($AB$20="Yes","",IF($AB235="Empty","",$G235/$J235)) | W235: =IF($AB$20="Yes","",IF($AB235="Empty","",IF(U235="yes",(V235/V$17),IF(OR(V235<$U$17,V235>W$17),(V235/V$17))))) | X235: =IF($AC235="empty","",IF($AB235="Empty",$G235,"")) | Y235: =IF($AC235="empty","",IF($AB235="Empty",$H235,"")) | Z235: =IF($AC235="empty","",IF($AB235="Empty",$I235,"")) | AA235: =IF($AC235="empty","",IF($AB235="Empty",$J235,"")) | AB235: =IF(E235<>"y","Empty","Data") -> Empty | AC235: =IF(D235="","empty","data") -> empty
B236: 214 | L236: =IF($Y$22=0,"",IF($AB236="Empty","",IF($H236="","",IF($G236="","",IF($H236/$G236>=$L$22,"yes","NC"))))) | M236: =IF($Z$22=0,"",IF($AB236="Empty","",IF($I236="","",IF($I236="","",IF($I236/$G236>=$M$22,"yes","NC"))))) | N236: =IF($AA$22=0,"",IF($AB236="Empty","",IF($J236="","",IF($J236="","",IF($G236/$J236<=$N$22,"yes","NC"))))) | O236: =IF($AB$20="Yes","",IF($AB236="Empty","",IF($P$17="","",IF(OR($P236<$O$17,$P236>$Q$17),"NC","yes")))) | P236: =IF($AB$20="Yes","",IF($AB236="Empty","",$H236/$G236)) | Q236: =IF($AB$20="Yes","",IF($AB236="Empty","",IF(O236="yes",($P236/$P$17),IF(OR($P236<$O$17,$P236>$Q$17),($P236/$P$17))))) | R236: =IF($AB$20="Yes","",IF($AB236="Empty","",IF($S$17="","",IF(OR($S236<$R$17,$S236>$T$17),"NC","yes")))) | S236: =IF($AB$20="Yes","",IF($AB236="Empty","",$I236/$G236)) | T236: =IF($AB$20="Yes","",IF($AB236="Empty","",IF(R236="yes",($S236/$S$17),IF(OR($S236>$R$17,$S236<$T$17),($S236/$S$17))))) | U236: =IF($AB$20="Yes","",IF($AB236="Empty","",IF($V$17="","",IF(OR($V236<$U$17,V236>$W$17),"NC","yes")))) | V236: =IF($AB$20="Yes","",IF($AB236="Empty","",$G236/$J236)) | W236: =IF($AB$20="Yes","",IF($AB236="Empty","",IF(U236="yes",(V236/V$17),IF(OR(V236<$U$17,V236>W$17),(V236/V$17))))) | X236: =IF($AC236="empty","",IF($AB236="Empty",$G236,"")) | Y236: =IF($AC236="empty","",IF($AB236="Empty",$H236,"")) | Z236: =IF($AC236="empty","",IF($AB236="Empty",$I236,"")) | AA236: =IF($AC236="empty","",IF($AB236="Empty",$J236,"")) | AB236: =IF(E236<>"y","Empty","Data") -> Empty | AC236: =IF(D236="","empty","data") -> empty
B237: 215 | L237: =IF($Y$22=0,"",IF($AB237="Empty","",IF($H237="","",IF($G237="","",IF($H237/$G237>=$L$22,"yes","NC"))))) | M237: =IF($Z$22=0,"",IF($AB237="Empty","",IF($I237="","",IF($I237="","",IF($I237/$G237>=$M$22,"yes","NC"))))) | N237: =IF($AA$22=0,"",IF($AB237="Empty","",IF($J237="","",IF($J237="","",IF($G237/$J237<=$N$22,"yes","NC"))))) | O237: =IF($AB$20="Yes","",IF($AB237="Empty","",IF($P$17="","",IF(OR($P237<$O$17,$P237>$Q$17),"NC","yes")))) | P237: =IF($AB$20="Yes","",IF($AB237="Empty","",$H237/$G237)) | Q237: =IF($AB$20="Yes","",IF($AB237="Empty","",IF(O237="yes",($P237/$P$17),IF(OR($P237<$O$17,$P237>$Q$17),($P237/$P$17))))) | R237: =IF($AB$20="Yes","",IF($AB237="Empty","",IF($S$17="","",IF(OR($S237<$R$17,$S237>$T$17),"NC","yes")))) | S237: =IF($AB$20="Yes","",IF($AB237="Empty","",$I237/$G237)) | T237: =IF($AB$20="Yes","",IF($AB237="Empty","",IF(R237="yes",($S237/$S$17),IF(OR($S237>$R$17,$S237<$T$17),($S237/$S$17))))) | U237: =IF($AB$20="Yes","",IF($AB237="Empty","",IF($V$17="","",IF(OR($V237<$U$17,V237>$W$17),"NC","yes")))) | V237: =IF($AB$20="Yes","",IF($AB237="Empty","",$G237/$J237)) | W237: =IF($AB$20="Yes","",IF($AB237="Empty","",IF(U237="yes",(V237/V$17),IF(OR(V237<$U$17,V237>W$17),(V237/V$17))))) | X237: =IF($AC237="empty","",IF($AB237="Empty",$G237,"")) | Y237: =IF($AC237="empty","",IF($AB237="Empty",$H237,"")) | Z237: =IF($AC237="empty","",IF($AB237="Empty",$I237,"")) | AA237: =IF($AC237="empty","",IF($AB237="Empty",$J237,"")) | AB237: =IF(E237<>"y","Empty","Data") -> Empty | AC237: =IF(D237="","empty","data") -> empty
B238: 117 | L238: =IF($Y$22=0,"",IF($AB238="Empty","",IF($H238="","",IF($G238="","",IF($H238/$G238>=$L$22,"yes","NC"))))) | M238: =IF($Z$22=0,"",IF($AB238="Empty","",IF($I238="","",IF($I238="","",IF($I238/$G238>=$M$22,"yes","NC"))))) | N238: =IF($AA$22=0,"",IF($AB238="Empty","",IF($J238="","",IF($J238="","",IF($G238/$J238<=$N$22,"yes","NC"))))) | O238: =IF($AB$20="Yes","",IF($AB238="Empty","",IF($P$17="","",IF(OR($P238<$O$17,$P238>$Q$17),"NC","yes")))) | P238: =IF($AB$20="Yes","",IF($AB238="Empty","",$H238/$G238)) | Q238: =IF($AB$20="Yes","",IF($AB238="Empty","",IF(O238="yes",($P238/$P$17),IF(OR($P238<$O$17,$P238>$Q$17),($P238/$P$17))))) | R238: =IF($AB$20="Yes","",IF($AB238="Empty","",IF($S$17="","",IF(OR($S238<$R$17,$S238>$T$17),"NC","yes")))) | S238: =IF($AB$20="Yes","",IF($AB238="Empty","",$I238/$G238)) | T238: =IF($AB$20="Yes","",IF($AB238="Empty","",IF(R238="yes",($S238/$S$17),IF(OR($S238>$R$17,$S238<$T$17),($S238/$S$17))))) | U238: =IF($AB$20="Yes","",IF($AB238="Empty","",IF($V$17="","",IF(OR($V238<$U$17,V238>$W$17),"NC","yes")))) | V238: =IF($AB$20="Yes","",IF($AB238="Empty","",$G238/$J238)) | W238: =IF($AB$20="Yes","",IF($AB238="Empty","",IF(U238="yes",(V238/V$17),IF(OR(V238<$U$17,V238>W$17),(V238/V$17))))) | X238: =IF($AC238="empty","",IF($AB238="Empty",$G238,"")) | Y238: =IF($AC238="empty","",IF($AB238="Empty",$H238,"")) | Z238: =IF($AC238="empty","",IF($AB238="Empty",$I238,"")) | AA238: =IF($AC238="empty","",IF($AB238="Empty",$J238,"")) | AB238: =IF(E238<>"y","Empty","Data") -> Empty | AC238: =IF(D238="","empty","data") -> empty
B239: 118 | L239: =IF($Y$22=0,"",IF($AB239="Empty","",IF($H239="","",IF($G239="","",IF($H239/$G239>=$L$22,"yes","NC"))))) | M239: =IF($Z$22=0,"",IF($AB239="Empty","",IF($I239="","",IF($I239="","",IF($I239/$G239>=$M$22,"yes","NC"))))) | N239: =IF($AA$22=0,"",IF($AB239="Empty","",IF($J239="","",IF($J239="","",IF($G239/$J239<=$N$22,"yes","NC"))))) | O239: =IF($AB$20="Yes","",IF($AB239="Empty","",IF($P$17="","",IF(OR($P239<$O$17,$P239>$Q$17),"NC","yes")))) | P239: =IF($AB$20="Yes","",IF($AB239="Empty","",$H239/$G239)) | Q239: =IF($AB$20="Yes","",IF($AB239="Empty","",IF(O239="yes",($P239/$P$17),IF(OR($P239<$O$17,$P239>$Q$17),($P239/$P$17))))) | R239: =IF($AB$20="Yes","",IF($AB239="Empty","",IF($S$17="","",IF(OR($S239<$R$17,$S239>$T$17),"NC","yes")))) | S239: =IF($AB$20="Yes","",IF($AB239="Empty","",$I239/$G239)) | T239: =IF($AB$20="Yes","",IF($AB239="Empty","",IF(R239="yes",($S239/$S$17),IF(OR($S239>$R$17,$S239<$T$17),($S239/$S$17))))) | U239: =IF($AB$20="Yes","",IF($AB239="Empty","",IF($V$17="","",IF(OR($V239<$U$17,V239>$W$17),"NC","yes")))) | V239: =IF($AB$20="Yes","",IF($AB239="Empty","",$G239/$J239)) | W239: =IF($AB$20="Yes","",IF($AB239="Empty","",IF(U239="yes",(V239/V$17),IF(OR(V239<$U$17,V239>W$17),(V239/V$17))))) | X239: =IF($AC239="empty","",IF($AB239="Empty",$G239,"")) | Y239: =IF($AC239="empty","",IF($AB239="Empty",$H239,"")) | Z239: =IF($AC239="empty","",IF($AB239="Empty",$I239,"")) | AA239: =IF($AC239="empty","",IF($AB239="Empty",$J239,"")) | AB239: =IF(E239<>"y","Empty","Data") -> Empty | AC239: =IF(D239="","empty","data") -> empty
B240: 119 | L240: =IF($Y$22=0,"",IF($AB240="Empty","",IF($H240="","",IF($G240="","",IF($H240/$G240>=$L$22,"yes","NC"))))) | M240: =IF($Z$22=0,"",IF($AB240="Empty","",IF($I240="","",IF($I240="","",IF($I240/$G240>=$M$22,"yes","NC"))))) | N240: =IF($AA$22=0,"",IF($AB240="Empty","",IF($J240="","",IF($J240="","",IF($G240/$J240<=$N$22,"yes","NC"))))) | O240: =IF($AB$20="Yes","",IF($AB240="Empty","",IF($P$17="","",IF(OR($P240<$O$17,$P240>$Q$17),"NC","yes")))) | P240: =IF($AB$20="Yes","",IF($AB240="Empty","",$H240/$G240)) | Q240: =IF($AB$20="Yes","",IF($AB240="Empty","",IF(O240="yes",($P240/$P$17),IF(OR($P240<$O$17,$P240>$Q$17),($P240/$P$17))))) | R240: =IF($AB$20="Yes","",IF($AB240="Empty","",IF($S$17="","",IF(OR($S240<$R$17,$S240>$T$17),"NC","yes")))) | S240: =IF($AB$20="Yes","",IF($AB240="Empty","",$I240/$G240)) | T240: =IF($AB$20="Yes","",IF($AB240="Empty","",IF(R240="yes",($S240/$S$17),IF(OR($S240>$R$17,$S240<$T$17),($S240/$S$17))))) | U240: =IF($AB$20="Yes","",IF($AB240="Empty","",IF($V$17="","",IF(OR($V240<$U$17,V240>$W$17),"NC","yes")))) | V240: =IF($AB$20="Yes","",IF($AB240="Empty","",$G240/$J240)) | W240: =IF($AB$20="Yes","",IF($AB240="Empty","",IF(U240="yes",(V240/V$17),IF(OR(V240<$U$17,V240>W$17),(V240/V$17))))) | X240: =IF($AC240="empty","",IF($AB240="Empty",$G240,"")) | Y240: =IF($AC240="empty","",IF($AB240="Empty",$H240,"")) | Z240: =IF($AC240="empty","",IF($AB240="Empty",$I240,"")) | AA240: =IF($AC240="empty","",IF($AB240="Empty",$J240,"")) | AB240: =IF(E240<>"y","Empty","Data") -> Empty | AC240: =IF(D240="","empty","data") -> empty
B241: 120 | L241: =IF($Y$22=0,"",IF($AB241="Empty","",IF($H241="","",IF($G241="","",IF($H241/$G241>=$L$22,"yes","NC"))))) | M241: =IF($Z$22=0,"",IF($AB241="Empty","",IF($I241="","",IF($I241="","",IF($I241/$G241>=$M$22,"yes","NC"))))) | N241: =IF($AA$22=0,"",IF($AB241="Empty","",IF($J241="","",IF($J241="","",IF($G241/$J241<=$N$22,"yes","NC"))))) | O241: =IF($AB$20="Yes","",IF($AB241="Empty","",IF($P$17="","",IF(OR($P241<$O$17,$P241>$Q$17),"NC","yes")))) | P241: =IF($AB$20="Yes","",IF($AB241="Empty","",$H241/$G241)) | Q241: =IF($AB$20="Yes","",IF($AB241="Empty","",IF(O241="yes",($P241/$P$17),IF(OR($P241<$O$17,$P241>$Q$17),($P241/$P$17))))) | R241: =IF($AB$20="Yes","",IF($AB241="Empty","",IF($S$17="","",IF(OR($S241<$R$17,$S241>$T$17),"NC","yes")))) | S241: =IF($AB$20="Yes","",IF($AB241="Empty","",$I241/$G241)) | T241: =IF($AB$20="Yes","",IF($AB241="Empty","",IF(R241="yes",($S241/$S$17),IF(OR($S241>$R$17,$S241<$T$17),($S241/$S$17))))) | U241: =IF($AB$20="Yes","",IF($AB241="Empty","",IF($V$17="","",IF(OR($V241<$U$17,V241>$W$17),"NC","yes")))) | V241: =IF($AB$20="Yes","",IF($AB241="Empty","",$G241/$J241)) | W241: =IF($AB$20="Yes","",IF($AB241="Empty","",IF(U241="yes",(V241/V$17),IF(OR(V241<$U$17,V241>W$17),(V241/V$17))))) | X241: =IF($AC241="empty","",IF($AB241="Empty",$G241,"")) | Y241: =IF($AC241="empty","",IF($AB241="Empty",$H241,"")) | Z241: =IF($AC241="empty","",IF($AB241="Empty",$I241,"")) | AA241: =IF($AC241="empty","",IF($AB241="Empty",$J241,"")) | AB241: =IF(E241<>"y","Empty","Data") -> Empty | AC241: =IF(D241="","empty","data") -> empty
B242: 121 | L242: =IF($Y$22=0,"",IF($AB242="Empty","",IF($H242="","",IF($G242="","",IF($H242/$G242>=$L$22,"yes","NC"))))) | M242: =IF($Z$22=0,"",IF($AB242="Empty","",IF($I242="","",IF($I242="","",IF($I242/$G242>=$M$22,"yes","NC"))))) | N242: =IF($AA$22=0,"",IF($AB242="Empty","",IF($J242="","",IF($J242="","",IF($G242/$J242<=$N$22,"yes","NC"))))) | O242: =IF($AB$20="Yes","",IF($AB242="Empty","",IF($P$17="","",IF(OR($P242<$O$17,$P242>$Q$17),"NC","yes")))) | P242: =IF($AB$20="Yes","",IF($AB242="Empty","",$H242/$G242)) | Q242: =IF($AB$20="Yes","",IF($AB242="Empty","",IF(O242="yes",($P242/$P$17),IF(OR($P242<$O$17,$P242>$Q$17),($P242/$P$17))))) | R242: =IF($AB$20="Yes","",IF($AB242="Empty","",IF($S$17="","",IF(OR($S242<$R$17,$S242>$T$17),"NC","yes")))) | S242: =IF($AB$20="Yes","",IF($AB242="Empty","",$I242/$G242)) | T242: =IF($AB$20="Yes","",IF($AB242="Empty","",IF(R242="yes",($S242/$S$17),IF(OR($S242>$R$17,$S242<$T$17),($S242/$S$17))))) | U242: =IF($AB$20="Yes","",IF($AB242="Empty","",IF($V$17="","",IF(OR($V242<$U$17,V242>$W$17),"NC","yes")))) | V242: =IF($AB$20="Yes","",IF($AB242="Empty","",$G242/$J242)) | W242: =IF($AB$20="Yes","",IF($AB242="Empty","",IF(U242="yes",(V242/V$17),IF(OR(V242<$U$17,V242>W$17),(V242/V$17))))) | X242: =IF($AC242="empty","",IF($AB242="Empty",$G242,"")) | Y242: =IF($AC242="empty","",IF($AB242="Empty",$H242,"")) | Z242: =IF($AC242="empty","",IF($AB242="Empty",$I242,"")) | AA242: =IF($AC242="empty","",IF($AB242="Empty",$J242,"")) | AB242: =IF(E242<>"y","Empty","Data") -> Empty | AC242: =IF(D242="","empty","data") -> empty
B243: 122 | L243: =IF($Y$22=0,"",IF($AB243="Empty","",IF($H243="","",IF($G243="","",IF($H243/$G243>=$L$22,"yes","NC"))))) | M243: =IF($Z$22=0,"",IF($AB243="Empty","",IF($I243="","",IF($I243="","",IF($I243/$G243>=$M$22,"yes","NC"))))) | N243: =IF($AA$22=0,"",IF($AB243="Empty","",IF($J243="","",IF($J243="","",IF($G243/$J243<=$N$22,"yes","NC"))))) | O243: =IF($AB$20="Yes","",IF($AB243="Empty","",IF($P$17="","",IF(OR($P243<$O$17,$P243>$Q$17),"NC","yes")))) | P243: =IF($AB$20="Yes","",IF($AB243="Empty","",$H243/$G243)) | Q243: =IF($AB$20="Yes","",IF($AB243="Empty","",IF(O243="yes",($P243/$P$17),IF(OR($P243<$O$17,$P243>$Q$17),($P243/$P$17))))) | R243: =IF($AB$20="Yes","",IF($AB243="Empty","",IF($S$17="","",IF(OR($S243<$R$17,$S243>$T$17),"NC","yes")))) | S243: =IF($AB$20="Yes","",IF($AB243="Empty","",$I243/$G243)) | T243: =IF($AB$20="Yes","",IF($AB243="Empty","",IF(R243="yes",($S243/$S$17),IF(OR($S243>$R$17,$S243<$T$17),($S243/$S$17))))) | U243: =IF($AB$20="Yes","",IF($AB243="Empty","",IF($V$17="","",IF(OR($V243<$U$17,V243>$W$17),"NC","yes")))) | V243: =IF($AB$20="Yes","",IF($AB243="Empty","",$G243/$J243)) | W243: =IF($AB$20="Yes","",IF($AB243="Empty","",IF(U243="yes",(V243/V$17),IF(OR(V243<$U$17,V243>W$17),(V243/V$17))))) | X243: =IF($AC243="empty","",IF($AB243="Empty",$G243,"")) | Y243: =IF($AC243="empty","",IF($AB243="Empty",$H243,"")) | Z243: =IF($AC243="empty","",IF($AB243="Empty",$I243,"")) | AA243: =IF($AC243="empty","",IF($AB243="Empty",$J243,"")) | AB243: =IF(E243<>"y","Empty","Data") -> Empty | AC243: =IF(D243="","empty","data") -> empty
B244: 123 | L244: =IF($Y$22=0,"",IF($AB244="Empty","",IF($H244="","",IF($G244="","",IF($H244/$G244>=$L$22,"yes","NC"))))) | M244: =IF($Z$22=0,"",IF($AB244="Empty","",IF($I244="","",IF($I244="","",IF($I244/$G244>=$M$22,"yes","NC"))))) | N244: =IF($AA$22=0,"",IF($AB244="Empty","",IF($J244="","",IF($J244="","",IF($G244/$J244<=$N$22,"yes","NC"))))) | O244: =IF($AB$20="Yes","",IF($AB244="Empty","",IF($P$17="","",IF(OR($P244<$O$17,$P244>$Q$17),"NC","yes")))) | P244: =IF($AB$20="Yes","",IF($AB244="Empty","",$H244/$G244)) | Q244: =IF($AB$20="Yes","",IF($AB244="Empty","",IF(O244="yes",($P244/$P$17),IF(OR($P244<$O$17,$P244>$Q$17),($P244/$P$17))))) | R244: =IF($AB$20="Yes","",IF($AB244="Empty","",IF($S$17="","",IF(OR($S244<$R$17,$S244>$T$17),"NC","yes")))) | S244: =IF($AB$20="Yes","",IF($AB244="Empty","",$I244/$G244)) | T244: =IF($AB$20="Yes","",IF($AB244="Empty","",IF(R244="yes",($S244/$S$17),IF(OR($S244>$R$17,$S244<$T$17),($S244/$S$17))))) | U244: =IF($AB$20="Yes","",IF($AB244="Empty","",IF($V$17="","",IF(OR($V244<$U$17,V244>$W$17),"NC","yes")))) | V244: =IF($AB$20="Yes","",IF($AB244="Empty","",$G244/$J244)) | W244: =IF($AB$20="Yes","",IF($AB244="Empty","",IF(U244="yes",(V244/V$17),IF(OR(V244<$U$17,V244>W$17),(V244/V$17))))) | X244: =IF($AC244="empty","",IF($AB244="Empty",$G244,"")) | Y244: =IF($AC244="empty","",IF($AB244="Empty",$H244,"")) | Z244: =IF($AC244="empty","",IF($AB244="Empty",$I244,"")) | AA244: =IF($AC244="empty","",IF($AB244="Empty",$J244,"")) | AB244: =IF(E244<>"y","Empty","Data") -> Empty | AC244: =IF(D244="","empty","data") -> empty
B245: 124 | L245: =IF($Y$22=0,"",IF($AB245="Empty","",IF($H245="","",IF($G245="","",IF($H245/$G245>=$L$22,"yes","NC"))))) | M245: =IF($Z$22=0,"",IF($AB245="Empty","",IF($I245="","",IF($I245="","",IF($I245/$G245>=$M$22,"yes","NC"))))) | N245: =IF($AA$22=0,"",IF($AB245="Empty","",IF($J245="","",IF($J245="","",IF($G245/$J245<=$N$22,"yes","NC"))))) | O245: =IF($AB$20="Yes","",IF($AB245="Empty","",IF($P$17="","",IF(OR($P245<$O$17,$P245>$Q$17),"NC","yes")))) | P245: =IF($AB$20="Yes","",IF($AB245="Empty","",$H245/$G245)) | Q245: =IF($AB$20="Yes","",IF($AB245="Empty","",IF(O245="yes",($P245/$P$17),IF(OR($P245<$O$17,$P245>$Q$17),($P245/$P$17))))) | R245: =IF($AB$20="Yes","",IF($AB245="Empty","",IF($S$17="","",IF(OR($S245<$R$17,$S245>$T$17),"NC","yes")))) | S245: =IF($AB$20="Yes","",IF($AB245="Empty","",$I245/$G245)) | T245: =IF($AB$20="Yes","",IF($AB245="Empty","",IF(R245="yes",($S245/$S$17),IF(OR($S245>$R$17,$S245<$T$17),($S245/$S$17))))) | U245: =IF($AB$20="Yes","",IF($AB245="Empty","",IF($V$17="","",IF(OR($V245<$U$17,V245>$W$17),"NC","yes")))) | V245: =IF($AB$20="Yes","",IF($AB245="Empty","",$G245/$J245)) | W245: =IF($AB$20="Yes","",IF($AB245="Empty","",IF(U245="yes",(V245/V$17),IF(OR(V245<$U$17,V245>W$17),(V245/V$17))))) | X245: =IF($AC245="empty","",IF($AB245="Empty",$G245,"")) | Y245: =IF($AC245="empty","",IF($AB245="Empty",$H245,"")) | Z245: =IF($AC245="empty","",IF($AB245="Empty",$I245,"")) | AA245: =IF($AC245="empty","",IF($AB245="Empty",$J245,"")) | AB245: =IF(E245<>"y","Empty","Data") -> Empty | AC245: =IF(D245="","empty","data") -> empty
B246: 125 | L246: =IF($Y$22=0,"",IF($AB246="Empty","",IF($H246="","",IF($G246="","",IF($H246/$G246>=$L$22,"yes","NC"))))) | M246: =IF($Z$22=0,"",IF($AB246="Empty","",IF($I246="","",IF($I246="","",IF($I246/$G246>=$M$22,"yes","NC"))))) | N246: =IF($AA$22=0,"",IF($AB246="Empty","",IF($J246="","",IF($J246="","",IF($G246/$J246<=$N$22,"yes","NC"))))) | O246: =IF($AB$20="Yes","",IF($AB246="Empty","",IF($P$17="","",IF(OR($P246<$O$17,$P246>$Q$17),"NC","yes")))) | P246: =IF($AB$20="Yes","",IF($AB246="Empty","",$H246/$G246)) | Q246: =IF($AB$20="Yes","",IF($AB246="Empty","",IF(O246="yes",($P246/$P$17),IF(OR($P246<$O$17,$P246>$Q$17),($P246/$P$17))))) | R246: =IF($AB$20="Yes","",IF($AB246="Empty","",IF($S$17="","",IF(OR($S246<$R$17,$S246>$T$17),"NC","yes")))) | S246: =IF($AB$20="Yes","",IF($AB246="Empty","",$I246/$G246)) | T246: =IF($AB$20="Yes","",IF($AB246="Empty","",IF(R246="yes",($S246/$S$17),IF(OR($S246>$R$17,$S246<$T$17),($S246/$S$17))))) | U246: =IF($AB$20="Yes","",IF($AB246="Empty","",IF($V$17="","",IF(OR($V246<$U$17,V246>$W$17),"NC","yes")))) | V246: =IF($AB$20="Yes","",IF($AB246="Empty","",$G246/$J246)) | W246: =IF($AB$20="Yes","",IF($AB246="Empty","",IF(U246="yes",(V246/V$17),IF(OR(V246<$U$17,V246>W$17),(V246/V$17))))) | X246: =IF($AC246="empty","",IF($AB246="Empty",$G246,"")) | Y246: =IF($AC246="empty","",IF($AB246="Empty",$H246,"")) | Z246: =IF($AC246="empty","",IF($AB246="Empty",$I246,"")) | AA246: =IF($AC246="empty","",IF($AB246="Empty",$J246,"")) | AB246: =IF(E246<>"y","Empty","Data") -> Empty | AC246: =IF(D246="","empty","data") -> empty
L247: =IF($X$22=0,"",IF(E247="","",IF($H247="","",IF($G247="","",IF($H247/$G247>=$L$22,"yes","NC"))))) | M247: =IF($X$22=0,"",IF($E247="","",IF($H247="","",IF($I247="","",IF($I247/$G247>=$M$22,"yes","NC"))))) | N247: =IF($X$22=0,"",IF($E247="","",IF($H247="","",IF($J247="","",IF($G247/$J247<=$N$22,"yes","NC"))))) | O247: =IF($E247="","",IF($P$17="","",IF(OR($P247<$O$17,$P247>$Q$17),"NC","yes"))) | P247: =IF($E247="","",H247/$G247) | Q247: =IF($E247=0,"",IF(O247="yes",($P247/$P$17),IF(OR($P247<$O$17,$P247>$Q$17),($P247/$P$17)))) | R247: =IF($E247="","",IF($S$17="","",IF(OR($S247<$R$17,$S247>$T$17),"NC","yes"))) | S247: =IF($E247="","",$I247/$G247) | T247: =IF($E247=0,"",IF(R247="yes",($S247/$S$17),IF(OR($S247>$R$17,$S247<$T$17),($S247/$S$17)))) | U247: =IF($E247="","",IF($V$17="","",IF(OR($V247<$U$17,V247>$W$17),"NC","yes"))) | V247: =IF($E247="","",$G247/$J247) | W247: =IF($E247="","",IF(U247="yes",(V247/V$17),IF(OR(V247<$U119,V247>W$17),(V247/V$17)))) | X247: =IF(D247="","",IF($E247="",$G247,"")) | Y247: =IF($D247="","",IF($E247="",$H247,"")) | Z247: =IF($D247="","",IF($E247="",$I247,"")) | AA247: =IF($D247="","",IF($E247="",J247,""))

Sheet c
B1: =a!B1 -> Federal Fiscal Compliance and Reporting Division Comparability Computation Form (CCF) 2026-2027 School Year
B3: School System Information | L3: Primary Contact Information
B5: School System Name | D5: =a!D5 -> 0 | G5: County-District Number | J5: =a!J5 -> 0 | L5: Name | M5: =a!M5 -> 0 | R5: Phone | S5: =a!S5 -> 0 | U5: Ext | V5: =a!V5 -> 0
L7: Title | M7: =a!M7 -> 0 | R7: Email | S7: =a!S7 -> 0
J10: Campuses
J11: Total | L11: =COUNTA($C$23:$C$247) -> 0 | M11: =COUNTA($C$23:$C$247) -> 0 | N11: =COUNTA($C$23:$C$247) -> 0 | P11: =COUNTA($C$23:$C$247) -> 0 | S11: =COUNTA($C$23:$C$247) -> 0 | V11: =COUNTA($C$23:$C$247) -> 0
J12: Title I, Part A | L12: =COUNTIF($E$23:$E$247,"Y") -> 0 | M12: =COUNTIF($E$23:$E$247,"Y") -> 0 | N12: =COUNTIF($E$23:$E$247,"Y") -> 0 | P12: =COUNTIF($E$23:$E$247,"Y") -> 0 | S12: =COUNTIF($E$23:$E$247,"Y") -> 0 | V12: =COUNTIF($E$23:$E$247,"Y") -> 0
F13: Grade Span Group | J13: NonTitle I, Part A | L13: =L11-L12 -> 0 | M13: =M11-M12 -> 0 | N13: =N11-N12 -> 0 | P13: =P11-P12 -> 0 | S13: =S11-S12 -> 0 | V13: =V11-V12 -> 0
A14: COUNTA campus # | C14: Form must contain at least two campuses. Enter current school year budget data. | F14: [Elementary, Middle, or High] | J14: Title I, Part A, Comparable | L14: =COUNTIF(L23:L247,"Yes") -> 0 | M14: =COUNTIF(M23:M247,"Yes") -> 0 | N14: =COUNTIF(N23:N247,"Yes") -> 0 | P14: =COUNTIF($O23:$O247,"Yes") -> 0 | S14: =COUNTIF($R23:$R247,"Yes") -> 0 | V14: =COUNTIF($U23:$U247,"Yes") -> 0
A15: =COUNTA(C$23:C$237) -> 0 | C15: For further information, review the instructions | J15: Title I, Part A, Not Comparable | L15: =COUNTIF(L23:L247,"NC") -> 0 | M15: =COUNTIF(M23:M247,"NC") -> 0 | N15: =COUNTIF(N23:N247,"NC") -> 0 | P15: =COUNTIF($O23:$O247,"NC") -> 0 | S15: =COUNTIF($R23:$R247,"NC") -> 0 | V15: =COUNTIF($U23:$U247,"NC") -> 0
A16: COUNTIF Title1, Part A or Skipped | G16: All tests | H16: Test 1 Input | I16: Test 2 Input | J16: Test 3 Input | O16: 0.9 | P16: Grade Span (GS) Base | Q16: 1.1 | R16: 0.9 | S16: Grade Span (GS) Base | T16: 1.1 | U16: 0.9 | V16: Grade Span (GS) Base | W16: 1.1 | X16: T1 Only | Y16: Title I Only | Z16: Title I Only | AA16: Title I Only
A17: =COUNTIF(E$23:E$237,"Y") -> 0 | O17: =IF($P17="","",($P$17*0.9)) | P17: =IF($G22=0,"",$H$22/$G$22) | Q17: =IF(P17="","",($P$17*1.1)) | R17: =IF($S$17="","",($S$17*0.9)) | S17: =IF($G22=0,"",$I$22/$G$22) | T17: =IF($S$17="","",($S$17*1.1)) | U17: =IF($V17="","",($V$17*0.9)) | V17: =IF($G22=0,"",$G$22/$J$22) | W17: =IF(V17="","",($V$17*1.1)) | AB17: =COUNTIF(AB23:AB247,"Data") -> 0
L18: "A" Section Test Results | O18: "B" Section Test Results
A19: =A12-A14 -> #VALUE! | C19: required | D19: required | E19: required | G19: required | X19: =SUM($X$23:$X$246) -> 0 | Y19: =SUM($Y$23:$Y$246) -> 0 | Z19: =SUM($Z$23:$Z$246) -> 0 | AA19: =SUM($AA$23:$AA$246) -> 0 | AB19: Blank field Calc
B20: # | C20: Campus # | D20: Campus Name | E20: Title I, Part A or Skipped Campus? (enter Y for Yes leave blank for No) | G20: Campus Enrollment | H20: Campus State/Local Expenditures | I20: Campus Base Salaries for Non-Federal Instructional Staff | J20: Campus Non Federal Instructional Staff FTE's | L20: TEST 1 | M20: TEST 2 | N20: TEST 3 | O20: TEST 1 | R20: TEST 2 | U20: TEST 3 | X20: Non Title I GS Enrollment | Y20: Non Title I GS State/Local Expenditures | Z20: Non Title I GS Base Salaries for Non-Federal Instructional Staff | AA20: Non Title I GS Non Federal Instructional Staff FTE's | AB20: =IF(L11>AB17,"Yes","No") -> No
A21: Difference between "Campus count" and "Title 1, Part A or Skipped count" | L21: Exp / Enroll | M21: Base Sal / Enroll | N21: Enroll / FTE's | O21: Comp or NC | P21: Campus State & Local Expenditures per Pupil | Q21: Campus to GS Base | R21: Comp or NC | S21: Campus Base Salary per Pupil | T21: Campus to GS Base | U21: Comp or NC | V21: Campus Pupil per FTEs | W21: Campus to GS Base
A22: =A15-A17 -> 0 | E22: Grade Span Totals | G22: =SUM($G23:$G247) -> 0 | H22: =SUM($H23:$H247) -> 0 | I22: =SUM($I23:$I247) -> 0 | J22: =SUM(J23:J247) -> 0 | L22: =IF( $AB$20="No","",SUM($Y23:$Y246)/SUM($X23:$X246)*0.9) | M22: =IF( $AB$20="No","",SUM($Z23:$Z246)/SUM($X23:$X246)*0.9) | N22: =IF( $AB$20="No","",SUM($X23:$X246)/SUM($AA23:$AA246)*1.1) | P22: =IF( $J$5="","",AVERAGE(P23:P246)) -> #DIV/0! | S22: =IF($J$5="","",AVERAGE(S23:S246)) -> #DIV/0! | V22: =IF($J$5="","",AVERAGE(V23:V246)) -> #DIV/0! | X22: =SUM($X$23:$X$246) -> 0 | Y22: =SUM($Y$23:$Y$246) -> 0 | Z22: =SUM($Z$23:$Z$246) -> 0 | AA22: =SUM($AA$23:$AA$246) -> 0 | AB22: Blank field Calc
B23: 1 | L23: =IF($Y$22=0,"",IF($AB23="Empty","",IF($H23="","",IF($G23="","",IF($H23/$G23>=$L$22,"yes","NC"))))) | M23: =IF($Z$22=0,"",IF($AB23="Empty","",IF($I23="","",IF($I23="","",IF($I23/$G23>=$M$22,"yes","NC"))))) | N23: =IF($AA$22=0,"",IF($AB23="Empty","",IF($J23="","",IF($J23="","",IF($G23/$J23<=$N$22,"yes","NC"))))) | O23: =IF($AB$20="Yes","",IF($AB23="Empty","",IF($P$17="","",IF(OR($P23<$O$17,$P23>$Q$17),"NC","yes")))) | P23: =IF($AB$20="Yes","",IF($AB23="Empty","",$H23/$G23)) | Q23: =IF($AB$20="Yes","",IF($AB23="Empty","",IF(O23="yes",($P23/$P$17),IF(OR($P23<$O$17,$P23>$Q$17),($P23/$P$17))))) | R23: =IF($AB$20="Yes","",IF($AB23="Empty","",IF($S$17="","",IF(OR($S23<$R$17,$S23>$T$17),"NC","yes")))) | S23: =IF($AB$20="Yes","",IF($AB23="Empty","",$I23/$G23)) | T23: =IF($AB$20="Yes","",IF($AB23="Empty","",IF(R23="yes",($S23/$S$17),IF(OR($S23>$R$17,$S23<$T$17),($S23/$S$17))))) | U23: =IF($AB$20="Yes","",IF($AB23="Empty","",IF($V$17="","",IF(OR($V23<$U$17,V23>$W$17),"NC","yes")))) | V23: =IF($AB$20="Yes","",IF($AB23="Empty","",$G23/$J23)) | W23: =IF($AB$20="Yes","",IF($AB23="Empty","",IF(U23="yes",(V23/V$17),IF(OR(V23<$U$17,V23>W$17),(V23/V$17))))) | X23: =IF($AC23="empty","",IF($AB23="Empty",$G23,"")) | Y23: =IF($AC23="empty","",IF($AB23="Empty",$H23,"")) | Z23: =IF($AC23="empty","",IF($AB23="Empty",$I23,"")) | AA23: =IF($AC23="empty","",IF($AB23="Empty",$J23,"")) | AB23: =IF(E23<>"y","Empty","Data") -> Empty | AC23: =IF(D23="","empty","data") -> empty | AG23: Elem. Grade Span Group
B24: 2 | L24: =IF($Y$22=0,"",IF($AB24="Empty","",IF($H24="","",IF($G24="","",IF($H24/$G24>=$L$22,"yes","NC"))))) | M24: =IF($Z$22=0,"",IF($AB24="Empty","",IF($I24="","",IF($I24="","",IF($I24/$G24>=$M$22,"yes","NC"))))) | N24: =IF($AA$22=0,"",IF($AB24="Empty","",IF($J24="","",IF($J24="","",IF($G24/$J24<=$N$22,"yes","NC"))))) | O24: =IF($AB$20="Yes","",IF($AB24="Empty","",IF($P$17="","",IF(OR($P24<$O$17,$P24>$Q$17),"NC","yes")))) | P24: =IF($AB$20="Yes","",IF($AB24="Empty","",$H24/$G24)) | Q24: =IF($AB$20="Yes","",IF($AB24="Empty","",IF(O24="yes",($P24/$P$17),IF(OR($P24<$O$17,$P24>$Q$17),($P24/$P$17))))) | R24: =IF($AB$20="Yes","",IF($AB24="Empty","",IF($S$17="","",IF(OR($S24<$R$17,$S24>$T$17),"NC","yes")))) | S24: =IF($AB$20="Yes","",IF($AB24="Empty","",$I24/$G24)) | T24: =IF($AB$20="Yes","",IF($AB24="Empty","",IF(R24="yes",($S24/$S$17),IF(OR($S24>$R$17,$S24<$T$17),($S24/$S$17))))) | U24: =IF($AB$20="Yes","",IF($AB24="Empty","",IF($V$17="","",IF(OR($V24<$U$17,V24>$W$17),"NC","yes")))) | V24: =IF($AB$20="Yes","",IF($AB24="Empty","",$G24/$J24)) | W24: =IF($AB$20="Yes","",IF($AB24="Empty","",IF(U24="yes",(V24/V$17),IF(OR(V24<$U$17,V24>W$17),(V24/V$17))))) | X24: =IF($AC24="empty","",IF($AB24="Empty",$G24,"")) | Y24: =IF($AC24="empty","",IF($AB24="Empty",$H24,"")) | Z24: =IF($AC24="empty","",IF($AB24="Empty",$I24,"")) | AA24: =IF($AC24="empty","",IF($AB24="Empty",$J24,"")) | AB24: =IF(E24<>"y","Empty","Data") -> Empty | AC24: =IF(D24="","empty","data") -> empty | AG24: Middle Grade Span Group
B25: 3 | L25: =IF($Y$22=0,"",IF($AB25="Empty","",IF($H25="","",IF($G25="","",IF($H25/$G25>=$L$22,"yes","NC"))))) | M25: =IF($Z$22=0,"",IF($AB25="Empty","",IF($I25="","",IF($I25="","",IF($I25/$G25>=$M$22,"yes","NC"))))) | N25: =IF($AA$22=0,"",IF($AB25="Empty","",IF($J25="","",IF($J25="","",IF($G25/$J25<=$N$22,"yes","NC"))))) | O25: =IF($AB$20="Yes","",IF($AB25="Empty","",IF($P$17="","",IF(OR($P25<$O$17,$P25>$Q$17),"NC","yes")))) | P25: =IF($AB$20="Yes","",IF($AB25="Empty","",$H25/$G25)) | Q25: =IF($AB$20="Yes","",IF($AB25="Empty","",IF(O25="yes",($P25/$P$17),IF(OR($P25<$O$17,$P25>$Q$17),($P25/$P$17))))) | R25: =IF($AB$20="Yes","",IF($AB25="Empty","",IF($S$17="","",IF(OR($S25<$R$17,$S25>$T$17),"NC","yes")))) | S25: =IF($AB$20="Yes","",IF($AB25="Empty","",$I25/$G25)) | T25: =IF($AB$20="Yes","",IF($AB25="Empty","",IF(R25="yes",($S25/$S$17),IF(OR($S25>$R$17,$S25<$T$17),($S25/$S$17))))) | U25: =IF($AB$20="Yes","",IF($AB25="Empty","",IF($V$17="","",IF(OR($V25<$U$17,V25>$W$17),"NC","yes")))) | V25: =IF($AB$20="Yes","",IF($AB25="Empty","",$G25/$J25)) | W25: =IF($AB$20="Yes","",IF($AB25="Empty","",IF(U25="yes",(V25/V$17),IF(OR(V25<$U$17,V25>W$17),(V25/V$17))))) | X25: =IF($AC25="empty","",IF($AB25="Empty",$G25,"")) | Y25: =IF($AC25="empty","",IF($AB25="Empty",$H25,"")) | Z25: =IF($AC25="empty","",IF($AB25="Empty",$I25,"")) | AA25: =IF($AC25="empty","",IF($AB25="Empty",$J25,"")) | AB25: =IF(E25<>"y","Empty","Data") -> Empty | AC25: =IF(D25="","empty","data") -> empty | AG25: High Grade Span Group
B26: 4 | L26: =IF($Y$22=0,"",IF($AB26="Empty","",IF($H26="","",IF($G26="","",IF($H26/$G26>=$L$22,"yes","NC"))))) | M26: =IF($Z$22=0,"",IF($AB26="Empty","",IF($I26="","",IF($I26="","",IF($I26/$G26>=$M$22,"yes","NC"))))) | N26: =IF($AA$22=0,"",IF($AB26="Empty","",IF($J26="","",IF($J26="","",IF($G26/$J26<=$N$22,"yes","NC"))))) | O26: =IF($AB$20="Yes","",IF($AB26="Empty","",IF($P$17="","",IF(OR($P26<$O$17,$P26>$Q$17),"NC","yes")))) | P26: =IF($AB$20="Yes","",IF($AB26="Empty","",$H26/$G26)) | Q26: =IF($AB$20="Yes","",IF($AB26="Empty","",IF(O26="yes",($P26/$P$17),IF(OR($P26<$O$17,$P26>$Q$17),($P26/$P$17))))) | R26: =IF($AB$20="Yes","",IF($AB26="Empty","",IF($S$17="","",IF(OR($S26<$R$17,$S26>$T$17),"NC","yes")))) | S26: =IF($AB$20="Yes","",IF($AB26="Empty","",$I26/$G26)) | T26: =IF($AB$20="Yes","",IF($AB26="Empty","",IF(R26="yes",($S26/$S$17),IF(OR($S26>$R$17,$S26<$T$17),($S26/$S$17))))) | U26: =IF($AB$20="Yes","",IF($AB26="Empty","",IF($V$17="","",IF(OR($V26<$U$17,V26>$W$17),"NC","yes")))) | V26: =IF($AB$20="Yes","",IF($AB26="Empty","",$G26/$J26)) | W26: =IF($AB$20="Yes","",IF($AB26="Empty","",IF(U26="yes",(V26/V$17),IF(OR(V26<$U$17,V26>W$17),(V26/V$17))))) | X26: =IF($AC26="empty","",IF($AB26="Empty",$G26,"")) | Y26: =IF($AC26="empty","",IF($AB26="Empty",$H26,"")) | Z26: =IF($AC26="empty","",IF($AB26="Empty",$I26,"")) | AA26: =IF($AC26="empty","",IF($AB26="Empty",$J26,"")) | AB26: =IF(E26<>"y","Empty","Data") -> Empty | AC26: =IF(D26="","empty","data") -> empty | AG26: Elem. Grade Span Group/Low
B27: 5 | L27: =IF($Y$22=0,"",IF($AB27="Empty","",IF($H27="","",IF($G27="","",IF($H27/$G27>=$L$22,"yes","NC"))))) | M27: =IF($Z$22=0,"",IF($AB27="Empty","",IF($I27="","",IF($I27="","",IF($I27/$G27>=$M$22,"yes","NC"))))) | N27: =IF($AA$22=0,"",IF($AB27="Empty","",IF($J27="","",IF($J27="","",IF($G27/$J27<=$N$22,"yes","NC"))))) | O27: =IF($AB$20="Yes","",IF($AB27="Empty","",IF($P$17="","",IF(OR($P27<$O$17,$P27>$Q$17),"NC","yes")))) | P27: =IF($AB$20="Yes","",IF($AB27="Empty","",$H27/$G27)) | Q27: =IF($AB$20="Yes","",IF($AB27="Empty","",IF(O27="yes",($P27/$P$17),IF(OR($P27<$O$17,$P27>$Q$17),($P27/$P$17))))) | R27: =IF($AB$20="Yes","",IF($AB27="Empty","",IF($S$17="","",IF(OR($S27<$R$17,$S27>$T$17),"NC","yes")))) | S27: =IF($AB$20="Yes","",IF($AB27="Empty","",$I27/$G27)) | T27: =IF($AB$20="Yes","",IF($AB27="Empty","",IF(R27="yes",($S27/$S$17),IF(OR($S27>$R$17,$S27<$T$17),($S27/$S$17))))) | U27: =IF($AB$20="Yes","",IF($AB27="Empty","",IF($V$17="","",IF(OR($V27<$U$17,V27>$W$17),"NC","yes")))) | V27: =IF($AB$20="Yes","",IF($AB27="Empty","",$G27/$J27)) | W27: =IF($AB$20="Yes","",IF($AB27="Empty","",IF(U27="yes",(V27/V$17),IF(OR(V27<$U$17,V27>W$17),(V27/V$17))))) | X27: =IF($AC27="empty","",IF($AB27="Empty",$G27,"")) | Y27: =IF($AC27="empty","",IF($AB27="Empty",$H27,"")) | Z27: =IF($AC27="empty","",IF($AB27="Empty",$I27,"")) | AA27: =IF($AC27="empty","",IF($AB27="Empty",$J27,"")) | AB27: =IF(E27<>"y","Empty","Data") -> Empty | AC27: =IF(D27="","empty","data") -> empty | AG27: Elem. Grade Span Group/High
B28: 6 | L28: =IF($Y$22=0,"",IF($AB28="Empty","",IF($H28="","",IF($G28="","",IF($H28/$G28>=$L$22,"yes","NC"))))) | M28: =IF($Z$22=0,"",IF($AB28="Empty","",IF($I28="","",IF($I28="","",IF($I28/$G28>=$M$22,"yes","NC"))))) | N28: =IF($AA$22=0,"",IF($AB28="Empty","",IF($J28="","",IF($J28="","",IF($G28/$J28<=$N$22,"yes","NC"))))) | O28: =IF($AB$20="Yes","",IF($AB28="Empty","",IF($P$17="","",IF(OR($P28<$O$17,$P28>$Q$17),"NC","yes")))) | P28: =IF($AB$20="Yes","",IF($AB28="Empty","",$H28/$G28)) | Q28: =IF($AB$20="Yes","",IF($AB28="Empty","",IF(O28="yes",($P28/$P$17),IF(OR($P28<$O$17,$P28>$Q$17),($P28/$P$17))))) | R28: =IF($AB$20="Yes","",IF($AB28="Empty","",IF($S$17="","",IF(OR($S28<$R$17,$S28>$T$17),"NC","yes")))) | S28: =IF($AB$20="Yes","",IF($AB28="Empty","",$I28/$G28)) | T28: =IF($AB$20="Yes","",IF($AB28="Empty","",IF(R28="yes",($S28/$S$17),IF(OR($S28>$R$17,$S28<$T$17),($S28/$S$17))))) | U28: =IF($AB$20="Yes","",IF($AB28="Empty","",IF($V$17="","",IF(OR($V28<$U$17,V28>$W$17),"NC","yes")))) | V28: =IF($AB$20="Yes","",IF($AB28="Empty","",$G28/$J28)) | W28: =IF($AB$20="Yes","",IF($AB28="Empty","",IF(U28="yes",(V28/V$17),IF(OR(V28<$U$17,V28>W$17),(V28/V$17))))) | X28: =IF($AC28="empty","",IF($AB28="Empty",$G28,"")) | Y28: =IF($AC28="empty","",IF($AB28="Empty",$H28,"")) | Z28: =IF($AC28="empty","",IF($AB28="Empty",$I28,"")) | AA28: =IF($AC28="empty","",IF($AB28="Empty",$J28,"")) | AB28: =IF(E28<>"y","Empty","Data") -> Empty | AC28: =IF(D28="","empty","data") -> empty | AG28: Middle Grade Span Group/Low
B29: 7 | L29: =IF($Y$22=0,"",IF($AB29="Empty","",IF($H29="","",IF($G29="","",IF($H29/$G29>=$L$22,"yes","NC"))))) | M29: =IF($Z$22=0,"",IF($AB29="Empty","",IF($I29="","",IF($I29="","",IF($I29/$G29>=$M$22,"yes","NC"))))) | N29: =IF($AA$22=0,"",IF($AB29="Empty","",IF($J29="","",IF($J29="","",IF($G29/$J29<=$N$22,"yes","NC"))))) | O29: =IF($AB$20="Yes","",IF($AB29="Empty","",IF($P$17="","",IF(OR($P29<$O$17,$P29>$Q$17),"NC","yes")))) | P29: =IF($AB$20="Yes","",IF($AB29="Empty","",$H29/$G29)) | Q29: =IF($AB$20="Yes","",IF($AB29="Empty","",IF(O29="yes",($P29/$P$17),IF(OR($P29<$O$17,$P29>$Q$17),($P29/$P$17))))) | R29: =IF($AB$20="Yes","",IF($AB29="Empty","",IF($S$17="","",IF(OR($S29<$R$17,$S29>$T$17),"NC","yes")))) | S29: =IF($AB$20="Yes","",IF($AB29="Empty","",$I29/$G29)) | T29: =IF($AB$20="Yes","",IF($AB29="Empty","",IF(R29="yes",($S29/$S$17),IF(OR($S29>$R$17,$S29<$T$17),($S29/$S$17))))) | U29: =IF($AB$20="Yes","",IF($AB29="Empty","",IF($V$17="","",IF(OR($V29<$U$17,V29>$W$17),"NC","yes")))) | V29: =IF($AB$20="Yes","",IF($AB29="Empty","",$G29/$J29)) | W29: =IF($AB$20="Yes","",IF($AB29="Empty","",IF(U29="yes",(V29/V$17),IF(OR(V29<$U$17,V29>W$17),(V29/V$17))))) | X29: =IF($AC29="empty","",IF($AB29="Empty",$G29,"")) | Y29: =IF($AC29="empty","",IF($AB29="Empty",$H29,"")) | Z29: =IF($AC29="empty","",IF($AB29="Empty",$I29,"")) | AA29: =IF($AC29="empty","",IF($AB29="Empty",$J29,"")) | AB29: =IF(E29<>"y","Empty","Data") -> Empty | AC29: =IF(D29="","empty","data") -> empty | AG29: Middle Grade Span Group/High
B30: 8 | L30: =IF($Y$22=0,"",IF($AB30="Empty","",IF($H30="","",IF($G30="","",IF($H30/$G30>=$L$22,"yes","NC"))))) | M30: =IF($Z$22=0,"",IF($AB30="Empty","",IF($I30="","",IF($I30="","",IF($I30/$G30>=$M$22,"yes","NC"))))) | N30: =IF($AA$22=0,"",IF($AB30="Empty","",IF($J30="","",IF($J30="","",IF($G30/$J30<=$N$22,"yes","NC"))))) | O30: =IF($AB$20="Yes","",IF($AB30="Empty","",IF($P$17="","",IF(OR($P30<$O$17,$P30>$Q$17),"NC","yes")))) | P30: =IF($AB$20="Yes","",IF($AB30="Empty","",$H30/$G30)) | Q30: =IF($AB$20="Yes","",IF($AB30="Empty","",IF(O30="yes",($P30/$P$17),IF(OR($P30<$O$17,$P30>$Q$17),($P30/$P$17))))) | R30: =IF($AB$20="Yes","",IF($AB30="Empty","",IF($S$17="","",IF(OR($S30<$R$17,$S30>$T$17),"NC","yes")))) | S30: =IF($AB$20="Yes","",IF($AB30="Empty","",$I30/$G30)) | T30: =IF($AB$20="Yes","",IF($AB30="Empty","",IF(R30="yes",($S30/$S$17),IF(OR($S30>$R$17,$S30<$T$17),($S30/$S$17))))) | U30: =IF($AB$20="Yes","",IF($AB30="Empty","",IF($V$17="","",IF(OR($V30<$U$17,V30>$W$17),"NC","yes")))) | V30: =IF($AB$20="Yes","",IF($AB30="Empty","",$G30/$J30)) | W30: =IF($AB$20="Yes","",IF($AB30="Empty","",IF(U30="yes",(V30/V$17),IF(OR(V30<$U$17,V30>W$17),(V30/V$17))))) | X30: =IF($AC30="empty","",IF($AB30="Empty",$G30,"")) | Y30: =IF($AC30="empty","",IF($AB30="Empty",$H30,"")) | Z30: =IF($AC30="empty","",IF($AB30="Empty",$I30,"")) | AA30: =IF($AC30="empty","",IF($AB30="Empty",$J30,"")) | AB30: =IF(E30<>"y","Empty","Data") -> Empty | AC30: =IF(D30="","empty","data") -> empty | AG30: High Grade Span Group/Low
B31: 9 | L31: =IF($Y$22=0,"",IF($AB31="Empty","",IF($H31="","",IF($G31="","",IF($H31/$G31>=$L$22,"yes","NC"))))) | M31: =IF($Z$22=0,"",IF($AB31="Empty","",IF($I31="","",IF($I31="","",IF($I31/$G31>=$M$22,"yes","NC"))))) | N31: =IF($AA$22=0,"",IF($AB31="Empty","",IF($J31="","",IF($J31="","",IF($G31/$J31<=$N$22,"yes","NC"))))) | O31: =IF($AB$20="Yes","",IF($AB31="Empty","",IF($P$17="","",IF(OR($P31<$O$17,$P31>$Q$17),"NC","yes")))) | P31: =IF($AB$20="Yes","",IF($AB31="Empty","",$H31/$G31)) | Q31: =IF($AB$20="Yes","",IF($AB31="Empty","",IF(O31="yes",($P31/$P$17),IF(OR($P31<$O$17,$P31>$Q$17),($P31/$P$17))))) | R31: =IF($AB$20="Yes","",IF($AB31="Empty","",IF($S$17="","",IF(OR($S31<$R$17,$S31>$T$17),"NC","yes")))) | S31: =IF($AB$20="Yes","",IF($AB31="Empty","",$I31/$G31)) | T31: =IF($AB$20="Yes","",IF($AB31="Empty","",IF(R31="yes",($S31/$S$17),IF(OR($S31>$R$17,$S31<$T$17),($S31/$S$17))))) | U31: =IF($AB$20="Yes","",IF($AB31="Empty","",IF($V$17="","",IF(OR($V31<$U$17,V31>$W$17),"NC","yes")))) | V31: =IF($AB$20="Yes","",IF($AB31="Empty","",$G31/$J31)) | W31: =IF($AB$20="Yes","",IF($AB31="Empty","",IF(U31="yes",(V31/V$17),IF(OR(V31<$U$17,V31>W$17),(V31/V$17))))) | X31: =IF($AC31="empty","",IF($AB31="Empty",$G31,"")) | Y31: =IF($AC31="empty","",IF($AB31="Empty",$H31,"")) | Z31: =IF($AC31="empty","",IF($AB31="Empty",$I31,"")) | AA31: =IF($AC31="empty","",IF($AB31="Empty",$J31,"")) | AB31: =IF(E31<>"y","Empty","Data") -> Empty | AC31: =IF(D31="","empty","data") -> empty | AG31: High Grade Span Group/High
B32: 10 | L32: =IF($Y$22=0,"",IF($AB32="Empty","",IF($H32="","",IF($G32="","",IF($H32/$G32>=$L$22,"yes","NC"))))) | M32: =IF($Z$22=0,"",IF($AB32="Empty","",IF($I32="","",IF($I32="","",IF($I32/$G32>=$M$22,"yes","NC"))))) | N32: =IF($AA$22=0,"",IF($AB32="Empty","",IF($J32="","",IF($J32="","",IF($G32/$J32<=$N$22,"yes","NC"))))) | O32: =IF($AB$20="Yes","",IF($AB32="Empty","",IF($P$17="","",IF(OR($P32<$O$17,$P32>$Q$17),"NC","yes")))) | P32: =IF($AB$20="Yes","",IF($AB32="Empty","",$H32/$G32)) | Q32: =IF($AB$20="Yes","",IF($AB32="Empty","",IF(O32="yes",($P32/$P$17),IF(OR($P32<$O$17,$P32>$Q$17),($P32/$P$17))))) | R32: =IF($AB$20="Yes","",IF($AB32="Empty","",IF($S$17="","",IF(OR($S32<$R$17,$S32>$T$17),"NC","yes")))) | S32: =IF($AB$20="Yes","",IF($AB32="Empty","",$I32/$G32)) | T32: =IF($AB$20="Yes","",IF($AB32="Empty","",IF(R32="yes",($S32/$S$17),IF(OR($S32>$R$17,$S32<$T$17),($S32/$S$17))))) | U32: =IF($AB$20="Yes","",IF($AB32="Empty","",IF($V$17="","",IF(OR($V32<$U$17,V32>$W$17),"NC","yes")))) | V32: =IF($AB$20="Yes","",IF($AB32="Empty","",$G32/$J32)) | W32: =IF($AB$20="Yes","",IF($AB32="Empty","",IF(U32="yes",(V32/V$17),IF(OR(V32<$U$17,V32>W$17),(V32/V$17))))) | X32: =IF($AC32="empty","",IF($AB32="Empty",$G32,"")) | Y32: =IF($AC32="empty","",IF($AB32="Empty",$H32,"")) | Z32: =IF($AC32="empty","",IF($AB32="Empty",$I32,"")) | AA32: =IF($AC32="empty","",IF($AB32="Empty",$J32,"")) | AB32: =IF(E32<>"y","Empty","Data") -> Empty | AC32: =IF(D32="","empty","data") -> empty
B33: 11 | L33: =IF($Y$22=0,"",IF($AB33="Empty","",IF($H33="","",IF($G33="","",IF($H33/$G33>=$L$22,"yes","NC"))))) | M33: =IF($Z$22=0,"",IF($AB33="Empty","",IF($I33="","",IF($I33="","",IF($I33/$G33>=$M$22,"yes","NC"))))) | N33: =IF($AA$22=0,"",IF($AB33="Empty","",IF($J33="","",IF($J33="","",IF($G33/$J33<=$N$22,"yes","NC"))))) | O33: =IF($AB$20="Yes","",IF($AB33="Empty","",IF($P$17="","",IF(OR($P33<$O$17,$P33>$Q$17),"NC","yes")))) | P33: =IF($AB$20="Yes","",IF($AB33="Empty","",$H33/$G33)) | Q33: =IF($AB$20="Yes","",IF($AB33="Empty","",IF(O33="yes",($P33/$P$17),IF(OR($P33<$O$17,$P33>$Q$17),($P33/$P$17))))) | R33: =IF($AB$20="Yes","",IF($AB33="Empty","",IF($S$17="","",IF(OR($S33<$R$17,$S33>$T$17),"NC","yes")))) | S33: =IF($AB$20="Yes","",IF($AB33="Empty","",$I33/$G33)) | T33: =IF($AB$20="Yes","",IF($AB33="Empty","",IF(R33="yes",($S33/$S$17),IF(OR($S33>$R$17,$S33<$T$17),($S33/$S$17))))) | U33: =IF($AB$20="Yes","",IF($AB33="Empty","",IF($V$17="","",IF(OR($V33<$U$17,V33>$W$17),"NC","yes")))) | V33: =IF($AB$20="Yes","",IF($AB33="Empty","",$G33/$J33)) | W33: =IF($AB$20="Yes","",IF($AB33="Empty","",IF(U33="yes",(V33/V$17),IF(OR(V33<$U$17,V33>W$17),(V33/V$17))))) | X33: =IF($AC33="empty","",IF($AB33="Empty",$G33,"")) | Y33: =IF($AC33="empty","",IF($AB33="Empty",$H33,"")) | Z33: =IF($AC33="empty","",IF($AB33="Empty",$I33,"")) | AA33: =IF($AC33="empty","",IF($AB33="Empty",$J33,"")) | AB33: =IF(E33<>"y","Empty","Data") -> Empty | AC33: =IF(D33="","empty","data") -> empty
B34: 12 | L34: =IF($Y$22=0,"",IF($AB34="Empty","",IF($H34="","",IF($G34="","",IF($H34/$G34>=$L$22,"yes","NC"))))) | M34: =IF($Z$22=0,"",IF($AB34="Empty","",IF($I34="","",IF($I34="","",IF($I34/$G34>=$M$22,"yes","NC"))))) | N34: =IF($AA$22=0,"",IF($AB34="Empty","",IF($J34="","",IF($J34="","",IF($G34/$J34<=$N$22,"yes","NC"))))) | O34: =IF($AB$20="Yes","",IF($AB34="Empty","",IF($P$17="","",IF(OR($P34<$O$17,$P34>$Q$17),"NC","yes")))) | P34: =IF($AB$20="Yes","",IF($AB34="Empty","",$H34/$G34)) | Q34: =IF($AB$20="Yes","",IF($AB34="Empty","",IF(O34="yes",($P34/$P$17),IF(OR($P34<$O$17,$P34>$Q$17),($P34/$P$17))))) | R34: =IF($AB$20="Yes","",IF($AB34="Empty","",IF($S$17="","",IF(OR($S34<$R$17,$S34>$T$17),"NC","yes")))) | S34: =IF($AB$20="Yes","",IF($AB34="Empty","",$I34/$G34)) | T34: =IF($AB$20="Yes","",IF($AB34="Empty","",IF(R34="yes",($S34/$S$17),IF(OR($S34>$R$17,$S34<$T$17),($S34/$S$17))))) | U34: =IF($AB$20="Yes","",IF($AB34="Empty","",IF($V$17="","",IF(OR($V34<$U$17,V34>$W$17),"NC","yes")))) | V34: =IF($AB$20="Yes","",IF($AB34="Empty","",$G34/$J34)) | W34: =IF($AB$20="Yes","",IF($AB34="Empty","",IF(U34="yes",(V34/V$17),IF(OR(V34<$U$17,V34>W$17),(V34/V$17))))) | X34: =IF($AC34="empty","",IF($AB34="Empty",$G34,"")) | Y34: =IF($AC34="empty","",IF($AB34="Empty",$H34,"")) | Z34: =IF($AC34="empty","",IF($AB34="Empty",$I34,"")) | AA34: =IF($AC34="empty","",IF($AB34="Empty",$J34,"")) | AB34: =IF(E34<>"y","Empty","Data") -> Empty | AC34: =IF(D34="","empty","data") -> empty
B35: 13 | L35: =IF($Y$22=0,"",IF($AB35="Empty","",IF($H35="","",IF($G35="","",IF($H35/$G35>=$L$22,"yes","NC"))))) | M35: =IF($Z$22=0,"",IF($AB35="Empty","",IF($I35="","",IF($I35="","",IF($I35/$G35>=$M$22,"yes","NC"))))) | N35: =IF($AA$22=0,"",IF($AB35="Empty","",IF($J35="","",IF($J35="","",IF($G35/$J35<=$N$22,"yes","NC"))))) | O35: =IF($AB$20="Yes","",IF($AB35="Empty","",IF($P$17="","",IF(OR($P35<$O$17,$P35>$Q$17),"NC","yes")))) | P35: =IF($AB$20="Yes","",IF($AB35="Empty","",$H35/$G35)) | Q35: =IF($AB$20="Yes","",IF($AB35="Empty","",IF(O35="yes",($P35/$P$17),IF(OR($P35<$O$17,$P35>$Q$17),($P35/$P$17))))) | R35: =IF($AB$20="Yes","",IF($AB35="Empty","",IF($S$17="","",IF(OR($S35<$R$17,$S35>$T$17),"NC","yes")))) | S35: =IF($AB$20="Yes","",IF($AB35="Empty","",$I35/$G35)) | T35: =IF($AB$20="Yes","",IF($AB35="Empty","",IF(R35="yes",($S35/$S$17),IF(OR($S35>$R$17,$S35<$T$17),($S35/$S$17))))) | U35: =IF($AB$20="Yes","",IF($AB35="Empty","",IF($V$17="","",IF(OR($V35<$U$17,V35>$W$17),"NC","yes")))) | V35: =IF($AB$20="Yes","",IF($AB35="Empty","",$G35/$J35)) | W35: =IF($AB$20="Yes","",IF($AB35="Empty","",IF(U35="yes",(V35/V$17),IF(OR(V35<$U$17,V35>W$17),(V35/V$17))))) | X35: =IF($AC35="empty","",IF($AB35="Empty",$G35,"")) | Y35: =IF($AC35="empty","",IF($AB35="Empty",$H35,"")) | Z35: =IF($AC35="empty","",IF($AB35="Empty",$I35,"")) | AA35: =IF($AC35="empty","",IF($AB35="Empty",$J35,"")) | AB35: =IF(E35<>"y","Empty","Data") -> Empty | AC35: =IF(D35="","empty","data") -> empty
B36: 14 | L36: =IF($Y$22=0,"",IF($AB36="Empty","",IF($H36="","",IF($G36="","",IF($H36/$G36>=$L$22,"yes","NC"))))) | M36: =IF($Z$22=0,"",IF($AB36="Empty","",IF($I36="","",IF($I36="","",IF($I36/$G36>=$M$22,"yes","NC"))))) | N36: =IF($AA$22=0,"",IF($AB36="Empty","",IF($J36="","",IF($J36="","",IF($G36/$J36<=$N$22,"yes","NC"))))) | O36: =IF($AB$20="Yes","",IF($AB36="Empty","",IF($P$17="","",IF(OR($P36<$O$17,$P36>$Q$17),"NC","yes")))) | P36: =IF($AB$20="Yes","",IF($AB36="Empty","",$H36/$G36)) | Q36: =IF($AB$20="Yes","",IF($AB36="Empty","",IF(O36="yes",($P36/$P$17),IF(OR($P36<$O$17,$P36>$Q$17),($P36/$P$17))))) | R36: =IF($AB$20="Yes","",IF($AB36="Empty","",IF($S$17="","",IF(OR($S36<$R$17,$S36>$T$17),"NC","yes")))) | S36: =IF($AB$20="Yes","",IF($AB36="Empty","",$I36/$G36)) | T36: =IF($AB$20="Yes","",IF($AB36="Empty","",IF(R36="yes",($S36/$S$17),IF(OR($S36>$R$17,$S36<$T$17),($S36/$S$17))))) | U36: =IF($AB$20="Yes","",IF($AB36="Empty","",IF($V$17="","",IF(OR($V36<$U$17,V36>$W$17),"NC","yes")))) | V36: =IF($AB$20="Yes","",IF($AB36="Empty","",$G36/$J36)) | W36: =IF($AB$20="Yes","",IF($AB36="Empty","",IF(U36="yes",(V36/V$17),IF(OR(V36<$U$17,V36>W$17),(V36/V$17))))) | X36: =IF($AC36="empty","",IF($AB36="Empty",$G36,"")) | Y36: =IF($AC36="empty","",IF($AB36="Empty",$H36,"")) | Z36: =IF($AC36="empty","",IF($AB36="Empty",$I36,"")) | AA36: =IF($AC36="empty","",IF($AB36="Empty",$J36,"")) | AB36: =IF(E36<>"y","Empty","Data") -> Empty | AC36: =IF(D36="","empty","data") -> empty
B37: 15 | L37: =IF($Y$22=0,"",IF($AB37="Empty","",IF($H37="","",IF($G37="","",IF($H37/$G37>=$L$22,"yes","NC"))))) | M37: =IF($Z$22=0,"",IF($AB37="Empty","",IF($I37="","",IF($I37="","",IF($I37/$G37>=$M$22,"yes","NC"))))) | N37: =IF($AA$22=0,"",IF($AB37="Empty","",IF($J37="","",IF($J37="","",IF($G37/$J37<=$N$22,"yes","NC"))))) | O37: =IF($AB$20="Yes","",IF($AB37="Empty","",IF($P$17="","",IF(OR($P37<$O$17,$P37>$Q$17),"NC","yes")))) | P37: =IF($AB$20="Yes","",IF($AB37="Empty","",$H37/$G37)) | Q37: =IF($AB$20="Yes","",IF($AB37="Empty","",IF(O37="yes",($P37/$P$17),IF(OR($P37<$O$17,$P37>$Q$17),($P37/$P$17))))) | R37: =IF($AB$20="Yes","",IF($AB37="Empty","",IF($S$17="","",IF(OR($S37<$R$17,$S37>$T$17),"NC","yes")))) | S37: =IF($AB$20="Yes","",IF($AB37="Empty","",$I37/$G37)) | T37: =IF($AB$20="Yes","",IF($AB37="Empty","",IF(R37="yes",($S37/$S$17),IF(OR($S37>$R$17,$S37<$T$17),($S37/$S$17))))) | U37: =IF($AB$20="Yes","",IF($AB37="Empty","",IF($V$17="","",IF(OR($V37<$U$17,V37>$W$17),"NC","yes")))) | V37: =IF($AB$20="Yes","",IF($AB37="Empty","",$G37/$J37)) | W37: =IF($AB$20="Yes","",IF($AB37="Empty","",IF(U37="yes",(V37/V$17),IF(OR(V37<$U$17,V37>W$17),(V37/V$17))))) | X37: =IF($AC37="empty","",IF($AB37="Empty",$G37,"")) | Y37: =IF($AC37="empty","",IF($AB37="Empty",$H37,"")) | Z37: =IF($AC37="empty","",IF($AB37="Empty",$I37,"")) | AA37: =IF($AC37="empty","",IF($AB37="Empty",$J37,"")) | AB37: =IF(E37<>"y","Empty","Data") -> Empty | AC37: =IF(D37="","empty","data") -> empty
B38: 16 | L38: =IF($Y$22=0,"",IF($AB38="Empty","",IF($H38="","",IF($G38="","",IF($H38/$G38>=$L$22,"yes","NC"))))) | M38: =IF($Z$22=0,"",IF($AB38="Empty","",IF($I38="","",IF($I38="","",IF($I38/$G38>=$M$22,"yes","NC"))))) | N38: =IF($AA$22=0,"",IF($AB38="Empty","",IF($J38="","",IF($J38="","",IF($G38/$J38<=$N$22,"yes","NC"))))) | O38: =IF($AB$20="Yes","",IF($AB38="Empty","",IF($P$17="","",IF(OR($P38<$O$17,$P38>$Q$17),"NC","yes")))) | P38: =IF($AB$20="Yes","",IF($AB38="Empty","",$H38/$G38)) | Q38: =IF($AB$20="Yes","",IF($AB38="Empty","",IF(O38="yes",($P38/$P$17),IF(OR($P38<$O$17,$P38>$Q$17),($P38/$P$17))))) | R38: =IF($AB$20="Yes","",IF($AB38="Empty","",IF($S$17="","",IF(OR($S38<$R$17,$S38>$T$17),"NC","yes")))) | S38: =IF($AB$20="Yes","",IF($AB38="Empty","",$I38/$G38)) | T38: =IF($AB$20="Yes","",IF($AB38="Empty","",IF(R38="yes",($S38/$S$17),IF(OR($S38>$R$17,$S38<$T$17),($S38/$S$17))))) | U38: =IF($AB$20="Yes","",IF($AB38="Empty","",IF($V$17="","",IF(OR($V38<$U$17,V38>$W$17),"NC","yes")))) | V38: =IF($AB$20="Yes","",IF($AB38="Empty","",$G38/$J38)) | W38: =IF($AB$20="Yes","",IF($AB38="Empty","",IF(U38="yes",(V38/V$17),IF(OR(V38<$U$17,V38>W$17),(V38/V$17))))) | X38: =IF($AC38="empty","",IF($AB38="Empty",$G38,"")) | Y38: =IF($AC38="empty","",IF($AB38="Empty",$H38,"")) | Z38: =IF($AC38="empty","",IF($AB38="Empty",$I38,"")) | AA38: =IF($AC38="empty","",IF($AB38="Empty",$J38,"")) | AB38: =IF(E38<>"y","Empty","Data") -> Empty | AC38: =IF(D38="","empty","data") -> empty
B39: 17 | L39: =IF($Y$22=0,"",IF($AB39="Empty","",IF($H39="","",IF($G39="","",IF($H39/$G39>=$L$22,"yes","NC"))))) | M39: =IF($Z$22=0,"",IF($AB39="Empty","",IF($I39="","",IF($I39="","",IF($I39/$G39>=$M$22,"yes","NC"))))) | N39: =IF($AA$22=0,"",IF($AB39="Empty","",IF($J39="","",IF($J39="","",IF($G39/$J39<=$N$22,"yes","NC"))))) | O39: =IF($AB$20="Yes","",IF($AB39="Empty","",IF($P$17="","",IF(OR($P39<$O$17,$P39>$Q$17),"NC","yes")))) | P39: =IF($AB$20="Yes","",IF($AB39="Empty","",$H39/$G39)) | Q39: =IF($AB$20="Yes","",IF($AB39="Empty","",IF(O39="yes",($P39/$P$17),IF(OR($P39<$O$17,$P39>$Q$17),($P39/$P$17))))) | R39: =IF($AB$20="Yes","",IF($AB39="Empty","",IF($S$17="","",IF(OR($S39<$R$17,$S39>$T$17),"NC","yes")))) | S39: =IF($AB$20="Yes","",IF($AB39="Empty","",$I39/$G39)) | T39: =IF($AB$20="Yes","",IF($AB39="Empty","",IF(R39="yes",($S39/$S$17),IF(OR($S39>$R$17,$S39<$T$17),($S39/$S$17))))) | U39: =IF($AB$20="Yes","",IF($AB39="Empty","",IF($V$17="","",IF(OR($V39<$U$17,V39>$W$17),"NC","yes")))) | V39: =IF($AB$20="Yes","",IF($AB39="Empty","",$G39/$J39)) | W39: =IF($AB$20="Yes","",IF($AB39="Empty","",IF(U39="yes",(V39/V$17),IF(OR(V39<$U$17,V39>W$17),(V39/V$17))))) | X39: =IF($AC39="empty","",IF($AB39="Empty",$G39,"")) | Y39: =IF($AC39="empty","",IF($AB39="Empty",$H39,"")) | Z39: =IF($AC39="empty","",IF($AB39="Empty",$I39,"")) | AA39: =IF($AC39="empty","",IF($AB39="Empty",$J39,"")) | AB39: =IF(E39<>"y","Empty","Data") -> Empty | AC39: =IF(D39="","empty","data") -> empty
B40: 18 | L40: =IF($Y$22=0,"",IF($AB40="Empty","",IF($H40="","",IF($G40="","",IF($H40/$G40>=$L$22,"yes","NC"))))) | M40: =IF($Z$22=0,"",IF($AB40="Empty","",IF($I40="","",IF($I40="","",IF($I40/$G40>=$M$22,"yes","NC"))))) | N40: =IF($AA$22=0,"",IF($AB40="Empty","",IF($J40="","",IF($J40="","",IF($G40/$J40<=$N$22,"yes","NC"))))) | O40: =IF($AB$20="Yes","",IF($AB40="Empty","",IF($P$17="","",IF(OR($P40<$O$17,$P40>$Q$17),"NC","yes")))) | P40: =IF($AB$20="Yes","",IF($AB40="Empty","",$H40/$G40)) | Q40: =IF($AB$20="Yes","",IF($AB40="Empty","",IF(O40="yes",($P40/$P$17),IF(OR($P40<$O$17,$P40>$Q$17),($P40/$P$17))))) | R40: =IF($AB$20="Yes","",IF($AB40="Empty","",IF($S$17="","",IF(OR($S40<$R$17,$S40>$T$17),"NC","yes")))) | S40: =IF($AB$20="Yes","",IF($AB40="Empty","",$I40/$G40)) | T40: =IF($AB$20="Yes","",IF($AB40="Empty","",IF(R40="yes",($S40/$S$17),IF(OR($S40>$R$17,$S40<$T$17),($S40/$S$17))))) | U40: =IF($AB$20="Yes","",IF($AB40="Empty","",IF($V$17="","",IF(OR($V40<$U$17,V40>$W$17),"NC","yes")))) | V40: =IF($AB$20="Yes","",IF($AB40="Empty","",$G40/$J40)) | W40: =IF($AB$20="Yes","",IF($AB40="Empty","",IF(U40="yes",(V40/V$17),IF(OR(V40<$U$17,V40>W$17),(V40/V$17))))) | X40: =IF($AC40="empty","",IF($AB40="Empty",$G40,"")) | Y40: =IF($AC40="empty","",IF($AB40="Empty",$H40,"")) | Z40: =IF($AC40="empty","",IF($AB40="Empty",$I40,"")) | AA40: =IF($AC40="empty","",IF($AB40="Empty",$J40,"")) | AB40: =IF(E40<>"y","Empty","Data") -> Empty | AC40: =IF(D40="","empty","data") -> empty
B41: 19 | L41: =IF($Y$22=0,"",IF($AB41="Empty","",IF($H41="","",IF($G41="","",IF($H41/$G41>=$L$22,"yes","NC"))))) | M41: =IF($Z$22=0,"",IF($AB41="Empty","",IF($I41="","",IF($I41="","",IF($I41/$G41>=$M$22,"yes","NC"))))) | N41: =IF($AA$22=0,"",IF($AB41="Empty","",IF($J41="","",IF($J41="","",IF($G41/$J41<=$N$22,"yes","NC"))))) | O41: =IF($AB$20="Yes","",IF($AB41="Empty","",IF($P$17="","",IF(OR($P41<$O$17,$P41>$Q$17),"NC","yes")))) | P41: =IF($AB$20="Yes","",IF($AB41="Empty","",$H41/$G41)) | Q41: =IF($AB$20="Yes","",IF($AB41="Empty","",IF(O41="yes",($P41/$P$17),IF(OR($P41<$O$17,$P41>$Q$17),($P41/$P$17))))) | R41: =IF($AB$20="Yes","",IF($AB41="Empty","",IF($S$17="","",IF(OR($S41<$R$17,$S41>$T$17),"NC","yes")))) | S41: =IF($AB$20="Yes","",IF($AB41="Empty","",$I41/$G41)) | T41: =IF($AB$20="Yes","",IF($AB41="Empty","",IF(R41="yes",($S41/$S$17),IF(OR($S41>$R$17,$S41<$T$17),($S41/$S$17))))) | U41: =IF($AB$20="Yes","",IF($AB41="Empty","",IF($V$17="","",IF(OR($V41<$U$17,V41>$W$17),"NC","yes")))) | V41: =IF($AB$20="Yes","",IF($AB41="Empty","",$G41/$J41)) | W41: =IF($AB$20="Yes","",IF($AB41="Empty","",IF(U41="yes",(V41/V$17),IF(OR(V41<$U$17,V41>W$17),(V41/V$17))))) | X41: =IF($AC41="empty","",IF($AB41="Empty",$G41,"")) | Y41: =IF($AC41="empty","",IF($AB41="Empty",$H41,"")) | Z41: =IF($AC41="empty","",IF($AB41="Empty",$I41,"")) | AA41: =IF($AC41="empty","",IF($AB41="Empty",$J41,"")) | AB41: =IF(E41<>"y","Empty","Data") -> Empty | AC41: =IF(D41="","empty","data") -> empty
B42: 20 | L42: =IF($Y$22=0,"",IF($AB42="Empty","",IF($H42="","",IF($G42="","",IF($H42/$G42>=$L$22,"yes","NC"))))) | M42: =IF($Z$22=0,"",IF($AB42="Empty","",IF($I42="","",IF($I42="","",IF($I42/$G42>=$M$22,"yes","NC"))))) | N42: =IF($AA$22=0,"",IF($AB42="Empty","",IF($J42="","",IF($J42="","",IF($G42/$J42<=$N$22,"yes","NC"))))) | O42: =IF($AB$20="Yes","",IF($AB42="Empty","",IF($P$17="","",IF(OR($P42<$O$17,$P42>$Q$17),"NC","yes")))) | P42: =IF($AB$20="Yes","",IF($AB42="Empty","",$H42/$G42)) | Q42: =IF($AB$20="Yes","",IF($AB42="Empty","",IF(O42="yes",($P42/$P$17),IF(OR($P42<$O$17,$P42>$Q$17),($P42/$P$17))))) | R42: =IF($AB$20="Yes","",IF($AB42="Empty","",IF($S$17="","",IF(OR($S42<$R$17,$S42>$T$17),"NC","yes")))) | S42: =IF($AB$20="Yes","",IF($AB42="Empty","",$I42/$G42)) | T42: =IF($AB$20="Yes","",IF($AB42="Empty","",IF(R42="yes",($S42/$S$17),IF(OR($S42>$R$17,$S42<$T$17),($S42/$S$17))))) | U42: =IF($AB$20="Yes","",IF($AB42="Empty","",IF($V$17="","",IF(OR($V42<$U$17,V42>$W$17),"NC","yes")))) | V42: =IF($AB$20="Yes","",IF($AB42="Empty","",$G42/$J42)) | W42: =IF($AB$20="Yes","",IF($AB42="Empty","",IF(U42="yes",(V42/V$17),IF(OR(V42<$U$17,V42>W$17),(V42/V$17))))) | X42: =IF($AC42="empty","",IF($AB42="Empty",$G42,"")) | Y42: =IF($AC42="empty","",IF($AB42="Empty",$H42,"")) | Z42: =IF($AC42="empty","",IF($AB42="Empty",$I42,"")) | AA42: =IF($AC42="empty","",IF($AB42="Empty",$J42,"")) | AB42: =IF(E42<>"y","Empty","Data") -> Empty | AC42: =IF(D42="","empty","data") -> empty
B43: 21 | L43: =IF($Y$22=0,"",IF($AB43="Empty","",IF($H43="","",IF($G43="","",IF($H43/$G43>=$L$22,"yes","NC"))))) | M43: =IF($Z$22=0,"",IF($AB43="Empty","",IF($I43="","",IF($I43="","",IF($I43/$G43>=$M$22,"yes","NC"))))) | N43: =IF($AA$22=0,"",IF($AB43="Empty","",IF($J43="","",IF($J43="","",IF($G43/$J43<=$N$22,"yes","NC"))))) | O43: =IF($AB$20="Yes","",IF($AB43="Empty","",IF($P$17="","",IF(OR($P43<$O$17,$P43>$Q$17),"NC","yes")))) | P43: =IF($AB$20="Yes","",IF($AB43="Empty","",$H43/$G43)) | Q43: =IF($AB$20="Yes","",IF($AB43="Empty","",IF(O43="yes",($P43/$P$17),IF(OR($P43<$O$17,$P43>$Q$17),($P43/$P$17))))) | R43: =IF($AB$20="Yes","",IF($AB43="Empty","",IF($S$17="","",IF(OR($S43<$R$17,$S43>$T$17),"NC","yes")))) | S43: =IF($AB$20="Yes","",IF($AB43="Empty","",$I43/$G43)) | T43: =IF($AB$20="Yes","",IF($AB43="Empty","",IF(R43="yes",($S43/$S$17),IF(OR($S43>$R$17,$S43<$T$17),($S43/$S$17))))) | U43: =IF($AB$20="Yes","",IF($AB43="Empty","",IF($V$17="","",IF(OR($V43<$U$17,V43>$W$17),"NC","yes")))) | V43: =IF($AB$20="Yes","",IF($AB43="Empty","",$G43/$J43)) | W43: =IF($AB$20="Yes","",IF($AB43="Empty","",IF(U43="yes",(V43/V$17),IF(OR(V43<$U$17,V43>W$17),(V43/V$17))))) | X43: =IF($AC43="empty","",IF($AB43="Empty",$G43,"")) | Y43: =IF($AC43="empty","",IF($AB43="Empty",$H43,"")) | Z43: =IF($AC43="empty","",IF($AB43="Empty",$I43,"")) | AA43: =IF($AC43="empty","",IF($AB43="Empty",$J43,"")) | AB43: =IF(E43<>"y","Empty","Data") -> Empty | AC43: =IF(D43="","empty","data") -> empty
... B233: 211 | L233: =IF($Y$22=0,"",IF($AB233="Empty","",IF($H233="","",IF($G233="","",IF($H233/$G233>=$L$22,"yes","NC"))))) | M233: =IF($Z$22=0,"",IF($AB233="Empty","",IF($I233="","",IF($I233="","",IF($I233/$G233>=$M$22,"yes","NC"))))) | N233: =IF($AA$22=0,"",IF($AB233="Empty","",IF($J233="","",IF($J233="","",IF($G233/$J233<=$N$22,"yes","NC"))))) | O233: =IF($AB$20="Yes","",IF($AB233="Empty","",IF($P$17="","",IF(OR($P233<$O$17,$P233>$Q$17),"NC","yes")))) | P233: =IF($AB$20="Yes","",IF($AB233="Empty","",$H233/$G233)) | Q233: =IF($AB$20="Yes","",IF($AB233="Empty","",IF(O233="yes",($P233/$P$17),IF(OR($P233<$O$17,$P233>$Q$17),($P233/$P$17))))) | R233: =IF($AB$20="Yes","",IF($AB233="Empty","",IF($S$17="","",IF(OR($S233<$R$17,$S233>$T$17),"NC","yes")))) | S233: =IF($AB$20="Yes","",IF($AB233="Empty","",$I233/$G233)) | T233: =IF($AB$20="Yes","",IF($AB233="Empty","",IF(R233="yes",($S233/$S$17),IF(OR($S233>$R$17,$S233<$T$17),($S233/$S$17))))) | U233: =IF($AB$20="Yes","",IF($AB233="Empty","",IF($V$17="","",IF(OR($V233<$U$17,V233>$W$17),"NC","yes")))) | V233: =IF($AB$20="Yes","",IF($AB233="Empty","",$G233/$J233)) | W233: =IF($AB$20="Yes","",IF($AB233="Empty","",IF(U233="yes",(V233/V$17),IF(OR(V233<$U$17,V233>W$17),(V233/V$17))))) | X233: =IF($AC233="empty","",IF($AB233="Empty",$G233,"")) | Y233: =IF($AC233="empty","",IF($AB233="Empty",$H233,"")) | Z233: =IF($AC233="empty","",IF($AB233="Empty",$I233,"")) | AA233: =IF($AC233="empty","",IF($AB233="Empty",$J233,"")) | AB233: =IF(E233<>"y","Empty","Data") -> Empty | AC233: =IF(D233="","empty","data") -> empty
B234: 212 | L234: =IF($Y$22=0,"",IF($AB234="Empty","",IF($H234="","",IF($G234="","",IF($H234/$G234>=$L$22,"yes","NC"))))) | M234: =IF($Z$22=0,"",IF($AB234="Empty","",IF($I234="","",IF($I234="","",IF($I234/$G234>=$M$22,"yes","NC"))))) | N234: =IF($AA$22=0,"",IF($AB234="Empty","",IF($J234="","",IF($J234="","",IF($G234/$J234<=$N$22,"yes","NC"))))) | O234: =IF($AB$20="Yes","",IF($AB234="Empty","",IF($P$17="","",IF(OR($P234<$O$17,$P234>$Q$17),"NC","yes")))) | P234: =IF($AB$20="Yes","",IF($AB234="Empty","",$H234/$G234)) | Q234: =IF($AB$20="Yes","",IF($AB234="Empty","",IF(O234="yes",($P234/$P$17),IF(OR($P234<$O$17,$P234>$Q$17),($P234/$P$17))))) | R234: =IF($AB$20="Yes","",IF($AB234="Empty","",IF($S$17="","",IF(OR($S234<$R$17,$S234>$T$17),"NC","yes")))) | S234: =IF($AB$20="Yes","",IF($AB234="Empty","",$I234/$G234)) | T234: =IF($AB$20="Yes","",IF($AB234="Empty","",IF(R234="yes",($S234/$S$17),IF(OR($S234>$R$17,$S234<$T$17),($S234/$S$17))))) | U234: =IF($AB$20="Yes","",IF($AB234="Empty","",IF($V$17="","",IF(OR($V234<$U$17,V234>$W$17),"NC","yes")))) | V234: =IF($AB$20="Yes","",IF($AB234="Empty","",$G234/$J234)) | W234: =IF($AB$20="Yes","",IF($AB234="Empty","",IF(U234="yes",(V234/V$17),IF(OR(V234<$U$17,V234>W$17),(V234/V$17))))) | Y234: =IF($AC234="empty","",IF($AB234="Empty",$H234,"")) | Z234: =IF($AC234="empty","",IF($AB234="Empty",$I234,"")) | AA234: =IF($AC234="empty","",IF($AB234="Empty",$J234,"")) | AB234: =IF(E234<>"y","Empty","Data") -> Empty | AC234: =IF(D234="","empty","data") -> empty
B235: 213 | L235: =IF($Y$22=0,"",IF($AB235="Empty","",IF($H235="","",IF($G235="","",IF($H235/$G235>=$L$22,"yes","NC"))))) | M235: =IF($Z$22=0,"",IF($AB235="Empty","",IF($I235="","",IF($I235="","",IF($I235/$G235>=$M$22,"yes","NC"))))) | N235: =IF($AA$22=0,"",IF($AB235="Empty","",IF($J235="","",IF($J235="","",IF($G235/$J235<=$N$22,"yes","NC"))))) | O235: =IF($AB$20="Yes","",IF($AB235="Empty","",IF($P$17="","",IF(OR($P235<$O$17,$P235>$Q$17),"NC","yes")))) | P235: =IF($AB$20="Yes","",IF($AB235="Empty","",$H235/$G235)) | Q235: =IF($AB$20="Yes","",IF($AB235="Empty","",IF(O235="yes",($P235/$P$17),IF(OR($P235<$O$17,$P235>$Q$17),($P235/$P$17))))) | R235: =IF($AB$20="Yes","",IF($AB235="Empty","",IF($S$17="","",IF(OR($S235<$R$17,$S235>$T$17),"NC","yes")))) | S235: =IF($AB$20="Yes","",IF($AB235="Empty","",$I235/$G235)) | T235: =IF($AB$20="Yes","",IF($AB235="Empty","",IF(R235="yes",($S235/$S$17),IF(OR($S235>$R$17,$S235<$T$17),($S235/$S$17))))) | U235: =IF($AB$20="Yes","",IF($AB235="Empty","",IF($V$17="","",IF(OR($V235<$U$17,V235>$W$17),"NC","yes")))) | V235: =IF($AB$20="Yes","",IF($AB235="Empty","",$G235/$J235)) | W235: =IF($AB$20="Yes","",IF($AB235="Empty","",IF(U235="yes",(V235/V$17),IF(OR(V235<$U$17,V235>W$17),(V235/V$17))))) | X235: =IF($AC235="empty","",IF($AB235="Empty",$G235,"")) | Y235: =IF($AC235="empty","",IF($AB235="Empty",$H235,"")) | Z235: =IF($AC235="empty","",IF($AB235="Empty",$I235,"")) | AA235: =IF($AC235="empty","",IF($AB235="Empty",$J235,"")) | AB235: =IF(E235<>"y","Empty","Data") -> Empty | AC235: =IF(D235="","empty","data") -> empty
B236: 214 | L236: =IF($Y$22=0,"",IF($AB236="Empty","",IF($H236="","",IF($G236="","",IF($H236/$G236>=$L$22,"yes","NC"))))) | M236: =IF($Z$22=0,"",IF($AB236="Empty","",IF($I236="","",IF($I236="","",IF($I236/$G236>=$M$22,"yes","NC"))))) | N236: =IF($AA$22=0,"",IF($AB236="Empty","",IF($J236="","",IF($J236="","",IF($G236/$J236<=$N$22,"yes","NC"))))) | O236: =IF($AB$20="Yes","",IF($AB236="Empty","",IF($P$17="","",IF(OR($P236<$O$17,$P236>$Q$17),"NC","yes")))) | P236: =IF($AB$20="Yes","",IF($AB236="Empty","",$H236/$G236)) | Q236: =IF($AB$20="Yes","",IF($AB236="Empty","",IF(O236="yes",($P236/$P$17),IF(OR($P236<$O$17,$P236>$Q$17),($P236/$P$17))))) | R236: =IF($AB$20="Yes","",IF($AB236="Empty","",IF($S$17="","",IF(OR($S236<$R$17,$S236>$T$17),"NC","yes")))) | S236: =IF($AB$20="Yes","",IF($AB236="Empty","",$I236/$G236)) | T236: =IF($AB$20="Yes","",IF($AB236="Empty","",IF(R236="yes",($S236/$S$17),IF(OR($S236>$R$17,$S236<$T$17),($S236/$S$17))))) | U236: =IF($AB$20="Yes","",IF($AB236="Empty","",IF($V$17="","",IF(OR($V236<$U$17,V236>$W$17),"NC","yes")))) | V236: =IF($AB$20="Yes","",IF($AB236="Empty","",$G236/$J236)) | W236: =IF($AB$20="Yes","",IF($AB236="Empty","",IF(U236="yes",(V236/V$17),IF(OR(V236<$U$17,V236>W$17),(V236/V$17))))) | X236: =IF($AC236="empty","",IF($AB236="Empty",$G236,"")) | Y236: =IF($AC236="empty","",IF($AB236="Empty",$H236,"")) | Z236: =IF($AC236="empty","",IF($AB236="Empty",$I236,"")) | AA236: =IF($AC236="empty","",IF($AB236="Empty",$J236,"")) | AB236: =IF(E236<>"y","Empty","Data") -> Empty | AC236: =IF(D236="","empty","data") -> empty
B237: 215 | L237: =IF($Y$22=0,"",IF($AB237="Empty","",IF($H237="","",IF($G237="","",IF($H237/$G237>=$L$22,"yes","NC"))))) | M237: =IF($Z$22=0,"",IF($AB237="Empty","",IF($I237="","",IF($I237="","",IF($I237/$G237>=$M$22,"yes","NC"))))) | N237: =IF($AA$22=0,"",IF($AB237="Empty","",IF($J237="","",IF($J237="","",IF($G237/$J237<=$N$22,"yes","NC"))))) | O237: =IF($AB$20="Yes","",IF($AB237="Empty","",IF($P$17="","",IF(OR($P237<$O$17,$P237>$Q$17),"NC","yes")))) | P237: =IF($AB$20="Yes","",IF($AB237="Empty","",$H237/$G237)) | Q237: =IF($AB$20="Yes","",IF($AB237="Empty","",IF(O237="yes",($P237/$P$17),IF(OR($P237<$O$17,$P237>$Q$17),($P237/$P$17))))) | R237: =IF($AB$20="Yes","",IF($AB237="Empty","",IF($S$17="","",IF(OR($S237<$R$17,$S237>$T$17),"NC","yes")))) | S237: =IF($AB$20="Yes","",IF($AB237="Empty","",$I237/$G237)) | T237: =IF($AB$20="Yes","",IF($AB237="Empty","",IF(R237="yes",($S237/$S$17),IF(OR($S237>$R$17,$S237<$T$17),($S237/$S$17))))) | U237: =IF($AB$20="Yes","",IF($AB237="Empty","",IF($V$17="","",IF(OR($V237<$U$17,V237>$W$17),"NC","yes")))) | V237: =IF($AB$20="Yes","",IF($AB237="Empty","",$G237/$J237)) | W237: =IF($AB$20="Yes","",IF($AB237="Empty","",IF(U237="yes",(V237/V$17),IF(OR(V237<$U$17,V237>W$17),(V237/V$17))))) | X237: =IF($AC237="empty","",IF($AB237="Empty",$G237,"")) | Y237: =IF($AC237="empty","",IF($AB237="Empty",$H237,"")) | Z237: =IF($AC237="empty","",IF($AB237="Empty",$I237,"")) | AA237: =IF($AC237="empty","",IF($AB237="Empty",$J237,"")) | AB237: =IF(E237<>"y","Empty","Data") -> Empty | AC237: =IF(D237="","empty","data") -> empty
B238: 117 | L238: =IF($Y$22=0,"",IF($AB238="Empty","",IF($H238="","",IF($G238="","",IF($H238/$G238>=$L$22,"yes","NC"))))) | M238: =IF($Z$22=0,"",IF($AB238="Empty","",IF($I238="","",IF($I238="","",IF($I238/$G238>=$M$22,"yes","NC"))))) | N238: =IF($AA$22=0,"",IF($AB238="Empty","",IF($J238="","",IF($J238="","",IF($G238/$J238<=$N$22,"yes","NC"))))) | O238: =IF($AB$20="Yes","",IF($AB238="Empty","",IF($P$17="","",IF(OR($P238<$O$17,$P238>$Q$17),"NC","yes")))) | P238: =IF($AB$20="Yes","",IF($AB238="Empty","",$H238/$G238)) | Q238: =IF($AB$20="Yes","",IF($AB238="Empty","",IF(O238="yes",($P238/$P$17),IF(OR($P238<$O$17,$P238>$Q$17),($P238/$P$17))))) | R238: =IF($AB$20="Yes","",IF($AB238="Empty","",IF($S$17="","",IF(OR($S238<$R$17,$S238>$T$17),"NC","yes")))) | S238: =IF($AB$20="Yes","",IF($AB238="Empty","",$I238/$G238)) | T238: =IF($AB$20="Yes","",IF($AB238="Empty","",IF(R238="yes",($S238/$S$17),IF(OR($S238>$R$17,$S238<$T$17),($S238/$S$17))))) | U238: =IF($AB$20="Yes","",IF($AB238="Empty","",IF($V$17="","",IF(OR($V238<$U$17,V238>$W$17),"NC","yes")))) | V238: =IF($AB$20="Yes","",IF($AB238="Empty","",$G238/$J238)) | W238: =IF($AB$20="Yes","",IF($AB238="Empty","",IF(U238="yes",(V238/V$17),IF(OR(V238<$U$17,V238>W$17),(V238/V$17))))) | X238: =IF($AC238="empty","",IF($AB238="Empty",$G238,"")) | Y238: =IF($AC238="empty","",IF($AB238="Empty",$H238,"")) | Z238: =IF($AC238="empty","",IF($AB238="Empty",$I238,"")) | AA238: =IF($AC238="empty","",IF($AB238="Empty",$J238,"")) | AB238: =IF(E238<>"y","Empty","Data") -> Empty | AC238: =IF(D238="","empty","data") -> empty
B239: 118 | L239: =IF($Y$22=0,"",IF($AB239="Empty","",IF($H239="","",IF($G239="","",IF($H239/$G239>=$L$22,"yes","NC"))))) | M239: =IF($Z$22=0,"",IF($AB239="Empty","",IF($I239="","",IF($I239="","",IF($I239/$G239>=$M$22,"yes","NC"))))) | N239: =IF($AA$22=0,"",IF($AB239="Empty","",IF($J239="","",IF($J239="","",IF($G239/$J239<=$N$22,"yes","NC"))))) | O239: =IF($AB$20="Yes","",IF($AB239="Empty","",IF($P$17="","",IF(OR($P239<$O$17,$P239>$Q$17),"NC","yes")))) | P239: =IF($AB$20="Yes","",IF($AB239="Empty","",$H239/$G239)) | Q239: =IF($AB$20="Yes","",IF($AB239="Empty","",IF(O239="yes",($P239/$P$17),IF(OR($P239<$O$17,$P239>$Q$17),($P239/$P$17))))) | R239: =IF($AB$20="Yes","",IF($AB239="Empty","",IF($S$17="","",IF(OR($S239<$R$17,$S239>$T$17),"NC","yes")))) | S239: =IF($AB$20="Yes","",IF($AB239="Empty","",$I239/$G239)) | T239: =IF($AB$20="Yes","",IF($AB239="Empty","",IF(R239="yes",($S239/$S$17),IF(OR($S239>$R$17,$S239<$T$17),($S239/$S$17))))) | U239: =IF($AB$20="Yes","",IF($AB239="Empty","",IF($V$17="","",IF(OR($V239<$U$17,V239>$W$17),"NC","yes")))) | V239: =IF($AB$20="Yes","",IF($AB239="Empty","",$G239/$J239)) | W239: =IF($AB$20="Yes","",IF($AB239="Empty","",IF(U239="yes",(V239/V$17),IF(OR(V239<$U$17,V239>W$17),(V239/V$17))))) | X239: =IF($AC239="empty","",IF($AB239="Empty",$G239,"")) | Y239: =IF($AC239="empty","",IF($AB239="Empty",$H239,"")) | Z239: =IF($AC239="empty","",IF($AB239="Empty",$I239,"")) | AA239: =IF($AC239="empty","",IF($AB239="Empty",$J239,"")) | AB239: =IF(E239<>"y","Empty","Data") -> Empty | AC239: =IF(D239="","empty","data") -> empty
B240: 119 | L240: =IF($Y$22=0,"",IF($AB240="Empty","",IF($H240="","",IF($G240="","",IF($H240/$G240>=$L$22,"yes","NC"))))) | M240: =IF($Z$22=0,"",IF($AB240="Empty","",IF($I240="","",IF($I240="","",IF($I240/$G240>=$M$22,"yes","NC"))))) | N240: =IF($AA$22=0,"",IF($AB240="Empty","",IF($J240="","",IF($J240="","",IF($G240/$J240<=$N$22,"yes","NC"))))) | O240: =IF($AB$20="Yes","",IF($AB240="Empty","",IF($P$17="","",IF(OR($P240<$O$17,$P240>$Q$17),"NC","yes")))) | P240: =IF($AB$20="Yes","",IF($AB240="Empty","",$H240/$G240)) | Q240: =IF($AB$20="Yes","",IF($AB240="Empty","",IF(O240="yes",($P240/$P$17),IF(OR($P240<$O$17,$P240>$Q$17),($P240/$P$17))))) | R240: =IF($AB$20="Yes","",IF($AB240="Empty","",IF($S$17="","",IF(OR($S240<$R$17,$S240>$T$17),"NC","yes")))) | S240: =IF($AB$20="Yes","",IF($AB240="Empty","",$I240/$G240)) | T240: =IF($AB$20="Yes","",IF($AB240="Empty","",IF(R240="yes",($S240/$S$17),IF(OR($S240>$R$17,$S240<$T$17),($S240/$S$17))))) | U240: =IF($AB$20="Yes","",IF($AB240="Empty","",IF($V$17="","",IF(OR($V240<$U$17,V240>$W$17),"NC","yes")))) | V240: =IF($AB$20="Yes","",IF($AB240="Empty","",$G240/$J240)) | W240: =IF($AB$20="Yes","",IF($AB240="Empty","",IF(U240="yes",(V240/V$17),IF(OR(V240<$U$17,V240>W$17),(V240/V$17))))) | X240: =IF($AC240="empty","",IF($AB240="Empty",$G240,"")) | Y240: =IF($AC240="empty","",IF($AB240="Empty",$H240,"")) | Z240: =IF($AC240="empty","",IF($AB240="Empty",$I240,"")) | AA240: =IF($AC240="empty","",IF($AB240="Empty",$J240,"")) | AB240: =IF(E240<>"y","Empty","Data") -> Empty | AC240: =IF(D240="","empty","data") -> empty
B241: 120 | L241: =IF($Y$22=0,"",IF($AB241="Empty","",IF($H241="","",IF($G241="","",IF($H241/$G241>=$L$22,"yes","NC"))))) | M241: =IF($Z$22=0,"",IF($AB241="Empty","",IF($I241="","",IF($I241="","",IF($I241/$G241>=$M$22,"yes","NC"))))) | N241: =IF($AA$22=0,"",IF($AB241="Empty","",IF($J241="","",IF($J241="","",IF($G241/$J241<=$N$22,"yes","NC"))))) | O241: =IF($AB$20="Yes","",IF($AB241="Empty","",IF($P$17="","",IF(OR($P241<$O$17,$P241>$Q$17),"NC","yes")))) | P241: =IF($AB$20="Yes","",IF($AB241="Empty","",$H241/$G241)) | Q241: =IF($AB$20="Yes","",IF($AB241="Empty","",IF(O241="yes",($P241/$P$17),IF(OR($P241<$O$17,$P241>$Q$17),($P241/$P$17))))) | R241: =IF($AB$20="Yes","",IF($AB241="Empty","",IF($S$17="","",IF(OR($S241<$R$17,$S241>$T$17),"NC","yes")))) | S241: =IF($AB$20="Yes","",IF($AB241="Empty","",$I241/$G241)) | T241: =IF($AB$20="Yes","",IF($AB241="Empty","",IF(R241="yes",($S241/$S$17),IF(OR($S241>$R$17,$S241<$T$17),($S241/$S$17))))) | U241: =IF($AB$20="Yes","",IF($AB241="Empty","",IF($V$17="","",IF(OR($V241<$U$17,V241>$W$17),"NC","yes")))) | V241: =IF($AB$20="Yes","",IF($AB241="Empty","",$G241/$J241)) | W241: =IF($AB$20="Yes","",IF($AB241="Empty","",IF(U241="yes",(V241/V$17),IF(OR(V241<$U$17,V241>W$17),(V241/V$17))))) | X241: =IF($AC241="empty","",IF($AB241="Empty",$G241,"")) | Y241: =IF($AC241="empty","",IF($AB241="Empty",$H241,"")) | Z241: =IF($AC241="empty","",IF($AB241="Empty",$I241,"")) | AA241: =IF($AC241="empty","",IF($AB241="Empty",$J241,"")) | AB241: =IF(E241<>"y","Empty","Data") -> Empty | AC241: =IF(D241="","empty","data") -> empty
B242: 121 | L242: =IF($Y$22=0,"",IF($AB242="Empty","",IF($H242="","",IF($G242="","",IF($H242/$G242>=$L$22,"yes","NC"))))) | M242: =IF($Z$22=0,"",IF($AB242="Empty","",IF($I242="","",IF($I242="","",IF($I242/$G242>=$M$22,"yes","NC"))))) | N242: =IF($AA$22=0,"",IF($AB242="Empty","",IF($J242="","",IF($J242="","",IF($G242/$J242<=$N$22,"yes","NC"))))) | O242: =IF($AB$20="Yes","",IF($AB242="Empty","",IF($P$17="","",IF(OR($P242<$O$17,$P242>$Q$17),"NC","yes")))) | P242: =IF($AB$20="Yes","",IF($AB242="Empty","",$H242/$G242)) | Q242: =IF($AB$20="Yes","",IF($AB242="Empty","",IF(O242="yes",($P242/$P$17),IF(OR($P242<$O$17,$P242>$Q$17),($P242/$P$17))))) | R242: =IF($AB$20="Yes","",IF($AB242="Empty","",IF($S$17="","",IF(OR($S242<$R$17,$S242>$T$17),"NC","yes")))) | S242: =IF($AB$20="Yes","",IF($AB242="Empty","",$I242/$G242)) | T242: =IF($AB$20="Yes","",IF($AB242="Empty","",IF(R242="yes",($S242/$S$17),IF(OR($S242>$R$17,$S242<$T$17),($S242/$S$17))))) | U242: =IF($AB$20="Yes","",IF($AB242="Empty","",IF($V$17="","",IF(OR($V242<$U$17,V242>$W$17),"NC","yes")))) | V242: =IF($AB$20="Yes","",IF($AB242="Empty","",$G242/$J242)) | W242: =IF($AB$20="Yes","",IF($AB242="Empty","",IF(U242="yes",(V242/V$17),IF(OR(V242<$U$17,V242>W$17),(V242/V$17))))) | X242: =IF($AC242="empty","",IF($AB242="Empty",$G242,"")) | Y242: =IF($AC242="empty","",IF($AB242="Empty",$H242,"")) | Z242: =IF($AC242="empty","",IF($AB242="Empty",$I242,"")) | AA242: =IF($AC242="empty","",IF($AB242="Empty",$J242,"")) | AB242: =IF(E242<>"y","Empty","Data") -> Empty | AC242: =IF(D242="","empty","data") -> empty
B243: 122 | L243: =IF($Y$22=0,"",IF($AB243="Empty","",IF($H243="","",IF($G243="","",IF($H243/$G243>=$L$22,"yes","NC"))))) | M243: =IF($Z$22=0,"",IF($AB243="Empty","",IF($I243="","",IF($I243="","",IF($I243/$G243>=$M$22,"yes","NC"))))) | N243: =IF($AA$22=0,"",IF($AB243="Empty","",IF($J243="","",IF($J243="","",IF($G243/$J243<=$N$22,"yes","NC"))))) | O243: =IF($AB$20="Yes","",IF($AB243="Empty","",IF($P$17="","",IF(OR($P243<$O$17,$P243>$Q$17),"NC","yes")))) | P243: =IF($AB$20="Yes","",IF($AB243="Empty","",$H243/$G243)) | Q243: =IF($AB$20="Yes","",IF($AB243="Empty","",IF(O243="yes",($P243/$P$17),IF(OR($P243<$O$17,$P243>$Q$17),($P243/$P$17))))) | R243: =IF($AB$20="Yes","",IF($AB243="Empty","",IF($S$17="","",IF(OR($S243<$R$17,$S243>$T$17),"NC","yes")))) | S243: =IF($AB$20="Yes","",IF($AB243="Empty","",$I243/$G243)) | T243: =IF($AB$20="Yes","",IF($AB243="Empty","",IF(R243="yes",($S243/$S$17),IF(OR($S243>$R$17,$S243<$T$17),($S243/$S$17))))) | U243: =IF($AB$20="Yes","",IF($AB243="Empty","",IF($V$17="","",IF(OR($V243<$U$17,V243>$W$17),"NC","yes")))) | V243: =IF($AB$20="Yes","",IF($AB243="Empty","",$G243/$J243)) | W243: =IF($AB$20="Yes","",IF($AB243="Empty","",IF(U243="yes",(V243/V$17),IF(OR(V243<$U$17,V243>W$17),(V243/V$17))))) | X243: =IF($AC243="empty","",IF($AB243="Empty",$G243,"")) | Y243: =IF($AC243="empty","",IF($AB243="Empty",$H243,"")) | Z243: =IF($AC243="empty","",IF($AB243="Empty",$I243,"")) | AA243: =IF($AC243="empty","",IF($AB243="Empty",$J243,"")) | AB243: =IF(E243<>"y","Empty","Data") -> Empty | AC243: =IF(D243="","empty","data") -> empty
B244: 123 | L244: =IF($Y$22=0,"",IF($AB244="Empty","",IF($H244="","",IF($G244="","",IF($H244/$G244>=$L$22,"yes","NC"))))) | M244: =IF($Z$22=0,"",IF($AB244="Empty","",IF($I244="","",IF($I244="","",IF($I244/$G244>=$M$22,"yes","NC"))))) | N244: =IF($AA$22=0,"",IF($AB244="Empty","",IF($J244="","",IF($J244="","",IF($G244/$J244<=$N$22,"yes","NC"))))) | O244: =IF($AB$20="Yes","",IF($AB244="Empty","",IF($P$17="","",IF(OR($P244<$O$17,$P244>$Q$17),"NC","yes")))) | P244: =IF($AB$20="Yes","",IF($AB244="Empty","",$H244/$G244)) | Q244: =IF($AB$20="Yes","",IF($AB244="Empty","",IF(O244="yes",($P244/$P$17),IF(OR($P244<$O$17,$P244>$Q$17),($P244/$P$17))))) | R244: =IF($AB$20="Yes","",IF($AB244="Empty","",IF($S$17="","",IF(OR($S244<$R$17,$S244>$T$17),"NC","yes")))) | S244: =IF($AB$20="Yes","",IF($AB244="Empty","",$I244/$G244)) | T244: =IF($AB$20="Yes","",IF($AB244="Empty","",IF(R244="yes",($S244/$S$17),IF(OR($S244>$R$17,$S244<$T$17),($S244/$S$17))))) | U244: =IF($AB$20="Yes","",IF($AB244="Empty","",IF($V$17="","",IF(OR($V244<$U$17,V244>$W$17),"NC","yes")))) | V244: =IF($AB$20="Yes","",IF($AB244="Empty","",$G244/$J244)) | W244: =IF($AB$20="Yes","",IF($AB244="Empty","",IF(U244="yes",(V244/V$17),IF(OR(V244<$U$17,V244>W$17),(V244/V$17))))) | X244: =IF($AC244="empty","",IF($AB244="Empty",$G244,"")) | Y244: =IF($AC244="empty","",IF($AB244="Empty",$H244,"")) | Z244: =IF($AC244="empty","",IF($AB244="Empty",$I244,"")) | AA244: =IF($AC244="empty","",IF($AB244="Empty",$J244,"")) | AB244: =IF(E244<>"y","Empty","Data") -> Empty | AC244: =IF(D244="","empty","data") -> empty
B245: 124 | L245: =IF($Y$22=0,"",IF($AB245="Empty","",IF($H245="","",IF($G245="","",IF($H245/$G245>=$L$22,"yes","NC"))))) | M245: =IF($Z$22=0,"",IF($AB245="Empty","",IF($I245="","",IF($I245="","",IF($I245/$G245>=$M$22,"yes","NC"))))) | N245: =IF($AA$22=0,"",IF($AB245="Empty","",IF($J245="","",IF($J245="","",IF($G245/$J245<=$N$22,"yes","NC"))))) | O245: =IF($AB$20="Yes","",IF($AB245="Empty","",IF($P$17="","",IF(OR($P245<$O$17,$P245>$Q$17),"NC","yes")))) | P245: =IF($AB$20="Yes","",IF($AB245="Empty","",$H245/$G245)) | Q245: =IF($AB$20="Yes","",IF($AB245="Empty","",IF(O245="yes",($P245/$P$17),IF(OR($P245<$O$17,$P245>$Q$17),($P245/$P$17))))) | R245: =IF($AB$20="Yes","",IF($AB245="Empty","",IF($S$17="","",IF(OR($S245<$R$17,$S245>$T$17),"NC","yes")))) | S245: =IF($AB$20="Yes","",IF($AB245="Empty","",$I245/$G245)) | T245: =IF($AB$20="Yes","",IF($AB245="Empty","",IF(R245="yes",($S245/$S$17),IF(OR($S245>$R$17,$S245<$T$17),($S245/$S$17))))) | U245: =IF($AB$20="Yes","",IF($AB245="Empty","",IF($V$17="","",IF(OR($V245<$U$17,V245>$W$17),"NC","yes")))) | V245: =IF($AB$20="Yes","",IF($AB245="Empty","",$G245/$J245)) | W245: =IF($AB$20="Yes","",IF($AB245="Empty","",IF(U245="yes",(V245/V$17),IF(OR(V245<$U$17,V245>W$17),(V245/V$17))))) | X245: =IF($AC245="empty","",IF($AB245="Empty",$G245,"")) | Y245: =IF($AC245="empty","",IF($AB245="Empty",$H245,"")) | Z245: =IF($AC245="empty","",IF($AB245="Empty",$I245,"")) | AA245: =IF($AC245="empty","",IF($AB245="Empty",$J245,"")) | AB245: =IF(E245<>"y","Empty","Data") -> Empty | AC245: =IF(D245="","empty","data") -> empty
B246: 125 | L246: =IF($Y$22=0,"",IF($AB246="Empty","",IF($H246="","",IF($G246="","",IF($H246/$G246>=$L$22,"yes","NC"))))) | M246: =IF($Z$22=0,"",IF($AB246="Empty","",IF($I246="","",IF($I246="","",IF($I246/$G246>=$M$22,"yes","NC"))))) | N246: =IF($AA$22=0,"",IF($AB246="Empty","",IF($J246="","",IF($J246="","",IF($G246/$J246<=$N$22,"yes","NC"))))) | O246: =IF($AB$20="Yes","",IF($AB246="Empty","",IF($P$17="","",IF(OR($P246<$O$17,$P246>$Q$17),"NC","yes")))) | P246: =IF($AB$20="Yes","",IF($AB246="Empty","",$H246/$G246)) | Q246: =IF($AB$20="Yes","",IF($AB246="Empty","",IF(O246="yes",($P246/$P$17),IF(OR($P246<$O$17,$P246>$Q$17),($P246/$P$17))))) | R246: =IF($AB$20="Yes","",IF($AB246="Empty","",IF($S$17="","",IF(OR($S246<$R$17,$S246>$T$17),"NC","yes")))) | S246: =IF($AB$20="Yes","",IF($AB246="Empty","",$I246/$G246)) | T246: =IF($AB$20="Yes","",IF($AB246="Empty","",IF(R246="yes",($S246/$S$17),IF(OR($S246>$R$17,$S246<$T$17),($S246/$S$17))))) | U246: =IF($AB$20="Yes","",IF($AB246="Empty","",IF($V$17="","",IF(OR($V246<$U$17,V246>$W$17),"NC","yes")))) | V246: =IF($AB$20="Yes","",IF($AB246="Empty","",$G246/$J246)) | W246: =IF($AB$20="Yes","",IF($AB246="Empty","",IF(U246="yes",(V246/V$17),IF(OR(V246<$U$17,V246>W$17),(V246/V$17))))) | X246: =IF($AC246="empty","",IF($AB246="Empty",$G246,"")) | Y246: =IF($AC246="empty","",IF($AB246="Empty",$H246,"")) | Z246: =IF($AC246="empty","",IF($AB246="Empty",$I246,"")) | AA246: =IF($AC246="empty","",IF($AB246="Empty",$J246,"")) | AB246: =IF(E246<>"y","Empty","Data") -> Empty | AC246: =IF(D246="","empty","data") -> empty
L247: =IF($X$22=0,"",IF(E247="","",IF($H247="","",IF($G247="","",IF($H247/$G247>=$L$22,"yes","NC"))))) | M247: =IF($X$22=0,"",IF($E247="","",IF($H247="","",IF($I247="","",IF($I247/$G247>=$M$22,"yes","NC"))))) | N247: =IF($X$22=0,"",IF($E247="","",IF($H247="","",IF($J247="","",IF($G247/$J247<=$N$22,"yes","NC"))))) | O247: =IF($E247="","",IF($P$17="","",IF(OR($P247<$O$17,$P247>$Q$17),"NC","yes"))) | P247: =IF($E247="","",H247/$G247) | Q247: =IF($E247=0,"",IF(O247="yes",($P247/$P$17),IF(OR($P247<$O$17,$P247>$Q$17),($P247/$P$17)))) | R247: =IF($E247="","",IF($S$17="","",IF(OR($S247<$R$17,$S247>$T$17),"NC","yes"))) | S247: =IF($E247="","",$I247/$G247) | T247: =IF($E247=0,"",IF(R247="yes",($S247/$S$17),IF(OR($S247>$R$17,$S247<$T$17),($S247/$S$17)))) | U247: =IF($E247="","",IF($V$17="","",IF(OR($V247<$U$17,V247>$W$17),"NC","yes"))) | V247: =IF($E247="","",$G247/$J247) | W247: =IF($E247="","",IF(U247="yes",(V247/V$17),IF(OR(V247<$U119,V247>W$17),(V247/V$17)))) | X247: =IF(D247="","",IF($E247="",$G247,"")) | Y247: =IF($D247="","",IF($E247="",$H247,"")) | Z247: =IF($D247="","",IF($E247="",$I247,"")) | AA247: =IF($D247="","",IF($E247="",J247,""))

Sheet d
B1: =a!B1 -> Federal Fiscal Compliance and Reporting Division Comparability Computation Form (CCF) 2026-2027 School Year
B3: School System Information | L3: Primary Contact Information
B5: School System Name | D5: =a!D5 -> 0 | G5: County-District Number | J5: =a!J5 -> 0 | L5: Name | M5: =a!M5 -> 0 | R5: Phone | S5: =a!S5 -> 0 | U5: Ext | V5: =a!V5 -> 0
L7: Title | M7: =a!M7 -> 0 | R7: Email | S7: =a!S7 -> 0
J10: Campuses
J11: Total | L11: =COUNTA($C$23:$C$247) -> 0 | M11: =COUNTA($C$23:$C$247) -> 0 | N11: =COUNTA($C$23:$C$247) -> 0 | P11: =COUNTA($C$23:$C$247) -> 0 | S11: =COUNTA($C$23:$C$247) -> 0 | V11: =COUNTA($C$23:$C$247) -> 0
J12: Title I, Part A | L12: =COUNTIF($E$23:$E$247,"Y") -> 0 | M12: =COUNTIF($E$23:$E$247,"Y") -> 0 | N12: =COUNTIF($E$23:$E$247,"Y") -> 0 | P12: =COUNTIF($E$23:$E$247,"Y") -> 0 | S12: =COUNTIF($E$23:$E$247,"Y") -> 0 | V12: =COUNTIF($E$23:$E$247,"Y") -> 0
F13: Grade Span Group | J13: NonTitle I, Part A | L13: =L11-L12 -> 0 | M13: =M11-M12 -> 0 | N13: =N11-N12 -> 0 | P13: =P11-P12 -> 0 | S13: =S11-S12 -> 0 | V13: =V11-V12 -> 0
A14: COUNTA campus # | C14: Form must contain at least two campuses. Enter current school year budget data. | F14: [Elementary, Middle, or High] | J14: Title I, Part A, Comparable | L14: =COUNTIF(L23:L247,"Yes") -> 0 | M14: =COUNTIF(M23:M247,"Yes") -> 0 | N14: =COUNTIF(N23:N247,"Yes") -> 0 | P14: =COUNTIF($O23:$O247,"Yes") -> 0 | S14: =COUNTIF($R23:$R247,"Yes") -> 0 | V14: =COUNTIF($U23:$U247,"Yes") -> 0
A15: =COUNTA(C$23:C$237) -> 0 | C15: For further information, review the instructions | J15: Title I, Part A, Not Comparable | L15: =COUNTIF(L23:L247,"NC") -> 0 | M15: =COUNTIF(M23:M247,"NC") -> 0 | N15: =COUNTIF(N23:N247,"NC") -> 0 | P15: =COUNTIF($O23:$O247,"NC") -> 0 | S15: =COUNTIF($R23:$R247,"NC") -> 0 | V15: =COUNTIF($U23:$U247,"NC") -> 0
A16: COUNTIF Title1, Part A or Skipped | G16: All tests | H16: Test 1 Input | I16: Test 2 Input | J16: Test 3 Input | O16: 0.9 | P16: Grade Span (GS) Base | Q16: 1.1 | R16: 0.9 | S16: Grade Span (GS) Base | T16: 1.1 | U16: 0.9 | V16: Grade Span (GS) Base | W16: 1.1 | X16: T1 Only | Y16: Title I Only | Z16: Title I Only | AA16: Title I Only
A17: =COUNTIF(E$23:E$237,"Y") -> 0 | O17: =IF($P17="","",($P$17*0.9)) | P17: =IF($G22=0,"",$H$22/$G$22) | Q17: =IF(P17="","",($P$17*1.1)) | R17: =IF($S$17="","",($S$17*0.9)) | S17: =IF($G22=0,"",$I$22/$G$22) | T17: =IF($S$17="","",($S$17*1.1)) | U17: =IF($V17="","",($V$17*0.9)) | V17: =IF($G22=0,"",$G$22/$J$22) | W17: =IF(V17="","",($V$17*1.1)) | AB17: =COUNTIF(AB23:AB247,"Data") -> 0
L18: "A" Section Test Results | O18: "B" Section Test Results
A19: =A12-A14 -> #VALUE! | C19: required | D19: required | E19: required | G19: required | X19: =SUM($X$23:$X$246) -> 0 | Y19: =SUM($Y$23:$Y$246) -> 0 | Z19: =SUM($Z$23:$Z$246) -> 0 | AA19: =SUM($AA$23:$AA$246) -> 0 | AB19: Blank field Calc
B20: # | C20: Campus # | D20: Campus Name | E20: Title I, Part A or Skipped Campus? (enter Y for Yes leave blank for No) | G20: Campus Enrollment | H20: Campus State/Local Expenditures | I20: Campus Base Salaries for Non-Federal Instructional Staff | J20: Campus Non Federal Instructional Staff FTE's | L20: TEST 1 | M20: TEST 2 | N20: TEST 3 | O20: TEST 1 | R20: TEST 2 | U20: TEST 3 | X20: Non Title I GS Enrollment | Y20: Non Title I GS State/Local Expenditures | Z20: Non Title I GS Base Salaries for Non-Federal Instructional Staff | AA20: Non Title I GS Non Federal Instructional Staff FTE's | AB20: =IF(L11>AB17,"Yes","No") -> No
A21: Difference between "Campus count" and "Title 1, Part A or Skipped count" | L21: Exp / Enroll | M21: Base Sal / Enroll | N21: Enroll / FTE's | O21: Comp or NC | P21: Campus State & Local Expenditures per Pupil | Q21: Campus to GS Base | R21: Comp or NC | S21: Campus Base Salary per Pupil | T21: Campus to GS Base | U21: Comp or NC | V21: Campus Pupil per FTEs | W21: Campus to GS Base
A22: =A15-A17 -> 0 | E22: Grade Span Totals | G22: =SUM($G23:$G247) -> 0 | H22: =SUM($H23:$H247) -> 0 | I22: =SUM($I23:$I247) -> 0 | J22: =SUM(J23:J247) -> 0 | L22: =IF( $AB$20="No","",SUM($Y23:$Y246)/SUM($X23:$X246)*0.9) | M22: =IF( $AB$20="No","",SUM($Z23:$Z246)/SUM($X23:$X246)*0.9) | N22: =IF( $AB$20="No","",SUM($X23:$X246)/SUM($AA23:$AA246)*1.1) | P22: =IF( $J$5="","",AVERAGE(P23:P246)) -> #DIV/0! | S22: =IF($J$5="","",AVERAGE(S23:S246)) -> #DIV/0! | V22: =IF($J$5="","",AVERAGE(V23:V246)) -> #DIV/0! | X22: =SUM($X$23:$X$246) -> 0 | Y22: =SUM($Y$23:$Y$246) -> 0 | Z22: =SUM($Z$23:$Z$246) -> 0 | AA22: =SUM($AA$23:$AA$246) -> 0 | AB22: Blank field Calc
B23: 1 | L23: =IF($Y$22=0,"",IF($AB23="Empty","",IF($H23="","",IF($G23="","",IF($H23/$G23>=$L$22,"yes","NC"))))) | M23: =IF($Z$22=0,"",IF($AB23="Empty","",IF($I23="","",IF($I23="","",IF($I23/$G23>=$M$22,"yes","NC"))))) | N23: =IF($AA$22=0,"",IF($AB23="Empty","",IF($J23="","",IF($J23="","",IF($G23/$J23<=$N$22,"yes","NC"))))) | O23: =IF($AB$20="Yes","",IF($AB23="Empty","",IF($P$17="","",IF(OR($P23<$O$17,$P23>$Q$17),"NC","yes")))) | P23: =IF($AB$20="Yes","",IF($AB23="Empty","",$H23/$G23)) | Q23: =IF($AB$20="Yes","",IF($AB23="Empty","",IF(O23="yes",($P23/$P$17),IF(OR($P23<$O$17,$P23>$Q$17),($P23/$P$17))))) | R23: =IF($AB$20="Yes","",IF($AB23="Empty","",IF($S$17="","",IF(OR($S23<$R$17,$S23>$T$17),"NC","yes")))) | S23: =IF($AB$20="Yes","",IF($AB23="Empty","",$I23/$G23)) | T23: =IF($AB$20="Yes","",IF($AB23="Empty","",IF(R23="yes",($S23/$S$17),IF(OR($S23>$R$17,$S23<$T$17),($S23/$S$17))))) | U23: =IF($AB$20="Yes","",IF($AB23="Empty","",IF($V$17="","",IF(OR($V23<$U$17,V23>$W$17),"NC","yes")))) | V23: =IF($AB$20="Yes","",IF($AB23="Empty","",$G23/$J23)) | W23: =IF($AB$20="Yes","",IF($AB23="Empty","",IF(U23="yes",(V23/V$17),IF(OR(V23<$U$17,V23>W$17),(V23/V$17))))) | X23: =IF($AC23="empty","",IF($AB23="Empty",$G23,"")) | Y23: =IF($AC23="empty","",IF($AB23="Empty",$H23,"")) | Z23: =IF($AC23="empty","",IF($AB23="Empty",$I23,"")) | AA23: =IF($AC23="empty","",IF($AB23="Empty",$J23,"")) | AB23: =IF(E23<>"y","Empty","Data") -> Empty | AC23: =IF(D23="","empty","data") -> empty | AG23: Elem. Grade Span Group
B24: 2 | L24: =IF($Y$22=0,"",IF($AB24="Empty","",IF($H24="","",IF($G24="","",IF($H24/$G24>=$L$22,"yes","NC"))))) | M24: =IF($Z$22=0,"",IF($AB24="Empty","",IF($I24="","",IF($I24="","",IF($I24/$G24>=$M$22,"yes","NC"))))) | N24: =IF($AA$22=0,"",IF($AB24="Empty","",IF($J24="","",IF($J24="","",IF($G24/$J24<=$N$22,"yes","NC"))))) | O24: =IF($AB$20="Yes","",IF($AB24="Empty","",IF($P$17="","",IF(OR($P24<$O$17,$P24>$Q$17),"NC","yes")))) | P24: =IF($AB$20="Yes","",IF($AB24="Empty","",$H24/$G24)) | Q24: =IF($AB$20="Yes","",IF($AB24="Empty","",IF(O24="yes",($P24/$P$17),IF(OR($P24<$O$17,$P24>$Q$17),($P24/$P$17))))) | R24: =IF($AB$20="Yes","",IF($AB24="Empty","",IF($S$17="","",IF(OR($S24<$R$17,$S24>$T$17),"NC","yes")))) | S24: =IF($AB$20="Yes","",IF($AB24="Empty","",$I24/$G24)) | T24: =IF($AB$20="Yes","",IF($AB24="Empty","",IF(R24="yes",($S24/$S$17),IF(OR($S24>$R$17,$S24<$T$17),($S24/$S$17))))) | U24: =IF($AB$20="Yes","",IF($AB24="Empty","",IF($V$17="","",IF(OR($V24<$U$17,V24>$W$17),"NC","yes")))) | V24: =IF($AB$20="Yes","",IF($AB24="Empty","",$G24/$J24)) | W24: =IF($AB$20="Yes","",IF($AB24="Empty","",IF(U24="yes",(V24/V$17),IF(OR(V24<$U$17,V24>W$17),(V24/V$17))))) | X24: =IF($AC24="empty","",IF($AB24="Empty",$G24,"")) | Y24: =IF($AC24="empty","",IF($AB24="Empty",$H24,"")) | Z24: =IF($AC24="empty","",IF($AB24="Empty",$I24,"")) | AA24: =IF($AC24="empty","",IF($AB24="Empty",$J24,"")) | AB24: =IF(E24<>"y","Empty","Data") -> Empty | AC24: =IF(D24="","empty","data") -> empty | AG24: Middle Grade Span Group
B25: 3 | L25: =IF($Y$22=0,"",IF($AB25="Empty","",IF($H25="","",IF($G25="","",IF($H25/$G25>=$L$22,"yes","NC"))))) | M25: =IF($Z$22=0,"",IF($AB25="Empty","",IF($I25="","",IF($I25="","",IF($I25/$G25>=$M$22,"yes","NC"))))) | N25: =IF($AA$22=0,"",IF($AB25="Empty","",IF($J25="","",IF($J25="","",IF($G25/$J25<=$N$22,"yes","NC"))))) | O25: =IF($AB$20="Yes","",IF($AB25="Empty","",IF($P$17="","",IF(OR($P25<$O$17,$P25>$Q$17),"NC","yes")))) | P25: =IF($AB$20="Yes","",IF($AB25="Empty","",$H25/$G25)) | Q25: =IF($AB$20="Yes","",IF($AB25="Empty","",IF(O25="yes",($P25/$P$17),IF(OR($P25<$O$17,$P25>$Q$17),($P25/$P$17))))) | R25: =IF($AB$20="Yes","",IF($AB25="Empty","",IF($S$17="","",IF(OR($S25<$R$17,$S25>$T$17),"NC","yes")))) | S25: =IF($AB$20="Yes","",IF($AB25="Empty","",$I25/$G25)) | T25: =IF($AB$20="Yes","",IF($AB25="Empty","",IF(R25="yes",($S25/$S$17),IF(OR($S25>$R$17,$S25<$T$17),($S25/$S$17))))) | U25: =IF($AB$20="Yes","",IF($AB25="Empty","",IF($V$17="","",IF(OR($V25<$U$17,V25>$W$17),"NC","yes")))) | V25: =IF($AB$20="Yes","",IF($AB25="Empty","",$G25/$J25)) | W25: =IF($AB$20="Yes","",IF($AB25="Empty","",IF(U25="yes",(V25/V$17),IF(OR(V25<$U$17,V25>W$17),(V25/V$17))))) | X25: =IF($AC25="empty","",IF($AB25="Empty",$G25,"")) | Y25: =IF($AC25="empty","",IF($AB25="Empty",$H25,"")) | Z25: =IF($AC25="empty","",IF($AB25="Empty",$I25,"")) | AA25: =IF($AC25="empty","",IF($AB25="Empty",$J25,"")) | AB25: =IF(E25<>"y","Empty","Data") -> Empty | AC25: =IF(D25="","empty","data") -> empty | AG25: High Grade Span Group
B26: 4 | L26: =IF($Y$22=0,"",IF($AB26="Empty","",IF($H26="","",IF($G26="","",IF($H26/$G26>=$L$22,"yes","NC"))))) | M26: =IF($Z$22=0,"",IF($AB26="Empty","",IF($I26="","",IF($I26="","",IF($I26/$G26>=$M$22,"yes","NC"))))) | N26: =IF($AA$22=0,"",IF($AB26="Empty","",IF($J26="","",IF($J26="","",IF($G26/$J26<=$N$22,"yes","NC"))))) | O26: =IF($AB$20="Yes","",IF($AB26="Empty","",IF($P$17="","",IF(OR($P26<$O$17,$P26>$Q$17),"NC","yes")))) | P26: =IF($AB$20="Yes","",IF($AB26="Empty","",$H26/$G26)) | Q26: =IF($AB$20="Yes","",IF($AB26="Empty","",IF(O26="yes",($P26/$P$17),IF(OR($P26<$O$17,$P26>$Q$17),($P26/$P$17))))) | R26: =IF($AB$20="Yes","",IF($AB26="Empty","",IF($S$17="","",IF(OR($S26<$R$17,$S26>$T$17),"NC","yes")))) | S26: =IF($AB$20="Yes","",IF($AB26="Empty","",$I26/$G26)) | T26: =IF($AB$20="Yes","",IF($AB26="Empty","",IF(R26="yes",($S26/$S$17),IF(OR($S26>$R$17,$S26<$T$17),($S26/$S$17))))) | U26: =IF($AB$20="Yes","",IF($AB26="Empty","",IF($V$17="","",IF(OR($V26<$U$17,V26>$W$17),"NC","yes")))) | V26: =IF($AB$20="Yes","",IF($AB26="Empty","",$G26/$J26)) | W26: =IF($AB$20="Yes","",IF($AB26="Empty","",IF(U26="yes",(V26/V$17),IF(OR(V26<$U$17,V26>W$17),(V26/V$17))))) | X26: =IF($AC26="empty","",IF($AB26="Empty",$G26,"")) | Y26: =IF($AC26="empty","",IF($AB26="Empty",$H26,"")) | Z26: =IF($AC26="empty","",IF($AB26="Empty",$I26,"")) | AA26: =IF($AC26="empty","",IF($AB26="Empty",$J26,"")) | AB26: =IF(E26<>"y","Empty","Data") -> Empty | AC26: =IF(D26="","empty","data") -> empty | AG26: Elem. Grade Span Group/Low
B27: 5 | L27: =IF($Y$22=0,"",IF($AB27="Empty","",IF($H27="","",IF($G27="","",IF($H27/$G27>=$L$22,"yes","NC"))))) | M27: =IF($Z$22=0,"",IF($AB27="Empty","",IF($I27="","",IF($I27="","",IF($I27/$G27>=$M$22,"yes","NC"))))) | N27: =IF($AA$22=0,"",IF($AB27="Empty","",IF($J27="","",IF($J27="","",IF($G27/$J27<=$N$22,"yes","NC"))))) | O27: =IF($AB$20="Yes","",IF($AB27="Empty","",IF($P$17="","",IF(OR($P27<$O$17,$P27>$Q$17),"NC","yes")))) | P27: =IF($AB$20="Yes","",IF($AB27="Empty","",$H27/$G27)) | Q27: =IF($AB$20="Yes","",IF($AB27="Empty","",IF(O27="yes",($P27/$P$17),IF(OR($P27<$O$17,$P27>$Q$17),($P27/$P$17))))) | R27: =IF($AB$20="Yes","",IF($AB27="Empty","",IF($S$17="","",IF(OR($S27<$R$17,$S27>$T$17),"NC","yes")))) | S27: =IF($AB$20="Yes","",IF($AB27="Empty","",$I27/$G27)) | T27: =IF($AB$20="Yes","",IF($AB27="Empty","",IF(R27="yes",($S27/$S$17),IF(OR($S27>$R$17,$S27<$T$17),($S27/$S$17))))) | U27: =IF($AB$20="Yes","",IF($AB27="Empty","",IF($V$17="","",IF(OR($V27<$U$17,V27>$W$17),"NC","yes")))) | V27: =IF($AB$20="Yes","",IF($AB27="Empty","",$G27/$J27)) | W27: =IF($AB$20="Yes","",IF($AB27="Empty","",IF(U27="yes",(V27/V$17),IF(OR(V27<$U$17,V27>W$17),(V27/V$17))))) | X27: =IF($AC27="empty","",IF($AB27="Empty",$G27,"")) | Y27: =IF($AC27="empty","",IF($AB27="Empty",$H27,"")) | Z27: =IF($AC27="empty","",IF($AB27="Empty",$I27,"")) | AA27: =IF($AC27="empty","",IF($AB27="Empty",$J27,"")) | AB27: =IF(E27<>"y","Empty","Data") -> Empty | AC27: =IF(D27="","empty","data") -> empty | AG27: Elem. Grade Span Group/High
B28: 6 | L28: =IF($Y$22=0,"",IF($AB28="Empty","",IF($H28="","",IF($G28="","",IF($H28/$G28>=$L$22,"yes","NC"))))) | M28: =IF($Z$22=0,"",IF($AB28="Empty","",IF($I28="","",IF($I28="","",IF($I28/$G28>=$M$22,"yes","NC"))))) | N28: =IF($AA$22=0,"",IF($AB28="Empty","",IF($J28="","",IF($J28="","",IF($G28/$J28<=$N$22,"yes","NC"))))) | O28: =IF($AB$20="Yes","",IF($AB28="Empty","",IF($P$17="","",IF(OR($P28<$O$17,$P28>$Q$17),"NC","yes")))) | P28: =IF($AB$20="Yes","",IF($AB28="Empty","",$H28/$G28)) | Q28: =IF($AB$20="Yes","",IF($AB28="Empty","",IF(O28="yes",($P28/$P$17),IF(OR($P28<$O$17,$P28>$Q$17),($P28/$P$17))))) | R28: =IF($AB$20="Yes","",IF($AB28="Empty","",IF($S$17="","",IF(OR($S28<$R$17,$S28>$T$17),"NC","yes")))) | S28: =IF($AB$20="Yes","",IF($AB28="Empty","",$I28/$G28)) | T28: =IF($AB$20="Yes","",IF($AB28="Empty","",IF(R28="yes",($S28/$S$17),IF(OR($S28>$R$17,$S28<$T$17),($S28/$S$17))))) | U28: =IF($AB$20="Yes","",IF($AB28="Empty","",IF($V$17="","",IF(OR($V28<$U$17,V28>$W$17),"NC","yes")))) | V28: =IF($AB$20="Yes","",IF($AB28="Empty","",$G28/$J28)) | W28: =IF($AB$20="Yes","",IF($AB28="Empty","",IF(U28="yes",(V28/V$17),IF(OR(V28<$U$17,V28>W$17),(V28/V$17))))) | X28: =IF($AC28="empty","",IF($AB28="Empty",$G28,"")) | Y28: =IF($AC28="empty","",IF($AB28="Empty",$H28,"")) | Z28: =IF($AC28="empty","",IF($AB28="Empty",$I28,"")) | AA28: =IF($AC28="empty","",IF($AB28="Empty",$J28,"")) | AB28: =IF(E28<>"y","Empty","Data") -> Empty | AC28: =IF(D28="","empty","data") -> empty | AG28: Middle Grade Span Group/Low
B29: 7 | L29: =IF($Y$22=0,"",IF($AB29="Empty","",IF($H29="","",IF($G29="","",IF($H29/$G29>=$L$22,"yes","NC"))))) | M29: =IF($Z$22=0,"",IF($AB29="Empty","",IF($I29="","",IF($I29="","",IF($I29/$G29>=$M$22,"yes","NC"))))) | N29: =IF($AA$22=0,"",IF($AB29="Empty","",IF($J29="","",IF($J29="","",IF($G29/$J29<=$N$22,"yes","NC"))))) | O29: =IF($AB$20="Yes","",IF($AB29="Empty","",IF($P$17="","",IF(OR($P29<$O$17,$P29>$Q$17),"NC","yes")))) | P29: =IF($AB$20="Yes","",IF($AB29="Empty","",$H29/$G29)) | Q29: =IF($AB$20="Yes","",IF($AB29="Empty","",IF(O29="yes",($P29/$P$17),IF(OR($P29<$O$17,$P29>$Q$17),($P29/$P$17))))) | R29: =IF($AB$20="Yes","",IF($AB29="Empty","",IF($S$17="","",IF(OR($S29<$R$17,$S29>$T$17),"NC","yes")))) | S29: =IF($AB$20="Yes","",IF($AB29="Empty","",$I29/$G29)) | T29: =IF($AB$20="Yes","",IF($AB29="Empty","",IF(R29="yes",($S29/$S$17),IF(OR($S29>$R$17,$S29<$T$17),($S29/$S$17))))) | U29: =IF($AB$20="Yes","",IF($AB29="Empty","",IF($V$17="","",IF(OR($V29<$U$17,V29>$W$17),"NC","yes")))) | V29: =IF($AB$20="Yes","",IF($AB29="Empty","",$G29/$J29)) | W29: =IF($AB$20="Yes","",IF($AB29="Empty","",IF(U29="yes",(V29/V$17),IF(OR(V29<$U$17,V29>W$17),(V29/V$17))))) | X29: =IF($AC29="empty","",IF($AB29="Empty",$G29,"")) | Y29: =IF($AC29="empty","",IF($AB29="Empty",$H29,"")) | Z29: =IF($AC29="empty","",IF($AB29="Empty",$I29,"")) | AA29: =IF($AC29="empty","",IF($AB29="Empty",$J29,"")) | AB29: =IF(E29<>"y","Empty","Data") -> Empty | AC29: =IF(D29="","empty","data") -> empty | AG29: Middle Grade Span Group/High
B30: 8 | L30: =IF($Y$22=0,"",IF($AB30="Empty","",IF($H30="","",IF($G30="","",IF($H30/$G30>=$L$22,"yes","NC"))))) | M30: =IF($Z$22=0,"",IF($AB30="Empty","",IF($I30="","",IF($I30="","",IF($I30/$G30>=$M$22,"yes","NC"))))) | N30: =IF($AA$22=0,"",IF($AB30="Empty","",IF($J30="","",IF($J30="","",IF($G30/$J30<=$N$22,"yes","NC"))))) | O30: =IF($AB$20="Yes","",IF($AB30="Empty","",IF($P$17="","",IF(OR($P30<$O$17,$P30>$Q$17),"NC","yes")))) | P30: =IF($AB$20="Yes","",IF($AB30="Empty","",$H30/$G30)) | Q30: =IF($AB$20="Yes","",IF($AB30="Empty","",IF(O30="yes",($P30/$P$17),IF(OR($P30<$O$17,$P30>$Q$17),($P30/$P$17))))) | R30: =IF($AB$20="Yes","",IF($AB30="Empty","",IF($S$17="","",IF(OR($S30<$R$17,$S30>$T$17),"NC","yes")))) | S30: =IF($AB$20="Yes","",IF($AB30="Empty","",$I30/$G30)) | T30: =IF($AB$20="Yes","",IF($AB30="Empty","",IF(R30="yes",($S30/$S$17),IF(OR($S30>$R$17,$S30<$T$17),($S30/$S$17))))) | U30: =IF($AB$20="Yes","",IF($AB30="Empty","",IF($V$17="","",IF(OR($V30<$U$17,V30>$W$17),"NC","yes")))) | V30: =IF($AB$20="Yes","",IF($AB30="Empty","",$G30/$J30)) | W30: =IF($AB$20="Yes","",IF($AB30="Empty","",IF(U30="yes",(V30/V$17),IF(OR(V30<$U$17,V30>W$17),(V30/V$17))))) | X30: =IF($AC30="empty","",IF($AB30="Empty",$G30,"")) | Y30: =IF($AC30="empty","",IF($AB30="Empty",$H30,"")) | Z30: =IF($AC30="empty","",IF($AB30="Empty",$I30,"")) | AA30: =IF($AC30="empty","",IF($AB30="Empty",$J30,"")) | AB30: =IF(E30<>"y","Empty","Data") -> Empty | AC30: =IF(D30="","empty","data") -> empty | AG30: High Grade Span Group/Low
B31: 9 | L31: =IF($Y$22=0,"",IF($AB31="Empty","",IF($H31="","",IF($G31="","",IF($H31/$G31>=$L$22,"yes","NC"))))) | M31: =IF($Z$22=0,"",IF($AB31="Empty","",IF($I31="","",IF($I31="","",IF($I31/$G31>=$M$22,"yes","NC"))))) | N31: =IF($AA$22=0,"",IF($AB31="Empty","",IF($J31="","",IF($J31="","",IF($G31/$J31<=$N$22,"yes","NC"))))) | O31: =IF($AB$20="Yes","",IF($AB31="Empty","",IF($P$17="","",IF(OR($P31<$O$17,$P31>$Q$17),"NC","yes")))) | P31: =IF($AB$20="Yes","",IF($AB31="Empty","",$H31/$G31)) | Q31: =IF($AB$20="Yes","",IF($AB31="Empty","",IF(O31="yes",($P31/$P$17),IF(OR($P31<$O$17,$P31>$Q$17),($P31/$P$17))))) | R31: =IF($AB$20="Yes","",IF($AB31="Empty","",IF($S$17="","",IF(OR($S31<$R$17,$S31>$T$17),"NC","yes")))) | S31: =IF($AB$20="Yes","",IF($AB31="Empty","",$I31/$G31)) | T31: =IF($AB$20="Yes","",IF($AB31="Empty","",IF(R31="yes",($S31/$S$17),IF(OR($S31>$R$17,$S31<$T$17),($S31/$S$17))))) | U31: =IF($AB$20="Yes","",IF($AB31="Empty","",IF($V$17="","",IF(OR($V31<$U$17,V31>$W$17),"NC","yes")))) | V31: =IF($AB$20="Yes","",IF($AB31="Empty","",$G31/$J31)) | W31: =IF($AB$20="Yes","",IF($AB31="Empty","",IF(U31="yes",(V31/V$17),IF(OR(V31<$U$17,V31>W$17),(V31/V$17))))) | X31: =IF($AC31="empty","",IF($AB31="Empty",$G31,"")) | Y31: =IF($AC31="empty","",IF($AB31="Empty",$H31,"")) | Z31: =IF($AC31="empty","",IF($AB31="Empty",$I31,"")) | AA31: =IF($AC31="empty","",IF($AB31="Empty",$J31,"")) | AB31: =IF(E31<>"y","Empty","Data") -> Empty | AC31: =IF(D31="","empty","data") -> empty | AG31: High Grade Span Group/High
B32: 10 | L32: =IF($Y$22=0,"",IF($AB32="Empty","",IF($H32="","",IF($G32="","",IF($H32/$G32>=$L$22,"yes","NC"))))) | M32: =IF($Z$22=0,"",IF($AB32="Empty","",IF($I32="","",IF($I32="","",IF($I32/$G32>=$M$22,"yes","NC"))))) | N32: =IF($AA$22=0,"",IF($AB32="Empty","",IF($J32="","",IF($J32="","",IF($G32/$J32<=$N$22,"yes","NC"))))) | O32: =IF($AB$20="Yes","",IF($AB32="Empty","",IF($P$17="","",IF(OR($P32<$O$17,$P32>$Q$17),"NC","yes")))) | P32: =IF($AB$20="Yes","",IF($AB32="Empty","",$H32/$G32)) | Q32: =IF($AB$20="Yes","",IF($AB32="Empty","",IF(O32="yes",($P32/$P$17),IF(OR($P32<$O$17,$P32>$Q$17),($P32/$P$17))))) | R32: =IF($AB$20="Yes","",IF($AB32="Empty","",IF($S$17="","",IF(OR($S32<$R$17,$S32>$T$17),"NC","yes")))) | S32: =IF($AB$20="Yes","",IF($AB32="Empty","",$I32/$G32)) | T32: =IF($AB$20="Yes","",IF($AB32="Empty","",IF(R32="yes",($S32/$S$17),IF(OR($S32>$R$17,$S32<$T$17),($S32/$S$17))))) | U32: =IF($AB$20="Yes","",IF($AB32="Empty","",IF($V$17="","",IF(OR($V32<$U$17,V32>$W$17),"NC","yes")))) | V32: =IF($AB$20="Yes","",IF($AB32="Empty","",$G32/$J32)) | W32: =IF($AB$20="Yes","",IF($AB32="Empty","",IF(U32="yes",(V32/V$17),IF(OR(V32<$U$17,V32>W$17),(V32/V$17))))) | X32: =IF($AC32="empty","",IF($AB32="Empty",$G32,"")) | Y32: =IF($AC32="empty","",IF($AB32="Empty",$H32,"")) | Z32: =IF($AC32="empty","",IF($AB32="Empty",$I32,"")) | AA32: =IF($AC32="empty","",IF($AB32="Empty",$J32,"")) | AB32: =IF(E32<>"y","Empty","Data") -> Empty | AC32: =IF(D32="","empty","data") -> empty
